Workbook
Name \c: #REF!
Name \c: #REF!
Name \c: #REF!
Name \c: #REF!
Name \c: #REF!
Name \c: #REF!
Name \c: #REF!
Name \p: #REF!
Name \p: #REF!
Name \p: #REF!
Name \p: #REF!
Name \p: #REF!
Name _3: #REF!
Name _3: #REF!
Name _3: #REF!
Name _3: #REF!
Name _3: #REF!
Name a: #REF!
Name a: #REF!
Name a: #REF!
Name a: #REF!
Name a: #REF!
Name a: #REF!
Name adfhdfhsd: #REF!
Name adfhdfhsd: #REF!
Name adfhdfhsd: #REF!
Name adfhdfhsd: #REF!
Name Bananas: #REF!
Name BOLETIM: #REF!
Name BOLETIM: #REF!
Name BOLETIM: #REF!
Name comp: #REF!
Name comp: #REF!
Name comp: #REF!
Name CONTRATO: #REF!
Name Cronograma: #REF!
Name des: #REF!
Name des: #REF!
Name des: #REF!
Name des: #REF!
Name des: #REF!
Name dghdfhsdf: #REF!
Name dghdfhsdf: #REF!
Name dghdfhsdf: #REF!
Name dghdfhsdf: #REF!
Name dsghnfxgvnjxf: #REF!
Name dsghnfxgvnjxf: #REF!
Name dsghnfxgvnjxf: #REF!
Name dsghnfxgvnjxf: #REF!
Name Eu: #REF!
Name Eu: #REF!
Name Eu: #REF!
Name Eu: #REF!
Name Eu: #REF!
Name Eu: #REF!
Name Eu: #REF!
Name extenção: #REF!
Name extenção: #REF!
Name fhdfhsfd: #REF!
Name fhdfhsfd: #REF!

Sheet PAINEL

Sheet Curva ABC
A1: =Orçamento_Não_Deson!B1 -> PREFEITURA MUNICIPAL DE CAMPO GRANDE - MS | K1: a | L1: TUTORIAL:
A2: =Orçamento_Não_Deson!B2 -> SECRETARIA MUNICIPAL DE INFRAESTRUTURA E SERVIÇOS PÚBLICOS - SISEP | K2: a | L2: 1. COPIAR PLANILHA DE ORÇAMENTO PARA A PASTA "Orçamento Auxiliar" as colunas: código, discriminação, unid., quant., precço unitário, preço total. Usar filtro para copiar somente linhas com valores. Linhas contendo uma célula vazia não devem ser copiada;
K3: a | L3: 2. NA PASTA "Orçamento auxiliar" INSERIR TABELA DINÂMICA
A4: =Orçamento_Não_Deson!B4 -> 0 | B4: =Orçamento_Não_Deson!C4 -> 0 | K4: a | L4: 3. NA PASTA "PlanilhaY" (PLANILHA DINÂMICA) CRIAR A PLANILHA COM AS 4 COLUNAS SEGUINTES:
A5: =Orçamento_Não_Deson!B5 -> OBRA : | B5: =Orçamento_Não_Deson!C5 -> INFRAESTRUTURA URBANA - PAVIMENTAÇÃO ASFÁLTICA E DRENAGEM DE ÁGUAS PLUVIAIS | F5: DATA BASE: | G5: =Orçamento_Não_Deson!J1 -> Agosto/2023 | K5: a
A6: =Orçamento_Não_Deson!B6 -> LOCAL : | B6: =Orçamento_Não_Deson!C6 -> JARDIM NASHIVILLE - ETAPA "B" - FASE 2 | F6: E.S.S.M.O.: | G6: =Orçamento_Não_Deson!$J$2 -> NÃO DESONERADA | K6: a | L6: 4. NA COLUNA "D" (PREÇO TOTAL R$) CLICAR COM TECLA DIREITA DO MOUSE E CLASSIFICAR Z P/ A↓
A7: =Orçamento_Não_Deson!B7 -> MUNICÍPIO : | B7: =Orçamento_Não_Deson!C7 -> CAMPO GRANDE / MS | K7: a | L7: 5. NA PASTA "Pareto" OBSERVAR SE O GRÁFICO ESTÁ CORRETO
I8: A | J8: 0.8 | K8: a
I9: B | J9: 0.95 | K9: a
A10: CURVA ABC | I10: C | J10: 1 | K10: a
K11: a
A12: CÓDIGO | B12: DISCRIMINAÇÃO | C12: UNID. | D12: Nº REPETIÇÕES | E12: QUANT. | F12: PREÇO UNITÁRIO (R$) | G12: PREÇO TOTAL (R$) | H12: PARCIAL (%) | I12: Σ (%) | J12: CLASSIFICAÇÃO
B13: TOTAL GERAL | D13: =SUM(D14:D102) -> 107 | G13: =SUM(G14:G102) -> 3681004.5 | H13: =IF(G13=Orçamento_Não_Deson!J12,"","ERRO SOMATÓRIO") -> ERRO SOMATÓRIO | J13: =G13-Orçamento_Não_Deson!J12 -> 1948.95 | K13: a
A14: =Planilha6!A4 -> PA/0040 | B14: =VLOOKUP($A14,'Orçamento auxliar'!A:F,2,0) -> Construção de pavimento com aplicação de concreto betuminoso usinado à quente (CBUQ - faixa C - CAP 30/45 - usina comercial), camada de rolamento, exclusive transporte da mistura (REF. SINAPI COD. 95995) | C14: =VLOOKUP($A14,'Orçamento auxliar'!A:F,3,0) -> M3 | D14: =VLOOKUP($A14,Planilha6!$A:$D,2,0) -> 1 | E14: =VLOOKUP($A14,Planilha6!$A:$D,3,0) -> 439.39 | F14: =VLOOKUP($A14,'Orçamento auxliar'!A:F,5,0) -> 1980.23 | G14: =VLOOKUP($A14,Planilha6!$A:$E,4,0) -> 870093.25 | H14: =G14/$G$13 -> 0.23637386 | I14: =I13+H14 -> 0.23637386 | J14: =IF(I14<=$J$8,$I$8,IF(I14<=$J$9,$I$9,$I$10)) -> A | K14: a
A15: =Planilha6!A5 -> 95876 | B15: =VLOOKUP($A15,'Orçamento auxliar'!A:F,2,0) -> Transporte com caminhão basculante de 14 m3, em via urbana pavimentada, DMT até 30,00 km (unidade: m3xkm). AF_07/2020 | C15: =VLOOKUP($A15,'Orçamento auxliar'!A:F,3,0) -> M3XKM | D15: =VLOOKUP($A15,Planilha6!$A:$D,2,0) -> 10 | E15: =VLOOKUP($A15,Planilha6!$A:$D,3,0) -> 182639.55 | F15: =VLOOKUP($A15,'Orçamento auxliar'!A:F,5,0) -> 2.52 | G15: =VLOOKUP($A15,Planilha6!$A:$E,4,0) -> 460251.64 | H15: =G15/$G$13 -> 0.12503425 | I15: =I14+H15 -> 0.36140811 | J15: =IF(I15<=$J$8,$I$8,IF(I15<=$J$9,$I$9,$I$10)) -> A | K15: a
A16: =Planilha6!A6 -> 4748 | B16: =VLOOKUP($A16,'Orçamento auxliar'!A:F,2,0) -> Pedra britada ou bica corrida, não classificada (posto pedreira/fornecedor, sem frete) | C16: =VLOOKUP($A16,'Orçamento auxliar'!A:F,3,0) -> M3 | D16: =VLOOKUP($A16,Planilha6!$A:$D,2,0) -> 2 | E16: =VLOOKUP($A16,Planilha6!$A:$D,3,0) -> 3400.47 | F16: =VLOOKUP($A16,'Orçamento auxliar'!A:F,5,0) -> 111.21 | G16: =VLOOKUP($A16,Planilha6!$A:$E,4,0) -> 378166.26 | H16: =G16/$G$13 -> 0.10273453 | I16: =I15+H16 -> 0.46414264 | J16: =IF(I16<=$J$8,$I$8,IF(I16<=$J$9,$I$9,$I$10)) -> A | K16: a
A17: =Planilha6!A7 -> 94991 | B17: =VLOOKUP($A17,'Orçamento auxliar'!A:F,2,0) -> Execução de passeio (calçada) ou piso de concreto com concreto moldado in loco, usinado, acabamento convencional, não armado. AF_07/2016 | C17: =VLOOKUP($A17,'Orçamento auxliar'!A:F,3,0) -> M3 | D17: =VLOOKUP($A17,Planilha6!$A:$D,2,0) -> 1 | E17: =VLOOKUP($A17,Planilha6!$A:$D,3,0) -> 371.45 | F17: =VLOOKUP($A17,'Orçamento auxliar'!A:F,5,0) -> 946.43 | G17: =VLOOKUP($A17,Planilha6!$A:$E,4,0) -> 351551.42 | H17: =G17/$G$13 -> 0.095504207 | I17: =I16+H17 -> 0.55964684 | J17: =IF(I17<=$J$8,$I$8,IF(I17<=$J$9,$I$9,$I$10)) -> A | K17: a
A18: =Planilha6!A8 -> SC/0005 | B18: =VLOOKUP($A18,'Orçamento auxliar'!A:F,2,0) -> Meio-fio (guia) com sarjeta, concreto FCK = 15mpa, seção 615 cm², moldado no local, inclusive escavação e pintura a cal em uma demão | C18: =VLOOKUP($A18,'Orçamento auxliar'!A:F,3,0) -> M | D18: =VLOOKUP($A18,Planilha6!$A:$D,2,0) -> 1 | E18: =VLOOKUP($A18,Planilha6!$A:$D,3,0) -> 3392.16 | F18: =VLOOKUP($A18,'Orçamento auxliar'!A:F,5,0) -> 65.92 | G18: =VLOOKUP($A18,Planilha6!$A:$E,4,0) -> 223611.18 | H18: =G18/$G$13 -> 0.060747325 | I18: =I17+H18 -> 0.62039417 | J18: =IF(I18<=$J$8,$I$8,IF(I18<=$J$9,$I$9,$I$10)) -> A | K18: a
A19: =Planilha6!A9 -> CPU Adm Local | B19: =VLOOKUP($A19,'Orçamento auxliar'!A:F,2,0) -> Administração local do canteiro de obras | C19: =VLOOKUP($A19,'Orçamento auxliar'!A:F,3,0) -> un | D19: =VLOOKUP($A19,Planilha6!$A:$D,2,0) -> 1 | E19: =VLOOKUP($A19,Planilha6!$A:$D,3,0) -> 1 | F19: =VLOOKUP($A19,'Orçamento auxliar'!A:F,5,0) -> 167267.7 | G19: =VLOOKUP($A19,Planilha6!$A:$E,4,0) -> 167267.7 | H19: =G19/$G$13 -> 0.045440775 | I19: =I18+H19 -> 0.66583495 | J19: =IF(I19<=$J$8,$I$8,IF(I19<=$J$9,$I$9,$I$10)) -> A | K19: a
A20: =Planilha6!A10 -> DR/0275 | B20: =VLOOKUP($A20,'Orçamento auxliar'!A:F,2,0) -> BLTC - Boca-de-lobo tripla em concreto simples FCK 20 mpa, incluindo forma, escavação, sarjeta de contorno (chama) em concreto e grelhas em F°F° tipo pesada, conforme projeto | C20: =VLOOKUP($A20,'Orçamento auxliar'!A:F,3,0) -> UN | D20: =VLOOKUP($A20,Planilha6!$A:$D,2,0) -> 1 | E20: =VLOOKUP($A20,Planilha6!$A:$D,3,0) -> 15 | F20: =VLOOKUP($A20,'Orçamento auxliar'!A:F,5,0) -> 5853.49 | G20: =VLOOKUP($A20,Planilha6!$A:$E,4,0) -> 87802.35 | H20: =G20/$G$13 -> 0.023852823 | I20: =I19+H20 -> 0.68968777 | J20: =IF(I20<=$J$8,$I$8,IF(I20<=$J$9,$I$9,$I$10)) -> A | K20: a
A21: =Planilha6!A11 -> 7750 | B21: =VLOOKUP($A21,'Orçamento auxliar'!A:F,2,0) -> Tubo de concreto armado para aguas pluviais, classe PA-1, com encaixe ponta e bolsa, diâmetro nominal de 0,80 m (533,00 kg/m) - Aquisição | C21: =VLOOKUP($A21,'Orçamento auxliar'!A:F,3,0) -> M | D21: =VLOOKUP($A21,Planilha6!$A:$D,2,0) -> 1 | E21: =VLOOKUP($A21,Planilha6!$A:$D,3,0) -> 181.3 | F21: =VLOOKUP($A21,'Orçamento auxliar'!A:F,5,0) -> 473.76 | G21: =VLOOKUP($A21,Planilha6!$A:$E,4,0) -> 85892.68 | H21: =G21/$G$13 -> 0.023334033 | I21: =I20+H21 -> 0.7130218 | J21: =IF(I21<=$J$8,$I$8,IF(I21<=$J$9,$I$9,$I$10)) -> A | K21: a
A22: =Planilha6!A12 -> DR/0135 | B22: =VLOOKUP($A22,'Orçamento auxliar'!A:F,2,0) -> PV-1 - Poço de Visita, com dimensões internas de 1,98m x 1,98m x 1,50m (bxbxh), em alvenaria de bloco de concreto estrutural FBK 14mpa, conforme projeto tipo. Exclusive pescoço e tampão | C22: =VLOOKUP($A22,'Orçamento auxliar'!A:F,3,0) -> UN | D22: =VLOOKUP($A22,Planilha6!$A:$D,2,0) -> 1 | E22: =VLOOKUP($A22,Planilha6!$A:$D,3,0) -> 10 | F22: =VLOOKUP($A22,'Orçamento auxliar'!A:F,5,0) -> 8128.28 | G22: =VLOOKUP($A22,Planilha6!$A:$E,4,0) -> 81282.8 | H22: =G22/$G$13 -> 0.02208169 | I22: =I21+H22 -> 0.73510349 | J22: =IF(I22<=$J$8,$I$8,IF(I22<=$J$9,$I$9,$I$10)) -> A | K22: a
A23: =Planilha6!A13 -> PA/0025 | B23: =VLOOKUP($A23,'Orçamento auxliar'!A:F,2,0) -> Imprimação da base, execução e fornecimento de emulsão asfáltica EAI (REF. SINAPI COD. 102470) | C23: =VLOOKUP($A23,'Orçamento auxliar'!A:F,3,0) -> M2 | D23: =VLOOKUP($A23,Planilha6!$A:$D,2,0) -> 2 | E23: =VLOOKUP($A23,Planilha6!$A:$D,3,0) -> 12688.17 | F23: =VLOOKUP($A23,'Orçamento auxliar'!A:F,5,0) -> 6.38 | G23: =VLOOKUP($A23,Planilha6!$A:$E,4,0) -> 80950.51 | H23: =G23/$G$13 -> 0.021991418 | I23: =I22+H23 -> 0.75709491 | J23: =IF(I23<=$J$8,$I$8,IF(I23<=$J$9,$I$9,$I$10)) -> A | K23: a
A24: =Planilha6!A14 -> PA/0021 | B24: =VLOOKUP($A24,'Orçamento auxliar'!A:F,2,0) -> Execução e compactação de base e ou sub-base, estabilizado granulometricamente, sem mistura, com material de jazida. Exclusive fornecimento e transporte (REF. SINAPI COD. 4011219) | C24: =VLOOKUP($A24,'Orçamento auxliar'!A:F,3,0) -> M3 | D24: =VLOOKUP($A24,Planilha6!$A:$D,2,0) -> 1 | E24: =VLOOKUP($A24,Planilha6!$A:$D,3,0) -> 2166.97 | F24: =VLOOKUP($A24,'Orçamento auxliar'!A:F,5,0) -> 23.33 | G24: =VLOOKUP($A24,Planilha6!$A:$E,4,0) -> 50555.41 | H24: =G24/$G$13 -> 0.013734134 | I24: =I23+H24 -> 0.77082904 | J24: =IF(I24<=$J$8,$I$8,IF(I24<=$J$9,$I$9,$I$10)) -> A | K24: a
A25: =Planilha6!A15 -> 100576 | B25: =VLOOKUP($A25,'Orçamento auxliar'!A:F,2,0) -> Regularização e compactação de subleito de solo predominantemente argiloso. AF_11/2019 | C25: =VLOOKUP($A25,'Orçamento auxliar'!A:F,3,0) -> M2 | D25: =VLOOKUP($A25,Planilha6!$A:$D,2,0) -> 1 | E25: =VLOOKUP($A25,Planilha6!$A:$D,3,0) -> 14446.49 | F25: =VLOOKUP($A25,'Orçamento auxliar'!A:F,5,0) -> 2.98 | G25: =VLOOKUP($A25,Planilha6!$A:$E,4,0) -> 43050.54 | H25: =G25/$G$13 -> 0.011695324 | I25: =I24+H25 -> 0.78252437 | J25: =IF(I25<=$J$8,$I$8,IF(I25<=$J$9,$I$9,$I$10)) -> A | K25: a
... A102: =Planilha6!A92 -> 90105 | B102: =VLOOKUP($A102,'Orçamento auxliar'!A:F,2,0) -> Escavação mecanizada de vala com profundidade até 1,50 m (média entre montante e jusante / uma composição por trecho) com retroescavadeira (capacidade da caçamba: 0,26 m3 / potência: 88 HP), largura menor que 0,80 m, em solo de 1a categoria, locais com baixo nível de interferência. AF_01/2015 | C102: =VLOOKUP($A102,'Orçamento auxliar'!A:F,3,0) -> M3 | D102: =VLOOKUP($A102,Planilha6!$A:$D,2,0) -> 1 | E102: =VLOOKUP($A102,Planilha6!$A:$D,3,0) -> 1.01 | F102: =VLOOKUP($A102,'Orçamento auxliar'!A:F,5,0) -> 10.39 | G102: =VLOOKUP($A102,Planilha6!$A:$E,4,0) -> 10.49 | H102: =G102/$G$13 -> 2.8497656e-06 | I102: =I101+H102 -> 1 | J102: =IF(I102<=$J$8,$I$8,IF(I102<=$J$9,$I$9,$I$10)) -> C | K102: a

Sheet Pareto
S4: =+Orçamento_Não_Deson!B1 -> PREFEITURA MUNICIPAL DE CAMPO GRANDE - MS
S5: =+Orçamento_Não_Deson!B2 -> SECRETARIA MUNICIPAL DE INFRAESTRUTURA E SERVIÇOS PÚBLICOS - SISEP
T6: =+Orçamento_Não_Deson!B5 -> OBRA : | U6: =+Orçamento_Não_Deson!C5 -> INFRAESTRUTURA URBANA - PAVIMENTAÇÃO ASFÁLTICA E DRENAGEM DE ÁGUAS PLUVIAIS
S7: =+Orçamento_Não_Deson!B6 -> LOCAL : | U7: =+Orçamento_Não_Deson!C6 -> JARDIM NASHIVILLE - ETAPA "B" - FASE 2

Sheet Planilha6
A3: Rótulos de Linha | B3: Contagem de QUANT. | C3: Soma de QUANT.2 | D3: Soma de PREÇO TOTAL (R$)
A4: PA/0040 | B4: 1 | C4: 439.39 | D4: 870093.25
A5: 95876 | B5: 10 | C5: 182639.55 | D5: 460251.64
A6: 4748 | B6: 2 | C6: 3400.47 | D6: 378166.26
A7: 94991 | B7: 1 | C7: 371.45 | D7: 351551.42
A8: SC/0005 | B8: 1 | C8: 3392.16 | D8: 223611.18
A9: CPU Adm Local | B9: 1 | C9: 1 | D9: 167267.7
A10: DR/0275 | B10: 1 | C10: 15 | D10: 87802.35
A11: 7750 | B11: 1 | C11: 181.3 | D11: 85892.68
A12: DR/0135 | B12: 1 | C12: 10 | D12: 81282.8
A13: PA/0025 | B13: 2 | C13: 12688.17 | D13: 80950.51
A14: PA/0021 | B14: 1 | C14: 2166.97 | D14: 50555.41
A15: 100576 | B15: 1 | C15: 14446.49 | D15: 43050.54
A16: PA/0005 | B16: 1 | C16: 5742.35 | D16: 41459.76
A17: PA/0020 | B17: 2 | C17: 2473.06 | D17: 40533.44
A18: PA/0023 | B18: 1 | C18: 12682.57 | D18: 38808.66
A19: 95879 | B19: 2 | C19: 21336.43 | D19: 36271.92
A20: SC/0082 | B20: 1 | C20: 1338.35 | D20: 35948.08
A21: 101230 | B21: 1 | C21: 2708.72 | D21: 35511.31
A22: DR/0265 | B22: 1 | C22: 15 | D22: 31953
A23: 92826 | B23: 1 | C23: 181.3 | D23: 28023.54
A24: SV/0090 | B24: 1 | C24: 51 | D24: 27386.49
A25: 7762 | B25: 1 | C25: 105.47 | D25: 26055.3
A26: 92824 | B26: 1 | C26: 207.51 | D26: 24006.83
A27: SR/0020 | B27: 1 | C27: 76.15 | D27: 23399.37
A28: ES/0015 | B28: 1 | C28: 870.24 | D28: 21251.26
A29: 100979 | B29: 3 | C29: 2634.38 | D29: 20758.9
A30: 101573 | B30: 1 | C30: 578.66 | D30: 18262.5
A31: 7781 | B31: 1 | C31: 216 | D31: 17653.68
A32: 92821 | B32: 1 | C32: 216 | D32: 17241.12
A33: SC/0110 | B33: 1 | C33: 400 | D33: 16848
A34: SC/0068 | B34: 1 | C34: 2500 | D34: 16575
A35: 101570 | B35: 1 | C35: 576.28 | D35: 15939.9
A36: DR/0205 | B36: 1 | C36: 2 | D36: 15424.76
A37: 100952 | B37: 1 | C37: 4667.77 | D37: 15170.25
A38: 7791 | B38: 1 | C38: 102.04 | D38: 14859.06
A39: 90087 | B39: 1 | C39: 1132.34 | D39: 12874.7
A40: 104732 | B40: 1 | C40: 1001.11 | D40: 11702.97
A41: 93358 | B41: 1 | C41: 102.05 | D41: 9726.38
A42: DR/0355 | B42: 1 | C42: 10 | D42: 9495.3
A43: SP/0005 | B43: 1 | C43: 6 | D43: 8784
A44: SC/0120 | B44: 1 | C44: 7.2 | D44: 8778.81
A45: 100939 | B45: 2 | C45: 1143.63 | D45: 8771.63
A46: SV/0105 | B46: 1 | C46: 9.4 | D46: 8715.68
A47: SP/0030 | B47: 1 | C47: 650.77 | D47: 8102.08
A48: 10777 | B48: 1 | C48: 6 | D48: 7438.5
A49: SP/0001 | B49: 1 | C49: 16 | D49: 7014.08
A50: 10775 | B50: 1 | C50: 6 | D50: 6551.4
A51: DR/0200 | B51: 1 | C51: 2 | D51: 6467.84
A52: 93585 | B52: 1 | C52: 4 | D52: 6384.88
A53: SC/0080 | B53: 1 | C53: 83.59 | D53: 6199.87
A54: ES/0010 | B54: 1 | C54: 216.19 | D54: 6170.06
A55: 104730 | B55: 1 | C55: 385.33 | D55: 5864.72
A56: 102278 | B56: 1 | C56: 451.48 | D56: 5345.52
A57: SV/0015 | B57: 1 | C57: 86.34 | D57: 5312.5
A58: 10776 | B58: 1 | C58: 6 | D58: 5118.18
A59: 90100 | B59: 1 | C59: 307.39 | D59: 4921.31
A60: 98525 | B60: 1 | C60: 10000 | D60: 4500
A61: 104734 | B61: 1 | C61: 268.3 | D61: 4392.07
A62: SV/0010 | B62: 1 | C62: 35.04 | D62: 4172.21
A63: 97084 | B63: 1 | C63: 5339.87 | D63: 4058.3
A64: SR/0100 | B64: 1 | C64: 858.19 | D64: 3767.45
A65: 13521 | B65: 1 | C65: 36 | D65: 3623.4
A66: SP/0060 | B66: 1 | C66: 12 | D66: 3599.64
A67: 98051 | B67: 1 | C67: 3.04 | D67: 3559.8
A68: 98533 | B68: 1 | C68: 9 | D68: 3427.47
A69: 101616 | B69: 1 | C69: 435.32 | D69: 3051.59
A70: SV/0005 | B70: 1 | C70: 26.84 | D70: 2803.7
A71: SP/0020 | B71: 1 | C71: 13 | D71: 2256.8
A72: 90102 | B72: 1 | C72: 149.86 | D72: 2157.98
A73: SP/0050 | B73: 1 | C73: 6 | D73: 2072.4
A74: 97636 | B74: 1 | C74: 84.85 | D74: 1977
A75: 13244 | B75: 1 | C75: 27 | D75: 1709.37
A76: 104736 | B76: 1 | C76: 131.53 | D76: 1317.93
A77: SP/0025 | B77: 1 | C77: 302.41 | D77: 1261.04
A78: 100983 | B78: 1 | C78: 98.51 | D78: 1051.1
A79: 101617 | B79: 1 | C79: 290.08 | D79: 1003.67
A80: 98534 | B80: 1 | C80: 1 | D80: 976.62
A81: 98526 | B81: 1 | C81: 9 | D81: 894.06
A82: 102332 | B82: 2 | C82: 409.83 | D82: 872.93
A83: 98529 | B83: 1 | C83: 9 | D83: 697.5
A84: 94962 | B84: 1 | C84: 1 | D84: 470.54
A85: ST/0070 | B85: 1 | C85: 10 | D85: 370.7
A86: 100575 | B86: 1 | C86: 2322.67 | D86: 325.17
A87: RE/0050 | B87: 1 | C87: 0.17 | D87: 319.94
A88: 100947 | B88: 2 | C88: 115.52 | D88: 298.04
A89: 98527 | B89: 1 | C89: 1 | D89: 213.86
A90: 98530 | B90: 1 | C90: 1 | D90: 138.06
A91: 96385 | B91: 1 | C91: 6.95 | D91: 95.42
A92: 90105 | B92: 1 | C92: 1.01 | D92: 10.49
A93: Total Geral | B93: 107 | C93: 306081.04 | D93: 3681004.5

Sheet Orçamento auxliar
A1: CÓDIGO | B1: DISCRIMINAÇÃO | C1: UNID. | D1: QUANT. | E1: PREÇO UNITÁRIO (R$) | F1: PREÇO TOTAL (R$)
A2: SP/0001 | B2: Placa de identificação de obra pública, inclusive pintura e adesivos, estrutura e suporte de madeira. Incluso fornecimento de material e instalação. Ref SINAPI, CÓD 74209/001, DB 01/2020 | C2: M2 | D2: 16 | E2: 438.38 | F2: 7014.08
A3: 10775 | B3: Locação de container 2,30 x 6,00 m, alt. 2,50 m, com 1 sanitário, para escritório, completo, sem divisórias internas | C3: MES | D3: 6 | E3: 1091.9 | F3: 6551.4
A4: 10776 | B4: Locação de container 2,30 x 6,00 m, alt. 2,50 m, para escritório, sem divisórias internas e sem sanitário | C4: MES | D4: 6 | E4: 853.03 | F4: 5118.18
A5: 10777 | B5: Locação de container 2,30 x 4,30 m, alt. 2,50 m, para sanitário, com 3 bacias, 4 chuveiros, 1 lavatório e 1 mictório | C5: MES | D5: 6 | E5: 1239.75 | F5: 7438.5
A6: 93585 | B6: Execução de guarita em canteiro de obra em chapa de madeira compensada, não incluso mobiliário. AF_04/2016 | C6: M2 | D6: 4 | E6: 1596.22 | F6: 6384.88
A7: SP/0005 | B7: Aluguel de banheiro quimico, incluindo transporte de ida e volta, manutencao e higienizacao 3 vezes por semana. Modelo Luxo, dimensões 2,31 x 1,15 x 1,15m | C7: UN.MÊS | D7: 6 | E7: 1464 | F7: 8784
A8: 98525 | B8: Limpeza mecanizada de camada vegetal, vegetação e pequenas árvores (diâmetro nominal de tronco menor que 0,20 m), com trator de esteiras. AF_05/2018 | C8: M2 | D8: 10000 | E8: 0.45 | F8: 4500
A9: SC/0068 | B9: Revestimento de pátio com pedra britada com espessura de 5 cm com regularização do terreno com motoniveladora. Exclusive transporte. (REF SINAPI COD 100575) | C9: M2 | D9: 2500 | E9: 6.63 | F9: 16575
A10: SC/0110 | B10: Cerca com mourões de madeira roliça Ø 11cm, espaçamento de 2,00m, altura livre de 1,50m, cravado 0,50m, com 5 fios de arame liso ovalado 15x17, conforme projeto | C10: M | D10: 400 | E10: 42.12 | F10: 16848
A11: SC/0120 | B11: Portão para veículos em tela arame galvanizado n.12 malha 2" e moldura em tubos de aco com duas folhas de abrir, incluso ferragens (REF. SINAPI COD. 74238/2 - Descontinuado) | C11: M2 | D11: 7.2 | E11: 1219.28 | F11: 8778.81
A12: SP/0020 | B12: Segurança de trânsito - sinalização de advertência de obra com placa (fundo laranja) sobre cavalete, conforme ABNT - NBR-7678 Segurança na execução de obras e serviços de construção Ministério do Trabalho e da Previdência Social - NB-26 - Sinalização De Segurança CONTRAN - Manual De Noções De Normas De Trânsito | C12: M2 | D12: 13 | E12: 173.6 | F12: 2256.8
A13: SP/0025 | B13: Segurança de trânsito - sinalização de advertência de obra com elemento luminoso (balde vermelho) | C13: M | D13: 302.41 | E13: 4.17 | F13: 1261.04
A14: SP/0030 | B14: Segurança de trânsito - isolamento de obra com tela cerquite plática laranja conforme ABNT - NBR-7678 Segurança na execução de obras e serviços de construção Ministério do Trabalho e da Previdência Social - NB-26 - Sinalização De Segurança CONTRAN - Manual De Noções De Normas De Trânsito | C14: M | D14: 650.77 | E14: 12.45 | F14: 8102.08
A15: 13244 | B15: Segurança de trânsito - cone de sinalização em pvc rígido com faixa refletiva, h = 70 / 76 cm | C15: UN | D15: 27 | E15: 63.31 | F15: 1709.37
A16: SP/0050 | B16: Sondagem de investigação de interferências subterrâneas, incluindo escavações mecânica e manual e reaterro | C16: UN | D16: 6 | E16: 345.4 | F16: 2072.4
A17: SP/0060 | B17: Reparo em ramal de ligação predial de água | C17: UN | D17: 12 | E17: 299.97 | F17: 3599.64
A18: 100575 | B18: Regularização de superfícies com motoniveladora. AF_11/2019 | C18: M2 | D18: 2322.67 | E18: 0.14 | F18: 325.17
A19: 100979 | B19: Carga, manobra e descarga de solos e materiais granulares em caminhão basculante 14 m3 - carga com escavadeira hidráulica (capacidade da caçamba: 1,20 m3 / potência: 155 HP) e descarga livre (unidade: m3). AF_07/2020 | C19: M3 | D19: 2000 | E19: 7.88 | F19: 15760
A20: 95876 | B20: Transporte com caminhão basculante de 14 m3, em via urbana pavimentada, DMT até 30,00 km (unidade: m3xkm). AF_07/2020 | C20: M3XKM | D20: 16000 | E20: 2.52 | F20: 40320
A21: 95876 | B21: Transporte com caminhão basculante de 14 m3, em via urbana pavimentada, DMT até 30,00 km (unidade: m3xkm). AF_07/2020 | C21: M3XKM | D21: 3327.5 | E21: 2.52 | F21: 8385.3
A22: SR/0020 | B22: Demolição de concreto simples, de forma mecanizada, sem reaproveitamento (REF. SICRO COD. 1600989, db 01-2023) | C22: M3 | D22: 76.15 | E22: 307.28 | F22: 23399.37
A23: 97636 | B23: Demolição parcial de pavimento asfáltico, de forma mecanizada, sem reaproveitamento. AF_12/2017 | C23: M2 | D23: 84.85 | E23: 23.3 | F23: 1977
A24: SR/0100 | B24: Recorte mecânico de pavimento asfáltico ou piso de concreto, com serra de disco diamantado para piso/asfalto. REF SICRO 4011537, DB 04-2023 | C24: M | D24: 858.19 | E24: 4.39 | F24: 3767.45
A25: 98526 | B25: Remoção de raízes remanescentes de tronco de árvore com diâmetro maior ou igual a 0,20 m e menor que 0,40 m. AF_05/2018 | C25: UN | D25: 9 | E25: 99.34 | F25: 894.06
A26: 98527 | B26: Remoção de raízes remanescentes de tronco de árvore com diâmetro maior ou igual a 0,40 m e menor que 0,60 m. AF_05/2018 | C26: UN | D26: 1 | E26: 213.86 | F26: 213.86
A27: 98529 | B27: Corte raso e recorte de árvore com diâmetro nominal de tronco maior ou igual a 0,20 m e menor que 0,40 m. AF_05/2018 | C27: UN | D27: 9 | E27: 77.5 | F27: 697.5
A28: 98530 | B28: Corte raso e recorte de árvore com diâmetro nominal de tronco maior ou igual a 0,40 m e menor que 0,60 m. AF_05/2018 | C28: UN | D28: 1 | E28: 138.06 | F28: 138.06
A29: 98533 | B29: Poda em altura de árvore com diâmetro nominal de tronco maior ou igual a 0,20 m e menor que 0,40 m. AF_05/2018 | C29: UN | D29: 9 | E29: 380.83 | F29: 3427.47
A30: 98534 | B30: Poda em altura de árvore com diâmetro nominal de tronco maior ou igual a 0,40 m e menor que 0,60 m. AF_05/2018 | C30: UN | D30: 1 | E30: 976.62 | F30: 976.62
A31: 100983 | B31: Carga, manobra e descarga de entulho em caminhão basculante 14 m3 - carga com escavadeira hidráulica (capacidade da caçamba: 0,80 m3 / potência: 111 HP) e descarga livre (unidade: m3). AF_07/2020 | C31: M3 | D31: 98.51 | E31: 10.67 | F31: 1051.1
A32: ST/0070 | B32: Carga, manobra e descarga de materiais diversos em caminhão carroceria - carga e descaga manuais (REF. SICRO COD. 5915474) | C32: T | D32: 10 | E32: 37.07 | F32: 370.7
A33: 95876 | B33: Transporte com caminhão basculante de 14 m3, em via urbana pavimentada, DMT até 30,00 km (unidade: m3xkm). AF_07/2020 | C33: M3XKM | D33: 788.08 | E33: 2.52 | F33: 1985.96
A34: 100947 | B34: Transporte com caminhão carroceria 9t, em via urbana pavimentada, DMT até 30,00 km (unidade: txkm). AF_07/2020 | C34: TXKM | D34: 80 | E34: 2.58 | F34: 206.4
A35: 90100 | B35: Escavação mecanizada de vala com profundidade até 1,50 m (média entre montante e jusante / uma composição por trecho), com retroescavadeira (capacidade da caçamba: 0,26 m3 / potência: 88 HP), largura de 0,80 m a 1,50 m, em solo de 1a categoria, em locais com alto nível de interferência. AF_01/2015 | C35: M3 | D35: 307.39 | E35: 16.01 | F35: 4921.31
A36: 90102 | B36: Escavação mecanizada de vala com profundidade maior que 1,50 m até 3,00 m (média entre montante e jusante / uma composição por trecho), com retroescavadeira (capacidade da caçamba: 0,26 m3 / potência: 88 HP), largura de 0,80 m a 1,50 m, em solo de 1a categoria, em locais com alto nível de interferência. AF_01/2015 | C36: M3 | D36: 149.86 | E36: 14.4 | F36: 2157.98
A37: 102278 | B37: Escavação mecanizada de vala com profundidade maior que 1,50 m até 3,00 m (média entre montante e jusante / uma composição por trecho), com escavadeira hidráulica (capacidade da caçamba: 1,2 m3 / potência: 155 HP), largura de 1,50 m a 2,50 m, em solo de 1a categoria, em locais com alto nível de interferência. AF_02/2021 | C37: M3 | D37: 451.48 | E37: 11.84 | F37: 5345.52
A38: 90087 | B38: Escavação mecanizada de vala com profundidade de 3,00 m até 4,50 m (média entre montante e jusante / uma composição por trecho), com escavadeira hidráulica (capacidade da caçamba: 1,20 m3 / potência: 155 HP), largura de 1,50 m a 2,50 m, em solo de 1a categoria, em locais com alto nível de interferência. AF_01/2015 | C38: M3 | D38: 1132.34 | E38: 11.37 | F38: 12874.7
A39: 93358 | B39: Escavação manual de vala com profundidade menor ou igual a 1,30 m. AF_03/2016 | C39: M3 | D39: 102.05 | E39: 95.31 | F39: 9726.38
A40: 101570 | B40: Escoramento de vala, tipo pontaleteamento, com profundidade de 0,00 a 1,50 m, largura menor que 1,50 m. AF_08/2020 | C40: M2 | D40: 576.28 | E40: 27.66 | F40: 15939.9
A41: 101573 | B41: Escoramento de vala, tipo pontaleteamento, com profundidade de 1,50 a 3,00 m, largura maior ou igual a 1,50 m e menor que 2,50 m. AF_08/2020 | C41: M2 | D41: 578.66 | E41: 31.56 | F41: 18262.5
A42: ES/0010 | B42: Escoramento de vala, tipo blindado, com profundidade de 1,5 a 3,0 m, largura maior ou igual a 1,5 m e menor que 2,5 m. Altura do escoramento igual a 2,4 m. Execução e fornecimento, inclui material. (REF. SINAPI COD. 03.ESCO.VALA.040/01) | C42: M2 | D42: 216.19 | E42: 28.54 | F42: 6170.06
A43: ES/0015 | B43: Escoramento de vala, tipo blindado, com profundidade de 3,0 a 4,5 m, largura maior ou igual a 1,5 m e menor que 2,5 m. Altura do escoramento igual a 2,4 m. Execução e fornecimento, inclui material. (REF. SINAPI COD. 03.ESCO.VALA.042/01) | C43: M2 | D43: 870.24 | E43: 24.42 | F43: 21251.26
A44: 101616 | B44: Preparo de fundo de vala com largura menor que 1,50 m (acerto do solo natural). AF_08/2020 | C44: M2 | D44: 435.32 | E44: 7.01 | F44: 3051.59
A45: 101617 | B45: Preparo de fundo de vala com largura maior ou igual a 1,50 m e menor que 2,50 m (acerto do solo natural). AF_08/2020 | C45: M2 | D45: 290.08 | E45: 3.46 | F45: 1003.67
A46: 104734 | B46: Reaterro mecanizado de vala com retroescavadeira (capacidade da caçamba da retro: 0,26 M³/potência: 88 HP), largura de 0,8 a 1,5 m, profundidade até 1,5 m, com solo (sem substituição) de 1ª categoria, com placa vibratória. AF_08/2023 | C46: M3 | D46: 268.3 | E46: 16.37 | F46: 4392.07
A47: 104736 | B47: Reaterro mecanizado de vala com retroescavadeira (capacidade da caçamba da retro: 0,26 M³/potência: 88 HP), largura de 0,8 a 1,5 m, profundidade de 1,5 a 3,0 m, com solo (sem substituição) de 1ª categoria, com placa vibratória. AF_08/2023 | C47: M3 | D47: 131.53 | E47: 10.02 | F47: 1317.93
A48: 104730 | B48: Reaterro mecanizado de vala com escavadeira hidráulica (capacidade da caçamba: 0,8 M³/potência: 111 HP), largura de 1,5 a 2,5 m, profundidade de 1,5 a 3,0 m, com solo (sem substituição) de 1ª categoria, com placa vibratória. AF_08/2023 | C48: M3 | D48: 385.33 | E48: 15.22 | F48: 5864.72
A49: 104732 | B49: Reaterro mecanizado de vala com escavadeira hidráulica (capacidade da caçamba: 0,8 M³/potência: 111 HP), largura de 1,5 a 2,5 m, profundidade de 3,0 a 6,0 m, com solo (sem substituição) de 1ª categoria, com placa vibratória. AF_08/2023 | C49: M3 | D49: 1001.11 | E49: 11.69 | F49: 11702.97
A50: 100979 | B50: Carga, manobra e descarga de solos e materiais granulares em caminhão basculante 14 m3 - carga com escavadeira hidráulica (capacidade da caçamba: 1,20 m3 / potência: 155 HP) e descarga livre (unidade: m3). AF_07/2020 | C50: M3 | D50: 625.69 | E50: 7.88 | F50: 4930.43
A51: 100939 | B51: Transporte com caminhão basculante de 14 m3, em via interna (dentro do canteiro - unidade:m3xkm). AF_07/2020 | C51: M3XKM | D51: 1126.25 | E51: 7.67 | F51: 8638.33
A52: 95876 | B52: Transporte com caminhão basculante de 14 m3, em via urbana pavimentada, DMT até 30,00 km (unidade: m3xkm). AF_07/2020 | C52: M3XKM | D52: 2548 | E52: 2.52 | F52: 6420.96
A53: 7781 | B53: Aquisição de tubo de concreto simples para aguas pluviais, classe PS-1, com encaixe ponta e bolsa, diâmetro nominal de 0,40 m (180 kg/m) - Aquisição | C53: M | D53: 216 | E53: 81.73 | F53: 17653.68
A54: 7791 | B54: Aquisição de tubo de concreto simples para aguas pluviais, classe PS-1, com encaixe ponta e bolsa, diâmetro nominal de 0,60 m (347 kg/m) - Aquisição | C54: M | D54: 102.04 | E54: 145.62 | F54: 14859.06
A55: 7750 | B55: Tubo de concreto armado para aguas pluviais, classe PA-1, com encaixe ponta e bolsa, diâmetro nominal de 0,80 m (533,00 kg/m) - Aquisição | C55: M | D55: 181.3 | E55: 473.76 | F55: 85892.68
... A59: 92826 | B59: Assentamento de tubo de concreto para redes coletoras de águas pluviais, diâmetro nominal de 0,80 m, junta rígida em argamassa 1:3 cimento:areia, instalado em local com alto nível de interferências (não inclui fornecimento). AF_12/2015 | C59: M | D59: 181.3 | E59: 154.57 | F59: 28023.54
A60: DR/0135 | B60: PV-1 - Poço de Visita, com dimensões internas de 1,98m x 1,98m x 1,50m (bxbxh), em alvenaria de bloco de concreto estrutural FBK 14mpa, conforme projeto tipo. Exclusive pescoço e tampão | C60: UN | D60: 10 | E60: 8128.28 | F60: 81282.8
A61: DR/0200 | B61: Antecâmara para poço de visita, com dimensões internas de 1,98m x 1,00m x 1,50m (bxbxh), em alvenaria de bloco de concreto estrutural FBK 14mpa, conforme projeto tipo | C61: UN | D61: 2 | E61: 3233.92 | F61: 6467.84
A62: 98051 | B62: Chaminé circular para poço de visita para esgoto, em alvenaria com tijolos cerâmicos maciços, diâmetro interno = 0,6 m. af_12/2020 | C62: M | D62: 3.04 | E62: 1170.99 | F62: 3559.8
A63: DR/0355 | B63: Tampão F°F° articulado, classe D400, carga máxima 40 T, redondo tampa 600 mm para rede pluvial/esgoto. Incluindo fornecimento, assentamento e requadro em concreto FCK 20mpa, de 1,00m x 1,00m x 0,20m | C63: UN | D63: 10 | E63: 949.53 | F63: 9495.3
A64: DR/0205 | B64: CP-1 - Caixa de Passagem, com dimensões internas de 1,92m x 1,92m x 1,60m (bxbxh), em alvenaria de bloco de concreto estrutural FBK 8 MPa, conforme projeto tipo | C64: UN | D64: 2 | E64: 7712.38 | F64: 15424.76
A65: DR/0265 | B65: BLSC - Boca-de-lobo simples em concreto simples FCK 20 mpa, incluindo forma, escavação, sarjeta de contorno (chama) em concreto e grelha em F°F° tipo pesada, conforme projeto | C65: UN | D65: 15 | E65: 2130.2 | F65: 31953
A66: DR/0275 | B66: BLTC - Boca-de-lobo tripla em concreto simples FCK 20 mpa, incluindo forma, escavação, sarjeta de contorno (chama) em concreto e grelhas em F°F° tipo pesada, conforme projeto | C66: UN | D66: 15 | E66: 5853.49 | F66: 87802.35
A67: 95876 | B67: Transporte com caminhão basculante de 14 m3, em via urbana pavimentada, DMT até 30,00 km (unidade: m3xkm). AF_07/2020 | C67: M3XKM | D67: 1359.56 | E67: 2.52 | F67: 3426.09
A68: 100952 | B68: Transporte com caminhão carroceria com guindauto (munck), momento máximo de carga 11,7 tm, em via urbana pavimentada, DMT até 30,00 km (unidade: txkm). AF_07/2020 | C68: TXKM | D68: 4667.77 | E68: 3.25 | F68: 15170.25
A69: 90105 | B69: Escavação mecanizada de vala com profundidade até 1,50 m (média entre montante e jusante / uma composição por trecho) com retroescavadeira (capacidade da caçamba: 0,26 m3 / potência: 88 HP), largura menor que 0,80 m, em solo de 1a categoria, locais com baixo nível de interferência. AF_01/2015 | C69: M3 | D69: 1.01 | E69: 10.39 | F69: 10.49
A70: 4748 | B70: Pedra britada ou bica corrida, não classificada (posto pedreira/fornecedor, sem frete) | C70: M3 | D70: 1.16 | E70: 111.21 | F70: 129
A71: PA/0020 | B71: Execução e compactação de base e ou sub-base com material produto de britagem. Exclusive fornecimento e transporte de materiais (REF. SINAPI COD. 96396) | C71: M3 | D71: 0.84 | E71: 16.39 | F71: 13.76
A72: PA/0025 | B72: Imprimação da base, execução e fornecimento de emulsão asfáltica EAI (REF. SINAPI COD. 102470) | C72: M2 | D72: 5.6 | E72: 6.38 | F72: 35.72
A73: RE/0050 | B73: CBUQ (usina comercial) - aplicação manual em fechamento de vala e remendos. Incluindo fornecimento dos materiais e compactação com rolo tandem compacto. Exclusive transporte. Ref BP 09.05.0500 RIO SCO | C73: M3 | D73: 0.17 | E73: 1882.05 | F73: 319.94
A74: 95876 | B74: Transporte com caminhão basculante de 14 m3, em via urbana pavimentada, DMT até 30,00 km (unidade: m3xkm). AF_07/2020 | C74: M3XKM | D74: 10.08 | E74: 2.52 | F74: 25.4
A75: 95876 | B75: Transporte com caminhão basculante de 14 m3, em via urbana pavimentada, DMT até 30,00 km (unidade: m3xkm). AF_07/2020 | C75: M3XKM | D75: 28.07 | E75: 2.52 | F75: 70.73
A76: 95879 | B76: Transporte com caminhão basculante de 14 m3, em via urbana pavimentada, DMT até 30,00 km (unidade: txkm). AF_07/2020 | C76: TXKM | D76: 8.17 | E76: 1.7 | F76: 13.88
A77: 102332 | B77: Transporte com caminhão tanque de transporte de material asfáltico de 20.000 l, em via urbana pavimentada, DMT até 30,00 km (unidade: txkm). AF_07/2020 | C77: TXKM | D77: 0.19 | E77: 2.13 | F77: 0.4
A78: PA/0005 | B78: Preparo do subleito, escavação e carga. Exclusive transporte | C78: M3 | D78: 5742.35 | E78: 7.22 | F78: 41459.76
A79: 96385 | B79: Execução e compactação de aterro com solo predominantemente argiloso - exclusive solo, escavação, carga e transporte. AF_11/2019 | C79: M3 | D79: 6.95 | E79: 13.73 | F79: 95.42
A80: 100979 | B80: Carga, manobra e descarga de solos e materiais granulares em caminhão basculante 14 m3 - carga com escavadeira hidráulica (capacidade da caçamba: 1,20 m3 / potência: 155 HP) e descarga livre (unidade: m3). AF_07/2020 | C80: M3 | D80: 8.69 | E80: 7.88 | F80: 68.47
A81: 100939 | B81: Transporte com caminhão basculante de 14 m3, em via interna (dentro do canteiro - unidade:m3xkm). AF_07/2020 | C81: M3XKM | D81: 17.38 | E81: 7.67 | F81: 133.3
A82: 95876 | B82: Transporte com caminhão basculante de 14 m3, em via urbana pavimentada, DMT até 30,00 km (unidade: m3xkm). AF_07/2020 | C82: M3XKM | D82: 57353.92 | E82: 2.52 | F82: 144531.87
A83: 100576 | B83: Regularização e compactação de subleito de solo predominantemente argiloso. AF_11/2019 | C83: M2 | D83: 14446.49 | E83: 2.98 | F83: 43050.54
A84: PA/0021 | B84: Execução e compactação de base e ou sub-base, estabilizado granulometricamente, sem mistura, com material de jazida. Exclusive fornecimento e transporte (REF. SINAPI COD. 4011219) | C84: M3 | D84: 2166.97 | E84: 23.33 | F84: 50555.41
A85: PA/0020 | B85: Execução e compactação de base e ou sub-base com material produto de britagem. Exclusive fornecimento e transporte de materiais (REF. SINAPI COD. 96396) | C85: M3 | D85: 2472.22 | E85: 16.39 | F85: 40519.68
A86: PA/0025 | B86: Imprimação da base, execução e fornecimento de emulsão asfáltica EAI (REF. SINAPI COD. 102470) | C86: M2 | D86: 12682.57 | E86: 6.38 | F86: 80914.79
A87: PA/0023 | B87: Pintura de ligação, execução e fornecimento de emulsão asfáltica RR-1C (ref SINAPI cód 104375) | C87: M2 | D87: 12682.57 | E87: 3.06 | F87: 38808.66
A88: PA/0040 | B88: Construção de pavimento com aplicação de concreto betuminoso usinado à quente (CBUQ - faixa C - CAP 30/45 - usina comercial), camada de rolamento, exclusive transporte da mistura (REF. SINAPI COD. 95995) | C88: M3 | D88: 439.39 | E88: 1980.23 | F88: 870093.25
A89: 101230 | B89: Escavação vertical a céu aberto, em obras de infraestrutura, incluindo carga, descarga e transporte, em solo de 1a categoria com escavadeira hidráulica (caçamba: 0,80 m3 / 111 HP), frota de 3 caminhões basculantes de 14 m3, DMT até 1 km e velocidade média 14 km/h. AF_05/2020 | C89: M3 | D89: 2708.72 | E89: 13.11 | F89: 35511.31
A90: 4748 | B90: Pedra britada ou bica corrida, não classificada (posto pedreira/fornecedor, sem frete) | C90: M3 | D90: 3399.31 | E90: 111.21 | F90: 378037.26
A91: 95876 | B91: Transporte com caminhão basculante de 14 m3, em via urbana pavimentada, DMT até 30,00 km (unidade: m3xkm). AF_07/2020 | C91: M3XKM | D91: 18961.04 | E91: 2.52 | F91: 47781.82
A92: 95876 | B92: Transporte com caminhão basculante de 14 m3, em via urbana pavimentada, DMT até 30,00 km (unidade: m3xkm). AF_07/2020 | C92: M3XKM | D92: 82263.3 | E92: 2.52 | F92: 207303.51
A93: 95879 | B93: Transporte com caminhão basculante de 14 m3, em via urbana pavimentada, DMT até 30,00 km (unidade: txkm). AF_07/2020 | C93: TXKM | D93: 21328.26 | E93: 1.7 | F93: 36258.04
A94: 102332 | B94: Transporte com caminhão tanque de transporte de material asfáltico de 20.000 l, em via urbana pavimentada, DMT até 30,00 km (unidade: txkm). AF_07/2020 | C94: TXKM | D94: 409.64 | E94: 2.13 | F94: 872.53
A95: SC/0005 | B95: Meio-fio (guia) com sarjeta, concreto FCK = 15mpa, seção 615 cm², moldado no local, inclusive escavação e pintura a cal em uma demão | C95: M | D95: 3392.16 | E95: 65.92 | F95: 223611.18
A96: SC/0082 | B96: Grama em placas, tipo esmeralda, incluindo plantio, adubo, fertilizante, calcário, terra orgânica e irrigação | C96: M2 | D96: 1338.35 | E96: 26.86 | F96: 35948.08
A97: 97084 | B97: Compactação mecânica de solo para execução de radier, com compactador de solos tipo placa vibratória. AF_09/2021 | C97: M2 | D97: 5339.87 | E97: 0.76 | F97: 4058.3
A98: SC/0080 | B98: Piso tátil de alerta ou direcional com lajota cimentícia 40x40x2,5cm, nas cores da NBR 16537, assentado com argamassa de cimento e areia 1:3 | C98: M | D98: 83.59 | E98: 74.17 | F98: 6199.87
A99: 94962 | B99: Concreto magro para lastro, traço 1:4,5:4,5 (cimento/ areia média/ brita 1) - preparo mecânico com betoneira 400 l. AF_07/2016 | C99: M3 | D99: 1 | E99: 470.54 | F99: 470.54
A100: 94991 | B100: Execução de passeio (calçada) ou piso de concreto com concreto moldado in loco, usinado, acabamento convencional, não armado. AF_07/2016 | C100: M3 | D100: 371.45 | E100: 946.43 | F100: 351551.42
A101: 100947 | B101: Transporte com caminhão carroceria 9t, em via urbana pavimentada, DMT até 30,00 km (unidade: txkm). AF_07/2020 | C101: TXKM | D101: 35.52 | E101: 2.58 | F101: 91.64
A102: SV/0005 | B102: Pintura de faixas de pedestres e retenção e de zebrados - termoplástico por extrusão - espessura de 3,0 mm (REF. SICRO COD. 5213408 e 5213409) | C102: M2 | D102: 26.84 | E102: 104.46 | F102: 2803.7
A103: SV/0010 | B103: Pintura de setas e legendas - termoplástico por extrusão - espessura de 3,0 mm (REF. SICRO COD. 5213409, DB 04-21) | C103: M2 | D103: 35.04 | E103: 119.07 | F103: 4172.21
...

Sheet Orçamento_Não_Deson
B1: PREFEITURA MUNICIPAL DE CAMPO GRANDE - MS | I1: DATA BASE: | J1: =[1]BOLETIM_SEL!$B$1 -> Agosto/2023 | L1: VERIFICAÇÕES | N1: PRODUÇÃO (UMA FRENTE)
B2: SECRETARIA MUNICIPAL DE INFRAESTRUTURA E SERVIÇOS PÚBLICOS - SISEP | I2: E.S.S.M.O.: | J2: =[1]BOLETIM_SEL!$D$2 -> NÃO DESONERADA | L2: Total Geral | M2: =IF(J12=J930,"OK","ERRO") -> OK | N2: DIÁRIA | O2: OBRA (MÊS)
I3: E.S.D. (HORA): | J3: =[1]BOLETIM_SEL!$G$3 -> 1.1544
I4: E.S.D. (MÊS): | J4: =[1]BOLETIM_SEL!$G$4 -> 0.7126
B5: OBRA : | C5: INFRAESTRUTURA URBANA - PAVIMENTAÇÃO ASFÁLTICA E DRENAGEM DE ÁGUAS PLUVIAIS | I5: BDI SERVIÇOS: | J5: 0.22
B6: LOCAL : | C6: JARDIM NASHIVILLE - ETAPA "B" - FASE 2 | I6: BDI INSUMO (*): | J6: 0.1528
B7: MUNICÍPIO : | C7: CAMPO GRANDE / MS
B8: COORDENADAS : | C8: (20°32'01.13"S ; 54°36'32.29"O) ; (20°32'04.37"S ; 54°36'52.35"O) ; (20°32'09.83"S ; 54°36'53.82"O)
D10: PLANILHA ORÇAMENTÁRIA NÃO DESONERADA
B12: ITEM | C12: RESUMO | H12: QUANT. | I12: UNID. | J12: =SUM(J13:J31) -> 3679055.6 | K12: =SUM(K13:K31) -> 1 | L12: Σ | M12: % | N12: PRAZOS
B13: =A34 -> 1 | C13: =D34 -> SERVIÇOS PRELIMINARES | H13: =H35 -> 16 | I13: =F35 -> M2 | J13: =J34 -> 171715.35 | K13: =K34 -> 0.046673758 | L13: =IF(SUBTOTAL(109,J35:J62)=J13,"OK","ERRO") -> OK | M13: =IF(K13=J13/J$930,"OK","ERRO") -> OK | N13: =S_Preliminares!N4 -> 6
B14: =A63 -> 2 | C14: =D63 -> REMOÇÕES, DEMOLIÇÕES E SUPRESSÕES | H14: =+H73 -> 858.19 | I14: =+F73 -> M | J14: =J63 -> 39105.55 | K14: =K63 -> 0.010629236 | L14: =IF(SUBTOTAL(109,J64:J98)=J14,"OK","ERRO") -> OK | M14: =IF(K14=J14/J$930,"OK","ERRO") -> OK | N14: =ROUND(SUM(O64:O73)/240,0) -> 1
B15: =A100 -> 3 | C15: =D100 -> MICRODRENAGEM - TERRAPLENAGEM | G15: atenção: se preço unitário ficar rosa é pq tem algo de errado no BDI | H15: =SUM(H104:H123)+H125 -> 2041.07 | I15: =F104 -> M3 | J15: =J100 -> 143972.28 | K15: =K100 -> 0.039132945 | L15: =IF(SUBTOTAL(109,J101:J181)=J15,"OK","ERRO") -> OK | M15: =IF(K15=J15/J$930,"OK","ERRO") -> OK | N15: =ROUND(SUM(O104:O125)/240,0) -> 1
B16: =A183 -> 4 | C16: =D183 -> MICRODRENAGEM - GALERIAS | H16: =SUM(H196:H216)+SUM(H235:H241) -> 604.81 | I16: =F196 -> M | J16: =J183 -> 213732.21 | K16: =K183 -> 0.058094314 | L16: =IF(SUBTOTAL(109,J184:J242)=J16,"OK","ERRO") -> OK | M16: =IF(K16=J16/J$930,"OK","ERRO") -> OK | N16: =ROUND(SUM(O196:O242)/240,0) -> 1
B17: =A244 -> 5 | C17: =D244 -> MICRODRENAGEM - DISPOSITIVOS AUXILIARES | H17: =SUM(H245:H251)+SUM(H261:H281) -> 42 | I17: =+F245 -> UN | J17: =J244 -> 254417.2 | K17: =K244 -> 0.069152856 | L17: =IF(SUBTOTAL(109,J245:J292)=J17,"OK","ERRO") -> OK | M17: =IF(K17=J17/J$930,"OK","ERRO") -> OK | N17: =ROUND(SUM(O245:O271)/240,0) -> 2
B18: =A294 -> 5 | C18: =D294 -> MICRODRENAGEM - SERVIÇOS DE ESTRUTURAS | H18: =SUM(H299:H300) -> 0 | I18: =F299 -> M3 | J18: =J294 -> 0 | K18: =K294 -> 0 | L18: =IF(SUBTOTAL(109,J295:J312)=J18,"OK","ERRO") -> OK | M18: =IF(K18=J18/J$930,"OK","ERRO") -> OK
B19: =A314 -> 5 | C19: =D314 -> MICRODRENAGEM - BACIA DE AMORTECIMENTO | H19: =SUM(H323:H324) -> 0 | I19: =F323 -> M3 | J19: =J314 -> 0 | K19: =K314 -> 0 | L19: =IF(SUBTOTAL(109,J316:J411)=J19,"OK","ERRO") -> OK | M19: =IF(K19=J19/J$930,"OK","ERRO") -> OK | N19: =ROUND(O323/240,0) -> 0
B20: =A413 -> 5 | C20: =D413 -> DRENAGEM DE LENÇOL FREÁTICO | H20: =Dre_Profunda!I3+Dre_Profunda!I15 -> 0 | I20: =F414 -> M | J20: =J413 -> 0 | K20: =K413 -> 0 | L20: =IF(SUBTOTAL(109,J414:J446)=J20,"OK","ERRO") -> OK | M20: =IF(K20=J20/J$930,"OK","ERRO") -> OK | N20: =ROUND(O416/240,0) -> 0
B21: =A448 -> 6 | C21: =D448 -> MICRODRENAGEM - RECOMPOSIÇÃO DO PAVIMENTO | H21: =H460 -> 5.6 | I21: =F460 -> M2 | J21: =J448 -> 618.74 | K21: =K448 -> 0.00016817903 | L21: =IF(SUBTOTAL(109,J449:J504)=J21,"OK","ERRO") -> OK | M21: =IF(K21=J21/J$930,"OK","ERRO") -> OK | N21: =ROUND(SUM(O414:O423)/240,0) -> 0
B22: =A506 -> 6 | C22: =D506 -> RESTAURAÇÃO DO PAVIMENTO - RECUPERAÇÃO PRÉVIA DO PAVIMENTO | H22: =H532+H533 -> 0 | I22: =F532 -> M2 | J22: =J506 -> 0 | K22: =K506 -> 0 | L22: =IF(SUBTOTAL(109,J507:J580)=J22,"OK","ERRO") -> OK | M22: =IF(K22=J22/J$930,"OK","ERRO") -> OK
B23: =A582 -> 6 | C23: =D582 -> RESTAURAÇÃO DO PAVIMENTO - RECAPEAMENTO ASFÁLTICO | H23: =H587 -> 0 | I23: =F587 -> M2 | J23: =J582 -> 0 | K23: =K582 -> 0 | L23: =IF(SUBTOTAL(109,J583:J622)=J23,"OK","ERRO") -> OK | M23: =IF(K23=J23/J$930,"OK","ERRO") -> OK
B24: =A624 -> 7 | C24: =D624 -> IMPLANTAÇÃO ASFÁLTICA - TERRAPLENAGEM | H24: =H626+H627++H630 -> 5749.3 | I24: =F626 -> M3 | J24: =J624 -> 186288.82 | K24: =K624 -> 0.050634957 | L24: =IF(SUBTOTAL(109,J625:J643)=J24,"OK","ERRO") -> OK | M24: =IF(K24=J24/J$930,"OK","ERRO") -> OK | N24: =ROUND(O626/240,0) -> 1
B25: =A645 -> 8 | C25: =D645 -> IMPLANTAÇÃO ASFÁLTICA - PAVIMENTAÇÃO | H25: =H655 -> 12682.57 | I25: =F655 -> M2 | J25: =J645 -> 1827993.6 | K25: =K645 -> 0.49686489 | L25: =IF(SUBTOTAL(109,J646:J717)=J25,"OK","ERRO") -> OK | M25: =IF(K25=J25/J$930,"OK","ERRO") -> OK | N25: =ROUND(O646/240,0) -> 0
B26: =A719 -> 9 | C26: =D719 -> SERVIÇOS COMPLEMENTARES | H26: =SUM(H720:H726) -> 3392.16 | I26: =F720 -> M | J26: =J719 -> 259559.26 | K26: =K719 -> 0.070550513 | L26: =IF(SUBTOTAL(109,J720:J750)=J26,"OK","ERRO") -> OK | M26: =IF(K26=J26/J$930,"OK","ERRO") -> OK | N26: =ROUND(SUM(O720:O726)/240,0) -> 1
B27: =A752 -> 10 | C27: =D752 -> PASSEIO COM ACESSIBILIDADE | H27: =H759 -> 5339.87 | I27: =F759 -> M2 | J27: =J752 -> 362370.94 | K27: =K752 -> 0.098495642 | L27: =IF(SUBTOTAL(109,J753:J794)=J27,"OK","ERRO") -> OK | M27: =IF(K27=J27/J$930,"OK","ERRO") -> OK | N27: =ROUND(SUM(O759:O763)/240,0) -> 0
B28: =A796 -> 10 | C28: =D796 -> IMPLANTAÇÃO / ADEQUAÇÃO GEOMÉTRICA DE CICLOVIA | H28: =Ciclovia!J2 -> 0 | I28: M | J28: =J796 -> 0 | K28: =K796 -> 0 | L28: =IF(SUBTOTAL(109,J797:J856)=J28,"OK","ERRO") -> OK | M28: =IF(K28=J28/J$930,"OK","ERRO") -> OK | N28: =ROUND(SUM(O798:O820)/240,0) -> 0
B29: =A858 -> 11 | C29: =D858 -> SINALIZAÇÃO VIÁRIA DEFINITIVA HORIZONTAL E VERTICAL E DISPOSITIVOS DE SEGURANÇA | H29: =SUM(H859:H869) -> 148.22 | I29: =F859 -> M2 | J29: =J858 -> 52013.98 | K29: =K858 -> 0.014137862 | L29: =IF(SUBTOTAL(109,J859:J886)=J29,"OK","ERRO") -> OK | M29: =IF(K29=J29/J$930,"OK","ERRO") -> OK
B30: =A888 -> 12 | C30: =D888 -> ADMINISTRAÇÃO LOCAL | H30: =S_Preliminares!N4 -> 6 | I30: MÊS | J30: =J888 -> 167267.7 | K30: =K888 -> 0.045464847 | L30: =IF(SUBTOTAL(109,J889:J889)=J30,"OK","ERRO") -> OK | M30: =IF(K30=J30/J$930,"OK","ERRO") -> OK
B31: =A891 -> 12 | C31: =D891 -> SERVIÇOS DE ENGENHARIA | H31: =H911+H918 -> 0 | I31: =F911 -> m² | J31: =J891 -> 0 | K31: =K891 -> 0 | L31: =IF(SUBTOTAL(109,J892:J928)=J31,"OK","ERRO") -> OK | M31: =IF(K31=J31/J$930,"OK","ERRO") -> OK
A33: ITEM | B33: CÓDIGO | C33: FONTE | D33: DISCRIMINAÇÃO | E33: DMT | F33: UNID. | G33: unitário s/BDI | H33: QUANT. | I33: PREÇO UNITÁRIO (R$) | J33: PREÇO TOTAL (R$) | K33: (%) | M33: observações do boletim
A34: 1 | D34: SERVIÇOS PRELIMINARES | G34: S_Preliminares!A1 | I34: =CONCATENATE("SUB-TOTAL ",A34) -> SUB-TOTAL 1 | J34: =SUM(J35:J61) -> 171715.35 | K34: =J34/J$930 -> 0.046673758 | L34: =J34/J$34 -> 1 | U34: =J35+J39+J40+J41+J42+J43+J45+J46+J47+J48+J49+J50+J52+J53+J57+J59+J61 -> 165718.14
A35: =IF(H35>0,A34+0.01,A34) -> 1.01 | B35: SP/0001 | C35: =VLOOKUP($B35,[1]BOLETIM_SEL!$A:$H,2,0) -> COMPOSIÇÃO | D35: =VLOOKUP($B35,[1]BOLETIM_SEL!$A:$H,4,0) -> Placa de identificação de obra pública, inclusive pintura e adesivos, estrutura e suporte de madeira. Incluso fornecimento de material e instalação. Ref SINAPI, CÓD 74209/001, DB 01/2020 | F35: =VLOOKUP($B35,[1]BOLETIM_SEL!$A:$H,6,0) -> M2 | G35: =VLOOKUP($B35,[1]BOLETIM_SEL!$A:$H,7,0) -> 359.33 | H35: =S_Preliminares!N3 -> 16 | I35: =TRUNC(G35*(1+$J$5),2) -> 438.38 | J35: =TRUNC(H35*I35,2) -> 7014.08 | K35: =J35/J$930 -> 0.0019064893 | L35: =J35/J$34 -> 0.040847135
A36: =IF(H36>0,A35+0.01,A35) -> 1.01 | B36: 93207 | C36: =VLOOKUP($B36,[1]BOLETIM_SEL!$A:$H,2,0) -> SINAPI | D36: =VLOOKUP($B36,[1]BOLETIM_SEL!$A:$H,4,0) -> Barracão de obra - Execução de escritório em canteiro de obra em chapa de madeira compensada, não incluso mobiliário e equipamentos. AF_02/2016 | F36: =VLOOKUP($B36,[1]BOLETIM_SEL!$A:$H,6,0) -> M2 | G36: =VLOOKUP($B36,[1]BOLETIM_SEL!$A:$H,7,0) -> 1193.24 | H36: =S_Preliminares!N5 -> 0 | I36: =TRUNC(G36*(1+$J$5),2) -> 1455.75 | J36: =TRUNC(H36*I36,2) -> 0 | K36: =J36/J$930 -> 0 | L36: =J36/J$34 -> 0
A37: =IF(H37>0,A36+0.01,A36) -> 1.01 | B37: 93584 | C37: =VLOOKUP($B37,[1]BOLETIM_SEL!$A:$H,2,0) -> SINAPI | D37: =VLOOKUP($B37,[1]BOLETIM_SEL!$A:$H,4,0) -> Barracão de obra - Execução de depósito em canteiro de obra em chapa de madeira compensada, não incluso mobiliário. AF_04/2016 | F37: =VLOOKUP($B37,[1]BOLETIM_SEL!$A:$H,6,0) -> M2 | G37: =VLOOKUP($B37,[1]BOLETIM_SEL!$A:$H,7,0) -> 936.19 | H37: =S_Preliminares!N6 -> 0 | I37: =TRUNC(G37*(1+$J$5),2) -> 1142.15 | J37: =TRUNC(H37*I37,2) -> 0 | K37: =J37/J$930 -> 0 | L37: =J37/J$34 -> 0
A38: =IF(H38>0,A37+0.01,A37) -> 1.01 | B38: 93212 | C38: =VLOOKUP($B38,[1]BOLETIM_SEL!$A:$H,2,0) -> SINAPI | D38: =VLOOKUP($B38,[1]BOLETIM_SEL!$A:$H,4,0) -> Barracão de obra - Execução de sanitário e vestiário em canteiro de obra em chapa de madeira compensada, não incluso mobiliário. AF_02/2016 | F38: =VLOOKUP($B38,[1]BOLETIM_SEL!$A:$H,6,0) -> M2 | G38: =VLOOKUP($B38,[1]BOLETIM_SEL!$A:$H,7,0) -> 1033.9 | H38: =S_Preliminares!N7 -> 0 | I38: =TRUNC(G38*(1+$J$5),2) -> 1261.35 | J38: =TRUNC(H38*I38,2) -> 0 | K38: =J38/J$930 -> 0 | L38: =J38/J$34 -> 0
A39: =IF(H39>0,A38+0.01,A38) -> 1.02 | B39: 10775 | C39: =VLOOKUP($B39,[1]BOLETIM_SEL!$A:$H,2,0) -> SINAPI | D39: =VLOOKUP($B39,[1]BOLETIM_SEL!$A:$H,4,0) -> Locação de container 2,30 x 6,00 m, alt. 2,50 m, com 1 sanitário, para escritório, completo, sem divisórias internas | F39: =VLOOKUP($B39,[1]BOLETIM_SEL!$A:$H,6,0) -> MES | G39: =VLOOKUP($B39,[1]BOLETIM_SEL!$A:$H,7,0) -> 895 | H39: =S_Preliminares!N8 -> 6 | I39: =TRUNC(G39*(1+$J$5),2) -> 1091.9 | J39: =TRUNC(H39*I39,2) -> 6551.4 | K39: =J39/J$930 -> 0.0017807287 | L39: =J39/J$34 -> 0.038152675
A40: =IF(H40>0,A39+0.01,A39) -> 1.03 | B40: 10776 | C40: =VLOOKUP($B40,[1]BOLETIM_SEL!$A:$H,2,0) -> SINAPI | D40: =VLOOKUP($B40,[1]BOLETIM_SEL!$A:$H,4,0) -> Locação de container 2,30 x 6,00 m, alt. 2,50 m, para escritório, sem divisórias internas e sem sanitário | F40: =VLOOKUP($B40,[1]BOLETIM_SEL!$A:$H,6,0) -> MES | G40: =VLOOKUP($B40,[1]BOLETIM_SEL!$A:$H,7,0) -> 699.21 | H40: =S_Preliminares!N9 -> 6 | I40: =TRUNC(G40*(1+$J$5),2) -> 853.03 | J40: =TRUNC(H40*I40,2) -> 5118.18 | K40: =J40/J$930 -> 0.0013911668 | L40: =J40/J$34 -> 0.029806188
A41: =IF(H41>0,A40+0.01,A40) -> 1.04 | B41: 10777 | C41: =VLOOKUP($B41,[1]BOLETIM_SEL!$A:$H,2,0) -> SINAPI | D41: =VLOOKUP($B41,[1]BOLETIM_SEL!$A:$H,4,0) -> Locação de container 2,30 x 4,30 m, alt. 2,50 m, para sanitário, com 3 bacias, 4 chuveiros, 1 lavatório e 1 mictório | F41: =VLOOKUP($B41,[1]BOLETIM_SEL!$A:$H,6,0) -> MES | G41: =VLOOKUP($B41,[1]BOLETIM_SEL!$A:$H,7,0) -> 1016.19 | H41: =S_Preliminares!N10 -> 6 | I41: =TRUNC(G41*(1+$J$5),2) -> 1239.75 | J41: =TRUNC(H41*I41,2) -> 7438.5 | K41: =J41/J$930 -> 0.0020218504 | L41: =J41/J$34 -> 0.043318783
A42: =IF(H42>0,A41+0.01,A41) -> 1.05 | B42: 93585 | C42: =VLOOKUP($B42,[1]BOLETIM_SEL!$A:$H,2,0) -> SINAPI | D42: =VLOOKUP($B42,[1]BOLETIM_SEL!$A:$H,4,0) -> Execução de guarita em canteiro de obra em chapa de madeira compensada, não incluso mobiliário. AF_04/2016 | F42: =VLOOKUP($B42,[1]BOLETIM_SEL!$A:$H,6,0) -> M2 | G42: =VLOOKUP($B42,[1]BOLETIM_SEL!$A:$H,7,0) -> 1308.38 | H42: =S_Preliminares!N11 -> 4 | I42: =TRUNC(G42*(1+$J$5),2) -> 1596.22 | J42: =TRUNC(H42*I42,2) -> 6384.88 | K42: =J42/J$930 -> 0.0017354671 | L42: =J42/J$34 -> 0.037182931
A43: =IF(H43>0,A42+0.01,A42) -> 1.06 | B43: SP/0005 | C43: =VLOOKUP($B43,[1]BOLETIM_SEL!$A:$H,2,0) -> COMPOSIÇÃO | D43: =VLOOKUP($B43,[1]BOLETIM_SEL!$A:$H,4,0) -> Aluguel de banheiro quimico, incluindo transporte de ida e volta, manutencao e higienizacao 3 vezes por semana. Modelo Luxo, dimensões 2,31 x 1,15 x 1,15m | F43: =VLOOKUP($B43,[1]BOLETIM_SEL!$A:$H,6,0) -> UN.MÊS | G43: =VLOOKUP($B43,[1]BOLETIM_SEL!$A:$H,7,0) -> 1200 | H43: =S_Preliminares!N12 -> 6 | I43: =TRUNC(G43*(1+$J$5),2) -> 1464 | J43: =TRUNC(H43*I43,2) -> 8784 | K43: =J43/J$930 -> 0.0023875693 | L43: =J43/J$34 -> 0.051154425
A44: =IF(H44>0,A43+0.01,A43) -> 1.06 | B44: 98459 | C44: =VLOOKUP($B44,[1]BOLETIM_SEL!$A:$H,2,0) -> SINAPI | D44: =VLOOKUP($B44,[1]BOLETIM_SEL!$A:$H,4,0) -> Tapume com telha metálica, sem pintura, trapezoidal espessura 0,5 mm, colunas, bases e parafusos | F44: =VLOOKUP($B44,[1]BOLETIM_SEL!$A:$H,6,0) -> M2 | G44: =VLOOKUP($B44,[1]BOLETIM_SEL!$A:$H,7,0) -> 121.83 | I44: =TRUNC(G44*(1+$J$5),2) -> 148.63 | J44: =TRUNC(H44*I44,2) -> 0 | K44: =J44/J$930 -> 0 | L44: =J44/J$34 -> 0
A45: =IF(H45>0,A44+0.01,A44) -> 1.07 | B45: 98525 | C45: =VLOOKUP($B45,[1]BOLETIM_SEL!$A:$H,2,0) -> SINAPI | D45: =VLOOKUP($B45,[1]BOLETIM_SEL!$A:$H,4,0) -> Limpeza mecanizada de camada vegetal, vegetação e pequenas árvores (diâmetro nominal de tronco menor que 0,20 m), com trator de esteiras. AF_05/2018 | F45: =VLOOKUP($B45,[1]BOLETIM_SEL!$A:$H,6,0) -> M2 | G45: =VLOOKUP($B45,[1]BOLETIM_SEL!$A:$H,7,0) -> 0.37 | H45: =S_Preliminares!N15 -> 10000 | I45: =TRUNC(G45*(1+$J$5),2) -> 0.45 | J45: =TRUNC(H45*I45,2) -> 4500 | K45: =J45/J$930 -> 0.00122314 | L45: =J45/J$34 -> 0.02620616
A46: =IF(H46>0,A45+0.01,A45) -> 1.08 | B46: SC/0068 | C46: =VLOOKUP($B46,[1]BOLETIM_SEL!$A:$H,2,0) -> COMPOSIÇÃO | D46: =VLOOKUP($B46,[1]BOLETIM_SEL!$A:$H,4,0) -> Revestimento de pátio com pedra britada com espessura de 5 cm com regularização do terreno com motoniveladora. Exclusive transporte. (REF SINAPI COD 100575) | F46: =VLOOKUP($B46,[1]BOLETIM_SEL!$A:$H,6,0) -> M2 | G46: =VLOOKUP($B46,[1]BOLETIM_SEL!$A:$H,7,0) -> 5.44 | H46: =S_Preliminares!N16 -> 2500 | I46: =TRUNC(G46*(1+$J$5),2) -> 6.63 | J46: =TRUNC(H46*I46,2) -> 16575 | K46: =J46/J$930 -> 0.0045052323 | L46: =J46/J$34 -> 0.096526024
A47: =IF(H47>0,A46+0.01,A46) -> 1.09 | B47: SC/0110 | C47: =VLOOKUP($B47,[1]BOLETIM_SEL!$A:$H,2,0) -> COMPOSIÇÃO | D47: =VLOOKUP($B47,[1]BOLETIM_SEL!$A:$H,4,0) -> Cerca com mourões de madeira roliça Ø 11cm, espaçamento de 2,00m, altura livre de 1,50m, cravado 0,50m, com 5 fios de arame liso ovalado 15x17, conforme projeto | F47: =VLOOKUP($B47,[1]BOLETIM_SEL!$A:$H,6,0) -> M | G47: =VLOOKUP($B47,[1]BOLETIM_SEL!$A:$H,7,0) -> 34.53 | H47: =+S_Preliminares!N13 -> 400 | I47: =TRUNC(G47*(1+$J$5),2) -> 42.12 | J47: =TRUNC(H47*I47,2) -> 16848 | K47: =J47/J$930 -> 0.0045794361 | L47: =J47/J$34 -> 0.098115864
A48: =IF(H48>0,A47+0.01,A47) -> 1.1 | B48: SC/0120 | C48: =VLOOKUP($B48,[1]BOLETIM_SEL!$A:$H,2,0) -> COMPOSIÇÃO | D48: =VLOOKUP($B48,[1]BOLETIM_SEL!$A:$H,4,0) -> Portão para veículos em tela arame galvanizado n.12 malha 2" e moldura em tubos de aco com duas folhas de abrir, incluso ferragens (REF. SINAPI COD. 74238/2 - Descontinuado) | F48: =VLOOKUP($B48,[1]BOLETIM_SEL!$A:$H,6,0) -> M2 | G48: =VLOOKUP($B48,[1]BOLETIM_SEL!$A:$H,7,0) -> 999.41 | H48: =S_Preliminares!N14 -> 7.2 | I48: =TRUNC(G48*(1+$J$5),2) -> 1219.28 | J48: =TRUNC(H48*I48,2) -> 8778.81 | K48: =J48/J$930 -> 0.0023861586 | L48: =J48/J$34 -> 0.051124201
A49: =IF(H49>0,A48+0.01,A48) -> 1.11 | B49: SP/0020 | C49: =VLOOKUP($B49,[1]BOLETIM_SEL!$A:$H,2,0) -> COMPOSIÇÃO | D49: =VLOOKUP($B49,[1]BOLETIM_SEL!$A:$H,4,0) -> Segurança de trânsito - sinalização de advertência de obra com placa (fundo laranja) sobre cavalete, conforme ABNT - NBR-7678 Segurança na execução de obras e serviços de construção Ministério do Trabalho e da Previdência Social - NB-26 - Sinalização De Segurança CONTRAN - Manual De Noções De Normas De Trânsito | F49: =VLOOKUP($B49,[1]BOLETIM_SEL!$A:$H,6,0) -> M2 | G49: =VLOOKUP($B49,[1]BOLETIM_SEL!$A:$H,7,0) -> 142.3 | H49: =S_Preliminares!N18 -> 13 | I49: =TRUNC(G49*(1+$J$5),2) -> 173.6 | J49: =TRUNC(H49*I49,2) -> 2256.8 | K49: =J49/J$930 -> 0.00061341829 | L49: =J49/J$34 -> 0.013142681
A50: =IF(H50>0,A49+0.01,A49) -> 1.12 | B50: SP/0025 | C50: =VLOOKUP($B50,[1]BOLETIM_SEL!$A:$H,2,0) -> COMPOSIÇÃO | D50: =VLOOKUP($B50,[1]BOLETIM_SEL!$A:$H,4,0) -> Segurança de trânsito - sinalização de advertência de obra com elemento luminoso (balde vermelho) | F50: =VLOOKUP($B50,[1]BOLETIM_SEL!$A:$H,6,0) -> M | G50: =VLOOKUP($B50,[1]BOLETIM_SEL!$A:$H,7,0) -> 3.42 | H50: =S_Preliminares!N19 -> 302.41 | I50: =TRUNC(G50*(1+$J$5),2) -> 4.17 | J50: =TRUNC(H50*I50,2) -> 1261.04 | K50: =J50/J$930 -> 0.00034276188 | L50: =J50/J$34 -> 0.0073437814
A51: =IF(H51>0,A50+0.01,A50) -> 1.12 | B51: 98458 | C51: =VLOOKUP($B51,[1]BOLETIM_SEL!$A:$H,2,0) -> SINAPI | D51: =VLOOKUP($B51,[1]BOLETIM_SEL!$A:$H,4,0) -> Segurança de trânsito - tapume baixo removível de proteção para valas com chapas compensadas (6 mm). Exclusive pintura de sinalização de advertência | F51: =VLOOKUP($B51,[1]BOLETIM_SEL!$A:$H,6,0) -> M2 | G51: =VLOOKUP($B51,[1]BOLETIM_SEL!$A:$H,7,0) -> 155.34 | I51: =TRUNC(G51*(1+$J$5),2) -> 189.51 | J51: =TRUNC(H51*I51,2) -> 0 | K51: =J51/J$930 -> 0 | L51: =J51/J$34 -> 0
A52: =IF(H52>0,A51+0.01,A51) -> 1.13 | B52: SP/0030 | C52: =VLOOKUP($B52,[1]BOLETIM_SEL!$A:$H,2,0) -> COMPOSIÇÃO | D52: =VLOOKUP($B52,[1]BOLETIM_SEL!$A:$H,4,0) -> Segurança de trânsito - isolamento de obra com tela cerquite plática laranja conforme ABNT - NBR-7678 Segurança na execução de obras e serviços de construção Ministério do Trabalho e da Previdência Social - NB-26 - Sinalização De Segurança CONTRAN - Manual De Noções De Normas De Trânsito | F52: =VLOOKUP($B52,[1]BOLETIM_SEL!$A:$H,6,0) -> M | G52: =VLOOKUP($B52,[1]BOLETIM_SEL!$A:$H,7,0) -> 10.21 | H52: =S_Preliminares!N20 -> 650.77 | I52: =TRUNC(G52*(1+$J$5),2) -> 12.45 | J52: =TRUNC(H52*I52,2) -> 8102.08 | K52: =J52/J$930 -> 0.0022022173 | L52: =J52/J$34 -> 0.047183202
A53: =IF(H53>0,A52+0.01,A52) -> 1.14 | B53: 13244 | C53: =VLOOKUP($B53,[1]BOLETIM_SEL!$A:$H,2,0) -> SINAPI | D53: =VLOOKUP($B53,[1]BOLETIM_SEL!$A:$H,4,0) -> Segurança de trânsito - cone de sinalização em pvc rígido com faixa refletiva, h = 70 / 76 cm | F53: =VLOOKUP($B53,[1]BOLETIM_SEL!$A:$H,6,0) -> UN | G53: =VLOOKUP($B53,[1]BOLETIM_SEL!$A:$H,7,0) -> 51.9 | H53: =S_Preliminares!N21 -> 27 | I53: =TRUNC(G53*(1+$J$5),2) -> 63.31 | J53: =TRUNC(H53*I53,2) -> 1709.37 | K53: =J53/J$930 -> 0.00046462196 | L53: =J53/J$34 -> 0.0099546721
A54: =IF(H54>0,A53+0.01,A53) -> 1.15 | B54: SP/0050 | C54: =VLOOKUP($B54,[1]BOLETIM_SEL!$A:$H,2,0) -> COMPOSIÇÃO | D54: =VLOOKUP($B54,[1]BOLETIM_SEL!$A:$H,4,0) -> Sondagem de investigação de interferências subterrâneas, incluindo escavações mecânica e manual e reaterro | F54: =VLOOKUP($B54,[1]BOLETIM_SEL!$A:$H,6,0) -> UN | G54: =VLOOKUP($B54,[1]BOLETIM_SEL!$A:$H,7,0) -> 283.12 | H54: =S_Preliminares!N22 -> 6 | I54: =TRUNC(G54*(1+$J$5),2) -> 345.4 | J54: =TRUNC(H54*I54,2) -> 2072.4 | K54: =J54/J$930 -> 0.00056329674 | L54: =J54/J$34 -> 0.01206881
A55: =IF(H55>0,A54+0.01,A54) -> 1.16 | B55: SP/0060 | C55: =VLOOKUP($B55,[1]BOLETIM_SEL!$A:$H,2,0) -> COMPOSIÇÃO | D55: =VLOOKUP($B55,[1]BOLETIM_SEL!$A:$H,4,0) -> Reparo em ramal de ligação predial de água | F55: =VLOOKUP($B55,[1]BOLETIM_SEL!$A:$H,6,0) -> UN | G55: =VLOOKUP($B55,[1]BOLETIM_SEL!$A:$H,7,0) -> 245.88 | H55: =S_Preliminares!N23 -> 12 | I55: =TRUNC(G55*(1+$J$5),2) -> 299.97 | J55: =TRUNC(H55*I55,2) -> 3599.64 | K55: =J55/J$930 -> 0.00097841414 | L55: =J55/J$34 -> 0.020962832
A56: =IF(H56>0,A55+0.01,A55) -> 1.17 | B56: 100575 | C56: =VLOOKUP($B56,[1]BOLETIM_SEL!$A:$H,2,0) -> SINAPI | D56: =VLOOKUP($B56,[1]BOLETIM_SEL!$A:$H,4,0) -> Regularização de superfícies com motoniveladora. AF_11/2019 | F56: =VLOOKUP($B56,[1]BOLETIM_SEL!$A:$H,6,0) -> M2 | G56: =VLOOKUP($B56,[1]BOLETIM_SEL!$A:$H,7,0) -> 0.12 | H56: =S_Preliminares!N24 -> 2322.67 | I56: =TRUNC(G56*(1+$J$5),2) -> 0.14 | J56: =TRUNC(H56*I56,2) -> 325.17 | K56: =J56/J$930 -> 8.8384096e-05 | L56: =J56/J$34 -> 0.0018936571
A57: =IF(H57>0,A56+0.01,A56) -> 1.18 | B57: =IF(AND(M57="ESCAVADEIRA",H57<=50),100978,IF(AND(M57="ESCAVADEIRA",H57>50),100979,IF(AND(M57="CARREGADEIRA",H57<=50),100974,100975))) -> 100979 | C57: =VLOOKUP($B57,[1]BOLETIM_SEL!$A:$H,2,0) -> SINAPI | D57: =VLOOKUP($B57,[1]BOLETIM_SEL!$A:$H,4,0) -> Carga, manobra e descarga de solos e materiais granulares em caminhão basculante 14 m3 - carga com escavadeira hidráulica (capacidade da caçamba: 1,20 m3 / potência: 155 HP) e descarga livre (unidade: m3). AF_07/2020 | F57: =VLOOKUP($B57,[1]BOLETIM_SEL!$A:$H,6,0) -> M3 | G57: =VLOOKUP($B57,[1]BOLETIM_SEL!$A:$H,7,0) -> 6.46 | H57: =S_Preliminares!N25 -> 2000 | I57: =TRUNC(G57*(1+$J$5),2) -> 7.88 | J57: =TRUNC(H57*I57,2) -> 15760 | K57: =J57/J$930 -> 0.004283708 | L57: =J57/J$34 -> 0.091779797 | M57: ESCAVADEIRA
D58: TRANSPORTE DE BOTA-FORA - PRODUTO DA LIMPEZA | J58: =IF(J59=0,"-","") | M58: Depósito de expurgo SEM reciclagem: 1
A59: =IF(H59>0,A57+0.01,A57) -> 1.19 | B59: =IF(AND(M59<=50,E59<=30),95876,IF(AND(M59<=50,E59>30),93590,IF(AND(M59>50,E59<=30),95876,93593))) -> 95876 | C59: =VLOOKUP($B59,[1]BOLETIM_SEL!$A:$H,2,0) -> SINAPI | D59: =VLOOKUP($B59,[1]BOLETIM_SEL!$A:$H,4,0) -> Transporte com caminhão basculante de 14 m3, em via urbana pavimentada, DMT até 30,00 km (unidade: m3xkm). AF_07/2020 | E59: =Dados_DMT!$B$17 -> 8 | F59: =VLOOKUP($B59,[1]BOLETIM_SEL!$A:$H,6,0) -> M3XKM | G59: =VLOOKUP($B59,[1]BOLETIM_SEL!$A:$H,7,0) -> 2.07 | H59: =ROUND(H57*E59,2) -> 16000 | I59: =TRUNC(G59*(1+$J$5),2) -> 2.52 | J59: =TRUNC(H59*I59,2) -> 40320 | K59: =J59/J$930 -> 0.010959334 | L59: =J59/J$34 -> 0.2348072 | M59: =IF(H59=0,0,H59/E59) -> 2000
D60: TRANSPORTE DE PEDRA TIPO BRITA / PULMÃO / DE MÃO / RACHÃO | J60: =IF(J61=0,"-","") | M60: Depósito de expurgo SEM reciclagem: 1
A61: =IF(H61>0,A59+0.01,A59) -> 1.2 | B61: =IF(AND(M61<=50,E61<=30),95876,IF(AND(M61<=50,E61>30),93590,IF(AND(M61>50,E61<=30),95876,93593))) -> 95876 | C61: =VLOOKUP($B61,[1]BOLETIM_SEL!$A:$H,2,0) -> SINAPI | D61: =VLOOKUP($B61,[1]BOLETIM_SEL!$A:$H,4,0) -> Transporte com caminhão basculante de 14 m3, em via urbana pavimentada, DMT até 30,00 km (unidade: m3xkm). AF_07/2020 | E61: =Dados_DMT!$B$34 -> 24 | F61: =VLOOKUP($B61,[1]BOLETIM_SEL!$A:$H,6,0) -> M3XKM | G61: =VLOOKUP($B61,[1]BOLETIM_SEL!$A:$H,7,0) -> 2.07 | H61: =ROUND(S_Preliminares!N17*1.1*E61,2) -> 3300 | I61: =TRUNC(G61*(1+$J$5),2) -> 2.52 | J61: =TRUNC(H61*I61,2) -> 8316 | K61: =J61/J$930 -> 0.0022603627 | L61: =J61/J$34 -> 0.048428984 | M61: =IF(H61=0,0,H61/E61) -> 137.5
J62: =IF(J34=0,0,"")
A63: =IF(J63>0,INT(A61)+1,IF(J63=0,INT(A61),0)) -> 2 | D63: REMOÇÕES, DEMOLIÇÕES E SUPRESSÕES | G63: Demolicao!A1 | I63: =CONCATENATE("SUB-TOTAL ",A63) -> SUB-TOTAL 2 | J63: =SUM(J64:J98) -> 39105.55 | K63: =J63/J$930 -> 0.010629236 | L63: =J63/$J$63 -> 1 | N63: produção | O63: prazo (h) | U63: =J65+J71+J73+J88+J94 -> 32180.88
A64: =IF(H64>0,A63+0.01,A63) -> 2 | B64: SR/0010 | C64: =VLOOKUP($B64,[1]BOLETIM_SEL!$A:$H,2,0) -> COMPOSIÇÃO | D64: =VLOOKUP($B64,[1]BOLETIM_SEL!$A:$H,4,0) -> Demolição de concreto simples, de forma manual, sem reaproveitamento (REF. SICRO COD. 1600436) | F64: =VLOOKUP($B64,[1]BOLETIM_SEL!$A:$H,6,0) -> M3 | G64: =VLOOKUP($B64,[1]BOLETIM_SEL!$A:$H,7,0) -> 277.85 | H64: =Demolicao!M5 -> 0 | I64: =TRUNC(G64*(1+$J$5),2) -> 338.97 | J64: =TRUNC(H64*I64,2) -> 0 | K64: =J64/J$930 -> 0 | L64: =J64/$J$63 -> 0 | N64: =VLOOKUP($B64,[1]BOLETIM_SEL!$A:$H,3,0) -> 0.08 | O64: =H64/N64 -> 0
A65: =IF(H65>0,A64+0.01,A64) -> 2.01 | B65: SR/0020 | C65: =VLOOKUP($B65,[1]BOLETIM_SEL!$A:$H,2,0) -> COMPOSIÇÃO | D65: =VLOOKUP($B65,[1]BOLETIM_SEL!$A:$H,4,0) -> Demolição de concreto simples, de forma mecanizada, sem reaproveitamento (REF. SICRO COD. 1600989, db 01-2023) | F65: =VLOOKUP($B65,[1]BOLETIM_SEL!$A:$H,6,0) -> M3 | G65: =VLOOKUP($B65,[1]BOLETIM_SEL!$A:$H,7,0) -> 251.87 | H65: =Demolicao!M10 -> 76.15 | I65: =TRUNC(G65*(1+$J$5),2) -> 307.28 | J65: =TRUNC(H65*I65,2) -> 23399.37 | K65: =J65/J$930 -> 0.0063601567 | L65: =J65/$J$63 -> 0.59836443 | N65: =VLOOKUP($B65,[1]BOLETIM_SEL!$A:$H,3,0) -> 0.6 | O65: =H65/N65 -> 126.91667
A66: =IF(H66>0,A65+0.01,A65) -> 2.01 | B66: SR/0030 | C66: =VLOOKUP($B66,[1]BOLETIM_SEL!$A:$H,2,0) -> COMPOSIÇÃO | D66: =VLOOKUP($B66,[1]BOLETIM_SEL!$A:$H,4,0) -> Demolição de concreto armado, de forma manual, sem reaproveitamento (REF. SICRO COD. 1600438) | F66: =VLOOKUP($B66,[1]BOLETIM_SEL!$A:$H,6,0) -> M3 | G66: =VLOOKUP($B66,[1]BOLETIM_SEL!$A:$H,7,0) -> 444.56 | H66: =Demolicao!M15 -> 0 | I66: =TRUNC(G66*(1+$J$5),2) -> 542.36 | J66: =TRUNC(H66*I66,2) -> 0 | K66: =J66/J$930 -> 0 | L66: =J66/$J$63 -> 0 | N66: =VLOOKUP($B66,[1]BOLETIM_SEL!$A:$H,3,0) -> 0.05 | O66: =H66/N66 -> 0
A67: =IF(H67>0,A66+0.01,A66) -> 2.01 | B67: SR/0040 | C67: =VLOOKUP($B67,[1]BOLETIM_SEL!$A:$H,2,0) -> COMPOSIÇÃO | D67: =VLOOKUP($B67,[1]BOLETIM_SEL!$A:$H,4,0) -> Demolição de concreto armado, de forma mecanizada, sem reaproveitamento (REF. SICRO COD. 1619003) | F67: =VLOOKUP($B67,[1]BOLETIM_SEL!$A:$H,6,0) -> M3 | G67: =VLOOKUP($B67,[1]BOLETIM_SEL!$A:$H,7,0) -> 160.36 | H67: =Demolicao!M20 -> 0 | I67: =TRUNC(G67*(1+$J$5),2) -> 195.63 | J67: =TRUNC(H67*I67,2) -> 0 | K67: =J67/J$930 -> 0 | L67: =J67/$J$63 -> 0 | N67: =VLOOKUP($B67,[1]BOLETIM_SEL!$A:$H,3,0) -> 4.77 | O67: =H67/N67 -> 0
A68: =IF(H68>0,A67+0.01,A67) -> 2.01 | B68: 97624 | C68: =VLOOKUP($B68,[1]BOLETIM_SEL!$A:$H,2,0) -> SINAPI | D68: =VLOOKUP($B68,[1]BOLETIM_SEL!$A:$H,4,0) -> Demolição de alvenaria de tijolo maciço, de forma manual, sem reaproveitamento. AF_12/2017 | F68: =VLOOKUP($B68,[1]BOLETIM_SEL!$A:$H,6,0) -> M3 | G68: =VLOOKUP($B68,[1]BOLETIM_SEL!$A:$H,7,0) -> 96.79 | H68: =Demolicao!M25 -> 0 | I68: =TRUNC(G68*(1+$J$5),2) -> 118.08 | J68: =TRUNC(H68*I68,2) -> 0 | K68: =J68/J$930 -> 0 | L68: =J68/$J$63 -> 0 | N68: =VLOOKUP($B68,[1]BOLETIM_SEL!$A:$H,3,0) -> 2.36 | O68: =H68/N68 -> 0
A69: =IF(H69>0,A68+0.01,A68) -> 2.01 | B69: SR/0070 | C69: =VLOOKUP($B69,[1]BOLETIM_SEL!$A:$H,2,0) -> COMPOSIÇÃO | D69: =VLOOKUP($B69,[1]BOLETIM_SEL!$A:$H,4,0) -> Demolição de alvenaria de pedra, de forma manual, com reaproveitamento | F69: =VLOOKUP($B69,[1]BOLETIM_SEL!$A:$H,6,0) -> M3 | G69: =VLOOKUP($B69,[1]BOLETIM_SEL!$A:$H,7,0) -> 88.91 | H69: =Demolicao!M30 -> 0 | I69: =TRUNC(G69*(1+$J$5),2) -> 108.47 | J69: =TRUNC(H69*I69,2) -> 0 | K69: =J69/J$930 -> 0 | L69: =J69/$J$63 -> 0 | N69: =VLOOKUP($B69,[1]BOLETIM_SEL!$A:$H,3,0) -> 2.5 | O69: =H69/N69 -> 0
A70: =IF(H70>0,A69+0.01,A69) -> 2.01 | B70: SR/0050 | C70: =VLOOKUP($B70,[1]BOLETIM_SEL!$A:$H,2,0) -> COMPOSIÇÃO | D70: =VLOOKUP($B70,[1]BOLETIM_SEL!$A:$H,4,0) -> Demolição de piso em ladrilho, de forma mecanizada, sem reaproveitamento (REF. SINAPI COD. 97634) | F70: =VLOOKUP($B70,[1]BOLETIM_SEL!$A:$H,6,0) -> M2 | G70: =VLOOKUP($B70,[1]BOLETIM_SEL!$A:$H,7,0) -> 12.23 | H70: =Demolicao!M34 -> 0 | I70: =TRUNC(G70*(1+$J$5),2) -> 14.92 | J70: =TRUNC(H70*I70,2) -> 0 | K70: =J70/J$930 -> 0 | L70: =J70/$J$63 -> 0 | N70: =VLOOKUP($B70,[1]BOLETIM_SEL!$A:$H,3,0) -> 7.15 | O70: =H70/N70 -> 0
A71: =IF(H71>0,A70+0.01,A70) -> 2.02 | B71: 97636 | C71: =VLOOKUP($B71,[1]BOLETIM_SEL!$A:$H,2,0) -> SINAPI | D71: =VLOOKUP($B71,[1]BOLETIM_SEL!$A:$H,4,0) -> Demolição parcial de pavimento asfáltico, de forma mecanizada, sem reaproveitamento. AF_12/2017 | F71: =VLOOKUP($B71,[1]BOLETIM_SEL!$A:$H,6,0) -> M2 | G71: =VLOOKUP($B71,[1]BOLETIM_SEL!$A:$H,7,0) -> 19.1 | H71: =Demolicao!M40 -> 84.85 | I71: =TRUNC(G71*(1+$J$5),2) -> 23.3 | J71: =TRUNC(H71*I71,2) -> 1977 | K71: =J71/J$930 -> 0.00053736617 | L71: =J71/$J$63 -> 0.050555484 | N71: =VLOOKUP($B71,[1]BOLETIM_SEL!$A:$H,3,0) -> 8.18 | O71: =H71/N71 -> 10.372861
A72: =IF(H72>0,A71+0.01,A71) -> 2.02 | B72: SR/0060 | C72: =VLOOKUP($B72,[1]BOLETIM_SEL!$A:$H,2,0) -> COMPOSIÇÃO | D72: =VLOOKUP($B72,[1]BOLETIM_SEL!$A:$H,4,0) -> Remoção de piso em bloco de concreto, de forma mecanizada, sem reaproveitamento | F72: =VLOOKUP($B72,[1]BOLETIM_SEL!$A:$H,6,0) -> M2 | G72: =VLOOKUP($B72,[1]BOLETIM_SEL!$A:$H,7,0) -> 12.93 | H72: =Demolicao!M46 -> 0 | I72: =TRUNC(G72*(1+$J$5),2) -> 15.77 | J72: =TRUNC(H72*I72,2) -> 0 | K72: =J72/J$930 -> 0 | L72: =J72/$J$63 -> 0 | N72: =VLOOKUP($B72,[1]BOLETIM_SEL!$A:$H,3,0) -> 21.78 | O72: =H72/N72 -> 0
A73: =IF(H73>0,A72+0.01,A72) -> 2.03 | B73: SR/0100 | C73: =VLOOKUP($B73,[1]BOLETIM_SEL!$A:$H,2,0) -> COMPOSIÇÃO | D73: =VLOOKUP($B73,[1]BOLETIM_SEL!$A:$H,4,0) -> Recorte mecânico de pavimento asfáltico ou piso de concreto, com serra de disco diamantado para piso/asfalto. REF SICRO 4011537, DB 04-2023 | F73: =VLOOKUP($B73,[1]BOLETIM_SEL!$A:$H,6,0) -> M | G73: =VLOOKUP($B73,[1]BOLETIM_SEL!$A:$H,7,0) -> 3.6 | H73: =Demolicao!M54 -> 858.19 | I73: =TRUNC(G73*(1+$J$5),2) -> 4.39 | J73: =TRUNC(H73*I73,2) -> 3767.45 | K73: =J73/J$930 -> 0.0010240264 | L73: =J73/$J$63 -> 0.096340545 | N73: =VLOOKUP($B73,[1]BOLETIM_SEL!$A:$H,3,0) -> 12 | O73: =H73/N73 -> 71.515833
A74: =IF(H74>0,A73+0.01,A73) -> 2.03 | B74: SR/0080 | C74: =VLOOKUP($B74,[1]BOLETIM_SEL!$A:$H,2,0) -> COMPOSIÇÃO | D74: =VLOOKUP($B74,[1]BOLETIM_SEL!$A:$H,4,0) -> Demolição de boca de lobo, incluindo carga e bota-fora do entulho e reaterro da cava | F74: =VLOOKUP($B74,[1]BOLETIM_SEL!$A:$H,6,0) -> UN | G74: =VLOOKUP($B74,[1]BOLETIM_SEL!$A:$H,7,0) -> 466.51 | H74: =Demolicao!M55 -> 0 | I74: =TRUNC(G74*(1+$J$5),2) -> 569.14 | J74: =TRUNC(H74*I74,2) -> 0 | K74: =J74/J$930 -> 0 | L74: =J74/$J$63 -> 0
A75: =IF(H75>0,A74+0.01,A74) -> 2.03 | B75: SR/0090 | C75: =VLOOKUP($B75,[1]BOLETIM_SEL!$A:$H,2,0) -> COMPOSIÇÃO | D75: =VLOOKUP($B75,[1]BOLETIM_SEL!$A:$H,4,0) -> Demolição de poço de visita, inclusive carga e bota-fora do entulho | F75: =VLOOKUP($B75,[1]BOLETIM_SEL!$A:$H,6,0) -> UN | G75: =VLOOKUP($B75,[1]BOLETIM_SEL!$A:$H,7,0) -> 989.87 | H75: =Demolicao!M56 -> 0 | I75: =TRUNC(G75*(1+$J$5),2) -> 1207.64 | J75: =TRUNC(H75*I75,2) -> 0 | K75: =J75/J$930 -> 0 | L75: =J75/$J$63 -> 0
A76: =IF(H76>0,A75+0.01,A75) -> 2.03 | B76: SR/0120 | C76: =VLOOKUP($B76,[1]BOLETIM_SEL!$A:$H,2,0) -> COMPOSIÇÃO | D76: =VLOOKUP($B76,[1]BOLETIM_SEL!$A:$H,4,0) -> Remoção de alambrado com tela de arame galvanizado (inclusive mureta em concreto). (REF SINAPI CÓD 98522, DB 11-2022) | F76: =VLOOKUP($B76,[1]BOLETIM_SEL!$A:$H,6,0) -> M | G76: =VLOOKUP($B76,[1]BOLETIM_SEL!$A:$H,7,0) -> 50 | H76: =+Pav_Terraplenagem!M25 -> 0 | I76: =TRUNC(G76*(1+$J$5),2) -> 61 | J76: =TRUNC(H76*I76,2) -> 0 | K76: =J76/J$930 -> 0 | L76: =J76/$J$63 -> 0
A77: =IF(H77>0,A76+0.01,A76) -> 2.04 | B77: 98526 | C77: =VLOOKUP($B77,[1]BOLETIM_SEL!$A:$H,2,0) -> SINAPI | D77: =VLOOKUP($B77,[1]BOLETIM_SEL!$A:$H,4,0) -> Remoção de raízes remanescentes de tronco de árvore com diâmetro maior ou igual a 0,20 m e menor que 0,40 m. AF_05/2018 | F77: =VLOOKUP($B77,[1]BOLETIM_SEL!$A:$H,6,0) -> UN | G77: =VLOOKUP($B77,[1]BOLETIM_SEL!$A:$H,7,0) -> 81.43 | H77: =Demolicao!M57 -> 9 | I77: =TRUNC(G77*(1+$J$5),2) -> 99.34 | J77: =TRUNC(H77*I77,2) -> 894.06 | K77: =J77/J$930 -> 0.00024301345 | L77: =J77/$J$63 -> 0.022862739
A78: =IF(H78>0,A77+0.01,A77) -> 2.05 | B78: 98527 | C78: =VLOOKUP($B78,[1]BOLETIM_SEL!$A:$H,2,0) -> SINAPI | D78: =VLOOKUP($B78,[1]BOLETIM_SEL!$A:$H,4,0) -> Remoção de raízes remanescentes de tronco de árvore com diâmetro maior ou igual a 0,40 m e menor que 0,60 m. AF_05/2018 | F78: =VLOOKUP($B78,[1]BOLETIM_SEL!$A:$H,6,0) -> UN | G78: =VLOOKUP($B78,[1]BOLETIM_SEL!$A:$H,7,0) -> 175.3 | H78: =Demolicao!M58 -> 1 | I78: =TRUNC(G78*(1+$J$5),2) -> 213.86 | J78: =TRUNC(H78*I78,2) -> 213.86 | K78: =J78/J$930 -> 5.8129048e-05 | L78: =J78/$J$63 -> 0.005468789
A79: =IF(H79>0,A78+0.01,A78) -> 2.05 | B79: 98528 | C79: =VLOOKUP($B79,[1]BOLETIM_SEL!$A:$H,2,0) -> SINAPI | D79: =VLOOKUP($B79,[1]BOLETIM_SEL!$A:$H,4,0) -> Remoção de raízes remanescentes de tronco de árvore com diâmetro maior ou igual a 0,60 m. AF_05/2018 | F79: =VLOOKUP($B79,[1]BOLETIM_SEL!$A:$H,6,0) -> UN | G79: =VLOOKUP($B79,[1]BOLETIM_SEL!$A:$H,7,0) -> 256.34 | H79: =Demolicao!M59 -> 0 | I79: =TRUNC(G79*(1+$J$5),2) -> 312.73 | J79: =TRUNC(H79*I79,2) -> 0 | K79: =J79/J$930 -> 0 | L79: =J79/$J$63 -> 0
A80: =IF(H80>0,A79+0.01,A79) -> 2.06 | B80: 98529 | C80: =VLOOKUP($B80,[1]BOLETIM_SEL!$A:$H,2,0) -> SINAPI | D80: =VLOOKUP($B80,[1]BOLETIM_SEL!$A:$H,4,0) -> Corte raso e recorte de árvore com diâmetro nominal de tronco maior ou igual a 0,20 m e menor que 0,40 m. AF_05/2018 | F80: =VLOOKUP($B80,[1]BOLETIM_SEL!$A:$H,6,0) -> UN | G80: =VLOOKUP($B80,[1]BOLETIM_SEL!$A:$H,7,0) -> 63.53 | H80: =Demolicao!M60 -> 9 | I80: =TRUNC(G80*(1+$J$5),2) -> 77.5 | J80: =TRUNC(H80*I80,2) -> 697.5 | K80: =J80/J$930 -> 0.0001895867 | L80: =J80/$J$63 -> 0.017836343
A81: =IF(H81>0,A80+0.01,A80) -> 2.07 | B81: 98530 | C81: =VLOOKUP($B81,[1]BOLETIM_SEL!$A:$H,2,0) -> SINAPI | D81: =VLOOKUP($B81,[1]BOLETIM_SEL!$A:$H,4,0) -> Corte raso e recorte de árvore com diâmetro nominal de tronco maior ou igual a 0,40 m e menor que 0,60 m. AF_05/2018 | F81: =VLOOKUP($B81,[1]BOLETIM_SEL!$A:$H,6,0) -> UN | G81: =VLOOKUP($B81,[1]BOLETIM_SEL!$A:$H,7,0) -> 113.17 | H81: =Demolicao!M61 -> 1 | I81: =TRUNC(G81*(1+$J$5),2) -> 138.06 | J81: =TRUNC(H81*I81,2) -> 138.06 | K81: =J81/J$930 -> 3.7525935e-05 | L81: =J81/$J$63 -> 0.0035304452
A82: =IF(H82>0,A81+0.01,A81) -> 2.07 | B82: 98531 | C82: =VLOOKUP($B82,[1]BOLETIM_SEL!$A:$H,2,0) -> SINAPI | D82: =VLOOKUP($B82,[1]BOLETIM_SEL!$A:$H,4,0) -> Corte raso e recorte de árvore com diâmetro nominal de tronco maior ou igual a 0,60 m. AF_05/2018 | F82: =VLOOKUP($B82,[1]BOLETIM_SEL!$A:$H,6,0) -> UN | G82: =VLOOKUP($B82,[1]BOLETIM_SEL!$A:$H,7,0) -> 270.53 | H82: =Demolicao!M62 -> 0 | I82: =TRUNC(G82*(1+$J$5),2) -> 330.04 | J82: =TRUNC(H82*I82,2) -> 0 | K82: =J82/J$930 -> 0 | L82: =J82/$J$63 -> 0
A83: =IF(H83>0,A82+0.01,A82) -> 2.07 | B83: 98532 | C83: =VLOOKUP($B83,[1]BOLETIM_SEL!$A:$H,2,0) -> SINAPI | D83: =VLOOKUP($B83,[1]BOLETIM_SEL!$A:$H,4,0) -> Poda em altura de árvore com diâmetro nominal de tronco menor que 0,20 m. AF_05/2018 | F83: =VLOOKUP($B83,[1]BOLETIM_SEL!$A:$H,6,0) -> UN | G83: =VLOOKUP($B83,[1]BOLETIM_SEL!$A:$H,7,0) -> 114.22 | H83: =Demolicao!M63 -> 0 | I83: =TRUNC(G83*(1+$J$5),2) -> 139.34 | J83: =TRUNC(H83*I83,2) -> 0 | K83: =J83/J$930 -> 0 | L83: =J83/$J$63 -> 0
A84: =IF(H84>0,A83+0.01,A83) -> 2.08 | B84: 98533 | C84: =VLOOKUP($B84,[1]BOLETIM_SEL!$A:$H,2,0) -> SINAPI | D84: =VLOOKUP($B84,[1]BOLETIM_SEL!$A:$H,4,0) -> Poda em altura de árvore com diâmetro nominal de tronco maior ou igual a 0,20 m e menor que 0,40 m. AF_05/2018 | F84: =VLOOKUP($B84,[1]BOLETIM_SEL!$A:$H,6,0) -> UN | G84: =VLOOKUP($B84,[1]BOLETIM_SEL!$A:$H,7,0) -> 312.16 | H84: =Demolicao!M64 -> 9 | I84: =TRUNC(G84*(1+$J$5),2) -> 380.83 | J84: =TRUNC(H84*I84,2) -> 3427.47 | K84: =J84/J$930 -> 0.0009316168 | L84: =J84/$J$63 -> 0.087646638
A85: =IF(H85>0,A84+0.01,A84) -> 2.09 | B85: 98534 | C85: =VLOOKUP($B85,[1]BOLETIM_SEL!$A:$H,2,0) -> SINAPI | D85: =VLOOKUP($B85,[1]BOLETIM_SEL!$A:$H,4,0) -> Poda em altura de árvore com diâmetro nominal de tronco maior ou igual a 0,40 m e menor que 0,60 m. AF_05/2018 | F85: =VLOOKUP($B85,[1]BOLETIM_SEL!$A:$H,6,0) -> UN | G85: =VLOOKUP($B85,[1]BOLETIM_SEL!$A:$H,7,0) -> 800.51 | H85: =Demolicao!M65 -> 1 | I85: =TRUNC(G85*(1+$J$5),2) -> 976.62 | J85: =TRUNC(H85*I85,2) -> 976.62 | K85: =J85/J$930 -> 0.00026545399 | L85: =J85/$J$63 -> 0.024973949
A86: =IF(H86>0,A85+0.01,A85) -> 2.09 | B86: 98535 | C86: =VLOOKUP($B86,[1]BOLETIM_SEL!$A:$H,2,0) -> SINAPI | D86: =VLOOKUP($B86,[1]BOLETIM_SEL!$A:$H,4,0) -> Poda em altura de árvore com diâmetro nominal de tronco maior ou igual a 0,60 m. AF_05/2018 | F86: =VLOOKUP($B86,[1]BOLETIM_SEL!$A:$H,6,0) -> UN | G86: =VLOOKUP($B86,[1]BOLETIM_SEL!$A:$H,7,0) -> 1265.69 | H86: =Demolicao!M66 -> 0 | I86: =TRUNC(G86*(1+$J$5),2) -> 1544.14 | J86: =TRUNC(H86*I86,2) -> 0 | K86: =J86/J$930 -> 0 | L86: =J86/$J$63 -> 0
A87: =IF(H87>0,A86+0.01,A86) -> 2.09 | B87: ST/0020 | C87: =VLOOKUP($B87,[1]BOLETIM_SEL!$A:$H,2,0) -> COMPOSIÇÃO | D87: =VLOOKUP($B87,[1]BOLETIM_SEL!$A:$H,4,0) -> Carga manual, manobra e descarga de entulho em caminhão basculante 6m3 (REF. SICRO COD. 72897) | F87: =VLOOKUP($B87,[1]BOLETIM_SEL!$A:$H,6,0) -> M3 | G87: =VLOOKUP($B87,[1]BOLETIM_SEL!$A:$H,7,0) -> 28.57 | H87: =Demolicao!M50 -> 0 | I87: =TRUNC(G87*(1+$J$5),2) -> 34.85 | J87: =TRUNC(H87*I87,2) -> 0 | K87: =J87/J$930 -> 0 | L87: =J87/$J$63 -> 0
A88: =IF(H88>0,A87+0.01,A87) -> 2.1 | B88: 100983 | C88: =VLOOKUP($B88,[1]BOLETIM_SEL!$A:$H,2,0) -> SINAPI | D88: =VLOOKUP($B88,[1]BOLETIM_SEL!$A:$H,4,0) -> Carga, manobra e descarga de entulho em caminhão basculante 14 m3 - carga com escavadeira hidráulica (capacidade da caçamba: 0,80 m3 / potência: 111 HP) e descarga livre (unidade: m3). AF_07/2020 | F88: =VLOOKUP($B88,[1]BOLETIM_SEL!$A:$H,6,0) -> M3 | G88: =VLOOKUP($B88,[1]BOLETIM_SEL!$A:$H,7,0) -> 8.75 | H88: =Demolicao!M52+IF(Demolicao!M72<=50,Demolicao!M72,0) -> 98.51 | I88: =TRUNC(G88*(1+$J$5),2) -> 10.67 | J88: =TRUNC(H88*I88,2) -> 1051.1 | K88: =J88/J$930 -> 0.00028569832 | L88: =J88/$J$63 -> 0.026878538
A89: =IF(H89>0,A88+0.01,A88) -> 2.1 | B89: 100983 | C89: =VLOOKUP($B89,[1]BOLETIM_SEL!$A:$H,2,0) -> SINAPI | D89: =VLOOKUP($B89,[1]BOLETIM_SEL!$A:$H,4,0) -> Carga, manobra e descarga de entulho em caminhão basculante 14 m3 - carga com escavadeira hidráulica (capacidade da caçamba: 0,80 m3 / potência: 111 HP) e descarga livre (unidade: m3). AF_07/2020 | F89: =VLOOKUP($B89,[1]BOLETIM_SEL!$A:$H,6,0) -> M3 | G89: =VLOOKUP($B89,[1]BOLETIM_SEL!$A:$H,7,0) -> 8.75 | H89: =IF(Demolicao!M72>50,Demolicao!M72,0) -> 0 | I89: =TRUNC(G89*(1+$J$5),2) -> 10.67 | J89: =TRUNC(H89*I89,2) -> 0 | K89: =J89/J$930 -> 0 | L89: =J89/$J$63 -> 0
A90: =IF(H90>0,A89+0.01,A89) -> 2.11 | B90: ST/0070 | C90: =VLOOKUP($B90,[1]BOLETIM_SEL!$A:$H,2,0) -> COMPOSIÇÃO | D90: =VLOOKUP($B90,[1]BOLETIM_SEL!$A:$H,4,0) -> Carga, manobra e descarga de materiais diversos em caminhão carroceria - carga e descaga manuais (REF. SICRO COD. 5915474) | F90: =VLOOKUP($B90,[1]BOLETIM_SEL!$A:$H,6,0) -> T | G90: =VLOOKUP($B90,[1]BOLETIM_SEL!$A:$H,7,0) -> 30.39 | H90: =Demolicao!M75 -> 10 | I90: =TRUNC(G90*(1+$J$5),2) -> 37.07 | J90: =TRUNC(H90*I90,2) -> 370.7 | K90: =J90/J$930 -> 0.00010075955 | L90: =J90/$J$63 -> 0.0094794729
D91: TRANSPORTE DE SOLO SELECIONADO PARA COMPENSAÇÃO | J91: =IF(J92=0,"-","") -> - | M91: Depósito provisório
A92: =IF(H92>0,A90+0.01,A90) -> 2.11 | B92: 100938 | C92: =VLOOKUP($B92,[1]BOLETIM_SEL!$A:$H,2,0) -> SINAPI | D92: =VLOOKUP($B92,[1]BOLETIM_SEL!$A:$H,4,0) -> Transporte com caminhão basculante de 10 m3, em via interna (dentro do canteiro - unidade: m3xkm). AF_07/2020 | E92: =Dados_DMT!$B$15 -> 1 | F92: =VLOOKUP($B92,[1]BOLETIM_SEL!$A:$H,6,0) -> M3XKM | G92: =VLOOKUP($B92,[1]BOLETIM_SEL!$A:$H,7,0) -> 7.11 | H92: =ROUND(Demolicao!M71*E92,2) -> 0 | I92: =TRUNC(G92*(1+$J$5),2) -> 8.67 | J92: =TRUNC(H92*I92,2) -> 0 | K92: =J92/J$930 -> 0 | L92: =J92/$J$63 -> 0
D93: TRANSPORTE DE BOTA-FORA - PRODUTO DA DEMOLIÇÃO | J93: =IF(J94=0,"-","") | M93: Depósito de expurgo SEM reciclagem: 1
A94: =IF(H94>0,A92+0.01,A92) -> 2.12 | B94: =IF(AND(M94<=50,E94<=30),95876,IF(AND(M94<=50,E94>30),93590,IF(AND(M94>50,E94<=30),95876,93593))) -> 95876 | C94: =VLOOKUP($B94,[1]BOLETIM_SEL!$A:$H,2,0) -> SINAPI | D94: =VLOOKUP($B94,[1]BOLETIM_SEL!$A:$H,4,0) -> Transporte com caminhão basculante de 14 m3, em via urbana pavimentada, DMT até 30,00 km (unidade: m3xkm). AF_07/2020 | E94: =Dados_DMT!$B$17 -> 8 | F94: =VLOOKUP($B94,[1]BOLETIM_SEL!$A:$H,6,0) -> M3XKM | G94: =VLOOKUP($B94,[1]BOLETIM_SEL!$A:$H,7,0) -> 2.07 | H94: =ROUND(Demolicao!M70*E94,2) -> 788.08 | I94: =TRUNC(G94*(1+$J$5),2) -> 2.52 | J94: =TRUNC(H94*I94,2) -> 1985.96 | K94: =J94/J$930 -> 0.00053980158 | L94: =J94/$J$63 -> 0.050784607 | M94: =IF(H94=0,0,H94/E94) -> 98.51
D95: TRANSPORTE DE BOTA-FORA PARA RECICLAGEM | J95: =IF(J96=0,"-","") -> - | M95: Definir depósito reciclável: 2, 3 ou 4
A96: =IF(H96>0,A94+0.01,A94) -> 2.12 | B96: =IF(AND(M96<=50,E96<=30),95875,IF(AND(M96<=50,E96>30),93590,IF(AND(M96>50,E96<=30),95876,93593))) -> 95875 | C96: =VLOOKUP($B96,[1]BOLETIM_SEL!$A:$H,2,0) -> SINAPI | D96: =VLOOKUP($B96,[1]BOLETIM_SEL!$A:$H,4,0) -> Transporte com caminhão basculante de 10 m3, em via urbana pavimentada, DMT até 30,00 km (unidade: m3xkm). AF_07/2020 | E96: =Dados_DMT!$B$19 -> 0 | F96: =VLOOKUP($B96,[1]BOLETIM_SEL!$A:$H,6,0) -> M3XKM | G96: =VLOOKUP($B96,[1]BOLETIM_SEL!$A:$H,7,0) -> 2.36 | H96: =ROUND(Demolicao!M73*E96,2) -> 0 | I96: =TRUNC(G96*(1+$J$5),2) -> 2.87 | J96: =TRUNC(H96*I96,2) -> 0 | K96: =J96/J$930 -> 0 | L96: =J96/$J$63 -> 0 | M96: =IF(H96=0,0,H96/E96) -> 0
D97: TRANSPORTE DE BOTA-FORA - PRODUTO DA SUPRESSÃO | J97: =IF(J98=0,"-","") | M97: Definir depósito expurgo:1
A98: =IF(H98>0,A96+0.01,A96) -> 2.13 | B98: 100947 | C98: =VLOOKUP($B98,[1]BOLETIM_SEL!$A:$H,2,0) -> SINAPI | D98: =VLOOKUP($B98,[1]BOLETIM_SEL!$A:$H,4,0) -> Transporte com caminhão carroceria 9t, em via urbana pavimentada, DMT até 30,00 km (unidade: txkm). AF_07/2020 | E98: =Dados_DMT!$B$17 -> 8 | F98: =VLOOKUP($B98,[1]BOLETIM_SEL!$A:$H,6,0) -> TXKM | G98: =VLOOKUP($B98,[1]BOLETIM_SEL!$A:$H,7,0) -> 2.12 | H98: =ROUND(Demolicao!M75*E98,2) -> 80 | I98: =TRUNC(G98*(1+$J$5),2) -> 2.58 | J98: =TRUNC(H98*I98,2) -> 206.4 | K98: =J98/J$930 -> 5.6101354e-05 | L98: =J98/$J$63 -> 0.0052780232
J99: =IF(J63=0,0,"")
A100: =IF(J100>0,INT(A98)+1,IF(J100=0,INT(A98),0)) -> 3 | D100: MICRODRENAGEM - TERRAPLENAGEM | G100: Dre_Terraplenagem!A1 | I100: =CONCATENATE("SUB-TOTAL ",A100) -> SUB-TOTAL 3 | J100: =SUM(J101:J181) -> 143972.28 | K100: =J100/J$930 -> 0.039132945 | L100: =J100/J$100 -> 1 | U100: =J105+J108+J109+J111+J124+J126+J129+J134+J135+J136+J137+J145+J148+J149+J151+J169+J171+J175 -> 143972.28
A101: =IF(H101>0,A100+0.01,A100) -> 3 | B101: DR/0050 | C101: =VLOOKUP($B101,[1]BOLETIM_SEL!$A:$H,2,0) -> COMPOSIÇÃO | D101: =VLOOKUP($B101,[1]BOLETIM_SEL!$A:$H,4,0) -> Esgotamento de água com bomba submersa (REF. SICRO COD. 2003864) | F101: =VLOOKUP($B101,[1]BOLETIM_SEL!$A:$H,6,0) -> H | G101: =VLOOKUP($B101,[1]BOLETIM_SEL!$A:$H,7,0) -> 22.17 | H101: =Dre_Terraplenagem!AE191 -> 0 | I101: =TRUNC(G101*(1+$J$5),2) -> 27.04 | J101: =TRUNC(H101*I101,2) -> 0 | K101: =J101/J$930 -> 0 | L101: =J101/J$100 -> 0
A102: =IF(H102>0,A101+0.01,A101) -> 3 | B102: DR/0040 | C102: =VLOOKUP($B102,[1]BOLETIM_SEL!$A:$H,2,0) -> COMPOSIÇÃO | D102: =VLOOKUP($B102,[1]BOLETIM_SEL!$A:$H,4,0) -> Arrancamento e remoção de canalização, Ø ≤ 60 cm. Exclusive bota-fora | F102: =VLOOKUP($B102,[1]BOLETIM_SEL!$A:$H,6,0) -> M | G102: =VLOOKUP($B102,[1]BOLETIM_SEL!$A:$H,7,0) -> 77.63 | H102: =Dre_Ser_Prelim!AE35 -> 0 | I102: =TRUNC(G102*(1+$J$5),2) -> 94.7 | J102: =TRUNC(H102*I102,2) -> 0 | K102: =J102/J$930 -> 0 | L102: =J102/J$100 -> 0
A103: =IF(H103>0,A102+0.01,A102) -> 3 | B103: DR/0045 | C103: =VLOOKUP($B103,[1]BOLETIM_SEL!$A:$H,2,0) -> COMPOSIÇÃO | D103: =VLOOKUP($B103,[1]BOLETIM_SEL!$A:$H,4,0) -> Arrancamento e remoção de canalização, Ø > 60 cm. Exclusive bota-fora | F103: =VLOOKUP($B103,[1]BOLETIM_SEL!$A:$H,6,0) -> M | G103: =VLOOKUP($B103,[1]BOLETIM_SEL!$A:$H,7,0) -> 131.52 | H103: =Dre_Ser_Prelim!AE36 -> 0 | I103: =TRUNC(G103*(1+$J$5),2) -> 160.45 | J103: =TRUNC(H103*I103,2) -> 0 | K103: =J103/J$930 -> 0 | L103: =J103/J$100 -> 0 | N103: produção | O103: prazo (h)
...

Sheet Cronograma_Não_Deson
A1: =Orçamento_Não_Deson!B1 -> PREFEITURA MUNICIPAL DE CAMPO GRANDE - MS | G1: =Orçamento_Não_Deson!B5 -> OBRA : | H1: =Orçamento_Não_Deson!C5 -> INFRAESTRUTURA URBANA - PAVIMENTAÇÃO ASFÁLTICA E DRENAGEM DE ÁGUAS PLUVIAIS
A2: =Orçamento_Não_Deson!B2 -> SECRETARIA MUNICIPAL DE INFRAESTRUTURA E SERVIÇOS PÚBLICOS - SISEP | G2: =Orçamento_Não_Deson!B6 -> LOCAL : | H2: =Orçamento_Não_Deson!C6 -> JARDIM NASHIVILLE - ETAPA "B" - FASE 2
A5: CRONOGRAMA FÍSICO FINANCEIRO | G5: DATA BASE: | H5: =Orçamento_Não_Deson!J1 -> Agosto/2023
G6: E.S.S.M.O.: | H6: =Orçamento_Não_Deson!J2 -> NÃO DESONERADA
A7: ITEM | B7: DISCRIMINAÇÃO DOS SERVIÇOS | C7: PRODUÇÃO | D7: MESES | F7: 1 | G7: 2 | H7: 3 | I7: 4 | J7: 5 | K7: 6 | L7: 7 | M7: 8 | N7: 9 | O7: 10 | P7: 11 | Q7: 12 | R7: 13 | S7: 14 | T7: 15 | U7: 16 | V7: 17 | W7: 18 | X7: Totais | Z7: serviço preliminar 1º mês (mínimo)
C8: MENSAL | D8: DIAS | F8: 30 | G8: 60 | H8: 90 | I8: 120 | J8: 150 | K8: 180 | L8: 210 | M8: 240 | N8: 270 | O8: 300 | P8: 330 | Q8: 360 | R8: 390 | S8: 420 | T8: 450 | U8: 480 | V8: 510 | W8: 540 | Z8: =+Orçamento_Não_Deson!J35+Orçamento_Não_Deson!J41+Orçamento_Não_Deson!J43+Orçamento_Não_Deson!J44 -> 23236.58 | AA8: =→ | AB8: =+Z8/D10 -> 0.13532034
A9: =Orçamento_Não_Deson!B13 -> 1 | B9: =Orçamento_Não_Deson!C13 -> SERVIÇOS PRELIMINARES | F9: =F10 -> 0.3 | G9: =G10 -> 0.2 | H9: =H10 -> 0.2 | I9: =I10 -> 0.1 | J9: =J10 -> 0.1 | K9: =K10 -> 0.1 | L9: =L10 -> 0 | M9: =M10 -> 0 | ... W9: =W10 -> 0 | Y9: =+D10-X11-X12 -> -2.910383e-11
C10: =CONCATENATE(Orçamento_Não_Deson!H13," ",Orçamento_Não_Deson!I13) -> 16 M2 | D10: =Orçamento_Não_Deson!J13 -> 171715.35 | F10: 0.3 | G10: 0.2 | H10: 0.2 | I10: 0.1 | J10: 0.1 | K10: 0.1 | X10: =SUM(F10:W10) -> 1 | Y10: =1-X10 -> 0 | AA10: =+COUNT(F10:W10) -> 6
D11: CONCEDENTE | E11: =D$88 -> 1 | F11: =IF($D10=0,0,IF(F10=0,0,($E11*$D10*F10)+$AA$92)) -> 51514.605 | G11: =IF($D10=0,0,IF(G10=0,0,($E11*$D10*G10)+$AA$92)) -> 34343.07 | H11: =IF($D10=0,0,IF(H10=0,0,($E11*$D10*H10)+$AA$92)) -> 34343.07 | I11: =IF($D10=0,0,IF(I10=0,0,($E11*$D10*I10)+$AA$92)) -> 17171.535 | J11: =IF($D10=0,0,IF(J10=0,0,($E11*$D10*J10)+$AA$92)) -> 17171.535 | K11: =IF($D10=0,0,IF(K10=0,0,($E11*$D10*K10)+$AA$92)) -> 17171.535 | L11: =IF($D10=0,0,IF(L10=0,0,($E11*$D10*L10)+$AA$92)) -> 0 | M11: =IF($D10=0,0,IF(M10=0,0,($E11*$D10*M10)+$AA$92)) -> 0 | ... W11: =IF($D10=0,0,IF(W10=0,0,($E11*$D10*W10)+$AA$92)) -> 0 | X11: =SUM(F11:W11) -> 171715.35 | Y11: =TRUNC(X11-D10*E11,2) -> 0 | Z11: =+X11/D10 -> 1
D12: PROPONENTE | E12: =1-E11 -> 0 | F12: =($D10*F10-F11) -> 0 | G12: =($D10*G10-G11) -> 0 | H12: =($D10*H10-H11) -> 0 | I12: =($D10*I10-I11) -> 0 | J12: =($D10*J10-J11) -> 0 | K12: =($D10*K10-K11) -> 0 | L12: =($D10*L10-L11) -> 0 | M12: =($D10*M10-M11) -> 0 | ... W12: =($D10*W10-W11) -> 0 | X12: =SUM(F12:W12) -> 0 | Y12: =+D10-X11-X12 -> -2.910383e-11
A13: =Orçamento_Não_Deson!B14 -> 2 | B13: =Orçamento_Não_Deson!C14 -> REMOÇÕES, DEMOLIÇÕES E SUPRESSÕES | F13: =F14 -> 0.5 | G13: =G14 -> 0.5 | H13: =H14 -> 0 | I13: =I14 -> 0 | J13: =J14 -> 0 | K13: =K14 -> 0 | L13: =L14 -> 0 | M13: =M14 -> 0 | ... W13: =W14 -> 0 | Y13: =+D14-X15-X16 -> 0
C14: =CONCATENATE(Orçamento_Não_Deson!H14," ",Orçamento_Não_Deson!I14) -> 858,19 M | D14: =Orçamento_Não_Deson!J14 -> 39105.55 | F14: 0.5 | G14: 0.5 | X14: =SUM(F14:W14) -> 1 | Y14: =1-X14 -> 0 | AA14: =+COUNT(F14:W14) -> 2
C15: =INT(SUM(Orçamento_Não_Deson!O64:O73)/240)+1 -> 1 | D15: CONCEDENTE | E15: =D$88 -> 1 | F15: =IF($D14=0,0,IF(F14=0,0,($E15*$D14*F14)+$AA$92)) -> 19552.775 | G15: =IF($D14=0,0,IF(G14=0,0,($E15*$D14*G14)+$AA$92)) -> 19552.775 | H15: =IF($D14=0,0,IF(H14=0,0,($E15*$D14*H14)+$AA$92)) -> 0 | I15: =IF($D14=0,0,IF(I14=0,0,($E15*$D14*I14)+$AA$92)) -> 0 | J15: =IF($D14=0,0,IF(J14=0,0,($E15*$D14*J14)+$AA$92)) -> 0 | K15: =IF($D14=0,0,IF(K14=0,0,($E15*$D14*K14)+$AA$92)) -> 0 | L15: =IF($D14=0,0,IF(L14=0,0,($E15*$D14*L14)+$AA$92)) -> 0 | M15: =IF($D14=0,0,IF(M14=0,0,($E15*$D14*M14)+$AA$92)) -> 0 | ... W15: =IF($D14=0,0,IF(W14=0,0,($E15*$D14*W14)+$AA$92)) -> 0 | X15: =SUM(F15:W15) -> 39105.55 | Y15: =TRUNC(X15-D14*E15,2) -> 0 | Z15: =+X15/D14 -> 1
D16: PROPONENTE | E16: =1-E15 -> 0 | F16: =($D14*F14-F15) -> 0 | G16: =($D14*G14-G15) -> 0 | H16: =($D14*H14-H15) -> 0 | I16: =($D14*I14-I15) -> 0 | J16: =($D14*J14-J15) -> 0 | K16: =($D14*K14-K15) -> 0 | L16: =($D14*L14-L15) -> 0 | M16: =($D14*M14-M15) -> 0 | ... W16: =($D14*W14-W15) -> 0 | X16: =SUM(F16:W16) -> 0 | Y16: =+D14-X15-X16 -> 0
A17: =Orçamento_Não_Deson!B15 -> 3 | B17: =Orçamento_Não_Deson!C15 -> MICRODRENAGEM - TERRAPLENAGEM | F17: =F18 -> 0.25 | G17: =G18 -> 0.2 | H17: =H18 -> 0.2 | I17: =I18 -> 0.15 | J17: =J18 -> 0.1 | K17: =K18 -> 0.1 | L17: =L18 -> 0 | M17: =M18 -> 0 | ... W17: =W18 -> 0 | Y17: =+D18-X19-X20 -> 0
C18: =CONCATENATE(Orçamento_Não_Deson!H15," ",Orçamento_Não_Deson!I15) -> 2041,07 M3 | D18: =Orçamento_Não_Deson!J15 -> 143972.28 | F18: 0.25 | G18: 0.2 | H18: 0.2 | I18: 0.15 | J18: 0.1 | K18: 0.1 | X18: =SUM(F18:W18) -> 1 | Y18: =1-X18 -> 0 | AA18: =+COUNT(F18:W18) -> 6
C19: =ROUND(SUM(Orçamento_Não_Deson!O104:O125)/240,1) -> 0.6 | D19: CONCEDENTE | E19: =D$88 -> 1 | F19: =IF($D18=0,0,IF(F18=0,0,($E19*$D18*F18)+$AA$92)) -> 35993.07 | G19: =IF($D18=0,0,IF(G18=0,0,($E19*$D18*G18)+$AA$92)) -> 28794.456 | H19: =IF($D18=0,0,IF(H18=0,0,($E19*$D18*H18)+$AA$92)) -> 28794.456 | I19: =IF($D18=0,0,IF(I18=0,0,($E19*$D18*I18)+$AA$92)) -> 21595.842 | J19: =IF($D18=0,0,IF(J18=0,0,($E19*$D18*J18)+$AA$92)) -> 14397.228 | K19: =IF($D18=0,0,IF(K18=0,0,($E19*$D18*K18)+$AA$92)) -> 14397.228 | L19: =IF($D18=0,0,IF(L18=0,0,($E19*$D18*L18)+$AA$92)) -> 0 | M19: =IF($D18=0,0,IF(M18=0,0,($E19*$D18*M18)+$AA$92)) -> 0 | ... W19: =IF($D18=0,0,IF(W18=0,0,($E19*$D18*W18)+$AA$92)) -> 0 | X19: =SUM(F19:W19) -> 143972.28 | Y19: =TRUNC(X19-D18*E19,2) -> 0 | Z19: =+X19/D18 -> 1
D20: PROPONENTE | E20: =1-E19 -> 0 | F20: =($D18*F18-F19) -> 0 | G20: =($D18*G18-G19) -> 0 | H20: =($D18*H18-H19) -> 0 | I20: =($D18*I18-I19) -> 0 | J20: =($D18*J18-J19) -> 0 | K20: =($D18*K18-K19) -> 0 | L20: =($D18*L18-L19) -> 0 | M20: =($D18*M18-M19) -> 0 | ... W20: =($D18*W18-W19) -> 0 | X20: =SUM(F20:W20) -> 0 | Y20: =+D18-X19-X20 -> 0
A21: =Orçamento_Não_Deson!B16 -> 4 | B21: =Orçamento_Não_Deson!C16 -> MICRODRENAGEM - GALERIAS | F21: =F22 -> 0.25 | G21: =G22 -> 0.2 | H21: =H22 -> 0.2 | I21: =I22 -> 0.15 | J21: =J22 -> 0.1 | K21: =K22 -> 0.1 | L21: =L22 -> 0 | M21: =M22 -> 0 | ... W21: =W22 -> 0 | Y21: =+D22-X23-X24 -> 0
C22: =CONCATENATE(Orçamento_Não_Deson!H16," ",Orçamento_Não_Deson!I16) -> 604,81 M | D22: =Orçamento_Não_Deson!J16 -> 213732.21 | F22: 0.25 | G22: 0.2 | H22: 0.2 | I22: 0.15 | J22: 0.1 | K22: 0.1 | X22: =SUM(F22:W22) -> 1 | Y22: =1-X22 -> 0 | AA22: =+COUNT(F22:W22) -> 6
C23: =ROUND((SUM(Orçamento_Não_Deson!O196:O207)+SUM(Orçamento_Não_Deson!O217:O241))/240,1) -> 0.9 | D23: CONCEDENTE | E23: =D$88 -> 1 | F23: =IF($D22=0,0,IF(F22=0,0,($E23*$D22*F22)+$AA$92)) -> 53433.052 | G23: =IF($D22=0,0,IF(G22=0,0,($E23*$D22*G22)+$AA$92)) -> 42746.442 | H23: =IF($D22=0,0,IF(H22=0,0,($E23*$D22*H22)+$AA$92)) -> 42746.442 | I23: =IF($D22=0,0,IF(I22=0,0,($E23*$D22*I22)+$AA$92)) -> 32059.831 | J23: =IF($D22=0,0,IF(J22=0,0,($E23*$D22*J22)+$AA$92)) -> 21373.221 | K23: =IF($D22=0,0,IF(K22=0,0,($E23*$D22*K22)+$AA$92)) -> 21373.221 | L23: =IF($D22=0,0,IF(L22=0,0,($E23*$D22*L22)+$AA$92)) -> 0 | M23: =IF($D22=0,0,IF(M22=0,0,($E23*$D22*M22)+$AA$92)) -> 0 | ... W23: =IF($D22=0,0,IF(W22=0,0,($E23*$D22*W22)+$AA$92)) -> 0 | X23: =SUM(F23:W23) -> 213732.21 | Y23: =TRUNC(X23-D22*E23,2) -> 0 | Z23: =+X23/D22 -> 1
D24: PROPONENTE | E24: =1-E23 -> 0 | F24: =($D22*F22-F23) -> 0 | G24: =($D22*G22-G23) -> 0 | H24: =($D22*H22-H23) -> 0 | I24: =($D22*I22-I23) -> 0 | J24: =($D22*J22-J23) -> 0 | K24: =($D22*K22-K23) -> 0 | L24: =($D22*L22-L23) -> 0 | M24: =($D22*M22-M23) -> 0 | ... W24: =($D22*W22-W23) -> 0 | X24: =SUM(F24:W24) -> 0 | Y24: =+D22-X23-X24 -> 0
A25: =Orçamento_Não_Deson!B17 -> 5 | B25: =Orçamento_Não_Deson!C17 -> MICRODRENAGEM - DISPOSITIVOS AUXILIARES | F25: =F26 -> 0.25 | G25: =G26 -> 0.2 | H25: =H26 -> 0.2 | I25: =I26 -> 0.15 | J25: =J26 -> 0.1 | K25: =K26 -> 0.1 | L25: =L26 -> 0 | M25: =M26 -> 0 | ... W25: =W26 -> 0 | Y25: =+D26-X27-X28 -> 0
C26: =CONCATENATE(Orçamento_Não_Deson!H17," ",Orçamento_Não_Deson!I17) -> 42 UN | D26: =Orçamento_Não_Deson!J17 -> 254417.2 | F26: 0.25 | G26: 0.2 | H26: 0.2 | I26: 0.15 | J26: 0.1 | K26: 0.1 | X26: =SUM(F26:W26) -> 1 | Y26: =1-X26 -> 0 | AA26: =+COUNT(F26:W26) -> 6
C27: =Orçamento_Não_Deson!N17 -> 2 | D27: CONCEDENTE | E27: =D$88 -> 1 | F27: =IF($D26=0,0,IF(F26=0,0,($E27*$D26*F26)+$AA$92)) -> 63604.3 | G27: =IF($D26=0,0,IF(G26=0,0,($E27*$D26*G26)+$AA$92)) -> 50883.44 | H27: =IF($D26=0,0,IF(H26=0,0,($E27*$D26*H26)+$AA$92)) -> 50883.44 | I27: =IF($D26=0,0,IF(I26=0,0,($E27*$D26*I26)+$AA$92)) -> 38162.58 | J27: =IF($D26=0,0,IF(J26=0,0,($E27*$D26*J26)+$AA$92)) -> 25441.72 | K27: =IF($D26=0,0,IF(K26=0,0,($E27*$D26*K26)+$AA$92)) -> 25441.72 | L27: =IF($D26=0,0,IF(L26=0,0,($E27*$D26*L26)+$AA$92)) -> 0 | M27: =IF($D26=0,0,IF(M26=0,0,($E27*$D26*M26)+$AA$92)) -> 0 | ... W27: =IF($D26=0,0,IF(W26=0,0,($E27*$D26*W26)+$AA$92)) -> 0 | X27: =SUM(F27:W27) -> 254417.2 | Y27: =TRUNC(X27-D26*E27,2) -> 0 | Z27: =+X27/D26 -> 1
D28: PROPONENTE | E28: =1-E27 -> 0 | F28: =($D26*F26-F27) -> 0 | G28: =($D26*G26-G27) -> 0 | H28: =($D26*H26-H27) -> 0 | I28: =($D26*I26-I27) -> 0 | J28: =($D26*J26-J27) -> 0 | K28: =($D26*K26-K27) -> 0 | L28: =($D26*L26-L27) -> 0 | M28: =($D26*M26-M27) -> 0 | ... W28: =($D26*W26-W27) -> 0 | X28: =SUM(F28:W28) -> 0 | Y28: =+D26-X27-X28 -> 0
A29: =Orçamento_Não_Deson!B18 -> 5 | B29: =Orçamento_Não_Deson!C18 -> MICRODRENAGEM - SERVIÇOS DE ESTRUTURAS | F29: =F30 -> 0 | G29: =G30 -> 0 | H29: =H30 -> 0 | I29: =I30 -> 0 | J29: =J30 -> 0 | K29: =K30 -> 0 | L29: =L30 -> 0 | M29: =M30 -> 0 | ... W29: =W30 -> 0 | Y29: =+D30-X31-X32 -> 0
C30: =CONCATENATE(Orçamento_Não_Deson!H18," ",Orçamento_Não_Deson!I18) -> 0 M3 | D30: =Orçamento_Não_Deson!J18 -> 0 | X30: =SUM(F30:W30) -> 0 | Y30: =1-X30 -> 1 | AA30: =+COUNT(F30:W30) -> 0
D31: CONCEDENTE | E31: =D$88 -> 1 | F31: =IF($D30=0,0,IF(F30=0,0,($E31*$D30*F30)+$AA$92)) -> 0 | G31: =IF($D30=0,0,IF(G30=0,0,($E31*$D30*G30)+$AA$92)) -> 0 | H31: =IF($D30=0,0,IF(H30=0,0,($E31*$D30*H30)+$AA$92)) -> 0 | I31: =IF($D30=0,0,IF(I30=0,0,($E31*$D30*I30)+$AA$92)) -> 0 | J31: =IF($D30=0,0,IF(J30=0,0,($E31*$D30*J30)+$AA$92)) -> 0 | K31: =IF($D30=0,0,IF(K30=0,0,($E31*$D30*K30)+$AA$92)) -> 0 | L31: =IF($D30=0,0,IF(L30=0,0,($E31*$D30*L30)+$AA$92)) -> 0 | M31: =IF($D30=0,0,IF(M30=0,0,($E31*$D30*M30)+$AA$92)) -> 0 | ... W31: =IF($D30=0,0,IF(W30=0,0,($E31*$D30*W30)+$AA$92)) -> 0 | X31: =SUM(F31:W31) -> 0 | Y31: =TRUNC(X31-D30*E31,2) -> 0 | Z31: =+X31/D30 -> #DIV/0!
D32: PROPONENTE | E32: =1-E31 -> 0 | F32: =($D30*F30-F31) -> 0 | G32: =($D30*G30-G31) -> 0 | H32: =($D30*H30-H31) -> 0 | I32: =($D30*I30-I31) -> 0 | J32: =($D30*J30-J31) -> 0 | K32: =($D30*K30-K31) -> 0 | L32: =($D30*L30-L31) -> 0 | M32: =($D30*M30-M31) -> 0 | ... W32: =($D30*W30-W31) -> 0 | X32: =SUM(F32:W32) -> 0 | Y32: =+D30-X31-X32 -> 0
A33: =Orçamento_Não_Deson!B19 -> 5 | B33: =Orçamento_Não_Deson!C19 -> MICRODRENAGEM - BACIA DE AMORTECIMENTO | F33: =F34 -> 0 | G33: =G34 -> 0 | H33: =H34 -> 0 | I33: =I34 -> 0 | J33: =J34 -> 0 | K33: =K34 -> 0 | L33: =L34 -> 0 | M33: =M34 -> 0 | ... W33: =W34 -> 0 | Y33: =+D34-X35-X36 -> 0
C34: =CONCATENATE(Orçamento_Não_Deson!H19," ",Orçamento_Não_Deson!I19) -> 0 M3 | D34: =Orçamento_Não_Deson!J19 -> 0 | X34: =SUM(F34:W34) -> 0 | Y34: =1-X34 -> 1 | AA34: =+COUNT(F34:W34) -> 0
C35: =Orçamento_Não_Deson!N19 -> 0 | D35: CONCEDENTE | E35: =D$88 -> 1 | F35: =IF($D34=0,0,IF(F34=0,0,($E35*$D34*F34)+$AA$92)) -> 0 | G35: =IF($D34=0,0,IF(G34=0,0,($E35*$D34*G34)+$AA$92)) -> 0 | H35: =IF($D34=0,0,IF(H34=0,0,($E35*$D34*H34)+$AA$92)) -> 0 | I35: =IF($D34=0,0,IF(I34=0,0,($E35*$D34*I34)+$AA$92)) -> 0 | J35: =IF($D34=0,0,IF(J34=0,0,($E35*$D34*J34)+$AA$92)) -> 0 | K35: =IF($D34=0,0,IF(K34=0,0,($E35*$D34*K34)+$AA$92)) -> 0 | L35: =IF($D34=0,0,IF(L34=0,0,($E35*$D34*L34)+$AA$92)) -> 0 | M35: =IF($D34=0,0,IF(M34=0,0,($E35*$D34*M34)+$AA$92)) -> 0 | ... W35: =IF($D34=0,0,IF(W34=0,0,($E35*$D34*W34)+$AA$92)) -> 0 | X35: =SUM(F35:W35) -> 0 | Y35: =TRUNC(X35-D34*E35,2) -> 0 | Z35: =+X35/D34 -> #DIV/0!
D36: PROPONENTE | E36: =1-E35 -> 0 | F36: =($D34*F34-F35) -> 0 | G36: =($D34*G34-G35) -> 0 | H36: =($D34*H34-H35) -> 0 | I36: =($D34*I34-I35) -> 0 | J36: =($D34*J34-J35) -> 0 | K36: =($D34*K34-K35) -> 0 | L36: =($D34*L34-L35) -> 0 | M36: =($D34*M34-M35) -> 0 | ... W36: =($D34*W34-W35) -> 0 | X36: =SUM(F36:W36) -> 0 | Y36: =+D34-X35-X36 -> 0
A37: =Orçamento_Não_Deson!B20 -> 5 | B37: =Orçamento_Não_Deson!C20 -> DRENAGEM DE LENÇOL FREÁTICO | F37: =F38 -> 0 | G37: =G38 -> 0 | H37: =H38 -> 0 | I37: =I38 -> 0 | J37: =J38 -> 0 | K37: =K38 -> 0 | L37: =L38 -> 0 | M37: =M38 -> 0 | ... W37: =W38 -> 0 | Y37: =+D38-X39-X40 -> 0
C38: =CONCATENATE(Orçamento_Não_Deson!H20," ",Orçamento_Não_Deson!I20) -> 0 M | D38: =Orçamento_Não_Deson!J20 -> 0 | X38: =SUM(F38:W38) -> 0 | Y38: =1-X38 -> 1 | AA38: =+COUNT(F38:W38) -> 0
C39: =ROUND(SUM(Orçamento_Não_Deson!O414:O423)/240,1) -> 0 | D39: CONCEDENTE | E39: =D$88 -> 1 | F39: =IF($D38=0,0,IF(F38=0,0,($E39*$D38*F38)+$AA$92)) -> 0 | G39: =IF($D38=0,0,IF(G38=0,0,($E39*$D38*G38)+$AA$92)) -> 0 | H39: =IF($D38=0,0,IF(H38=0,0,($E39*$D38*H38)+$AA$92)) -> 0 | I39: =IF($D38=0,0,IF(I38=0,0,($E39*$D38*I38)+$AA$92)) -> 0 | J39: =IF($D38=0,0,IF(J38=0,0,($E39*$D38*J38)+$AA$92)) -> 0 | K39: =IF($D38=0,0,IF(K38=0,0,($E39*$D38*K38)+$AA$92)) -> 0 | L39: =IF($D38=0,0,IF(L38=0,0,($E39*$D38*L38)+$AA$92)) -> 0 | M39: =IF($D38=0,0,IF(M38=0,0,($E39*$D38*M38)+$AA$92)) -> 0 | ... W39: =IF($D38=0,0,IF(W38=0,0,($E39*$D38*W38)+$AA$92)) -> 0 | X39: =SUM(F39:W39) -> 0 | Y39: =TRUNC(X39-D38*E39,2) -> 0 | Z39: =+X39/D38 -> #DIV/0!
D40: PROPONENTE | E40: =1-E39 -> 0 | F40: =($D38*F38-F39) -> 0 | G40: =($D38*G38-G39) -> 0 | H40: =($D38*H38-H39) -> 0 | I40: =($D38*I38-I39) -> 0 | J40: =($D38*J38-J39) -> 0 | K40: =($D38*K38-K39) -> 0 | L40: =($D38*L38-L39) -> 0 | M40: =($D38*M38-M39) -> 0 | ... W40: =($D38*W38-W39) -> 0 | X40: =SUM(F40:W40) -> 0 | Y40: =+D38-X39-X40 -> 0
A41: =Orçamento_Não_Deson!B21 -> 6 | B41: =Orçamento_Não_Deson!C21 -> MICRODRENAGEM - RECOMPOSIÇÃO DO PAVIMENTO | F41: =F42 -> 0.5 | G41: =G42 -> 0.5 | H41: =H42 -> 0 | I41: =I42 -> 0 | J41: =J42 -> 0 | K41: =K42 -> 0 | L41: =L42 -> 0 | M41: =M42 -> 0 | ... W41: =W42 -> 0 | Y41: =+D42-X43-X44 -> 0
C42: =CONCATENATE(Orçamento_Não_Deson!H21," ",Orçamento_Não_Deson!I21) -> 5,6 M2 | D42: =Orçamento_Não_Deson!J21 -> 618.74 | F42: 0.5 | G42: 0.5 | X42: =SUM(F42:W42) -> 1 | Y42: =1-X42 -> 0 | AA42: =+COUNT(F42:W42) -> 2
D43: CONCEDENTE | E43: =D$88 -> 1 | F43: =IF($D42=0,0,IF(F42=0,0,($E43*$D42*F42)+$AA$92)) -> 309.37 | G43: =IF($D42=0,0,IF(G42=0,0,($E43*$D42*G42)+$AA$92)) -> 309.37 | H43: =IF($D42=0,0,IF(H42=0,0,($E43*$D42*H42)+$AA$92)) -> 0 | I43: =IF($D42=0,0,IF(I42=0,0,($E43*$D42*I42)+$AA$92)) -> 0 | J43: =IF($D42=0,0,IF(J42=0,0,($E43*$D42*J42)+$AA$92)) -> 0 | K43: =IF($D42=0,0,IF(K42=0,0,($E43*$D42*K42)+$AA$92)) -> 0 | L43: =IF($D42=0,0,IF(L42=0,0,($E43*$D42*L42)+$AA$92)) -> 0 | M43: =IF($D42=0,0,IF(M42=0,0,($E43*$D42*M42)+$AA$92)) -> 0 | ... W43: =IF($D42=0,0,IF(W42=0,0,($E43*$D42*W42)+$AA$92)) -> 0 | X43: =SUM(F43:W43) -> 618.74 | Y43: =TRUNC(X43-D42*E43,2) -> 0 | Z43: =+X43/D42 -> 1
D44: PROPONENTE | E44: =1-E43 -> 0 | F44: =($D42*F42-F43) -> 0 | G44: =($D42*G42-G43) -> 0 | H44: =($D42*H42-H43) -> 0 | I44: =($D42*I42-I43) -> 0 | J44: =($D42*J42-J43) -> 0 | K44: =($D42*K42-K43) -> 0 | L44: =($D42*L42-L43) -> 0 | M44: =($D42*M42-M43) -> 0 | ... W44: =($D42*W42-W43) -> 0 | X44: =SUM(F44:W44) -> 0 | Y44: =+D42-X43-X44 -> 0
A45: =Orçamento_Não_Deson!B22 -> 6 | B45: =Orçamento_Não_Deson!C22 -> RESTAURAÇÃO DO PAVIMENTO - RECUPERAÇÃO PRÉVIA DO PAVIMENTO | F45: =F46 -> 0 | G45: =G46 -> 0 | H45: =H46 -> 0 | I45: =I46 -> 0 | J45: =J46 -> 0 | K45: =K46 -> 0 | L45: =L46 -> 0 | M45: =M46 -> 0 | ... W45: =W46 -> 0 | Y45: =+D46-X47-X48 -> 0
C46: =CONCATENATE(Orçamento_Não_Deson!H22," ",Orçamento_Não_Deson!I22) -> 0 M2 | D46: =Orçamento_Não_Deson!J22 -> 0 | X46: =SUM(F46:W46) -> 0 | Y46: =1-X46 -> 1 | AA46: =+COUNT(F46:W46) -> 0
D47: CONCEDENTE | E47: =D$88 -> 1 | F47: =IF($D46=0,0,IF(F46=0,0,($E47*$D46*F46)+$AA$92)) -> 0 | G47: =IF($D46=0,0,IF(G46=0,0,($E47*$D46*G46)+$AA$92)) -> 0 | H47: =IF($D46=0,0,IF(H46=0,0,($E47*$D46*H46)+$AA$92)) -> 0 | I47: =IF($D46=0,0,IF(I46=0,0,($E47*$D46*I46)+$AA$92)) -> 0 | J47: =IF($D46=0,0,IF(J46=0,0,($E47*$D46*J46)+$AA$92)) -> 0 | K47: =IF($D46=0,0,IF(K46=0,0,($E47*$D46*K46)+$AA$92)) -> 0 | L47: =IF($D46=0,0,IF(L46=0,0,($E47*$D46*L46)+$AA$92)) -> 0 | M47: =IF($D46=0,0,IF(M46=0,0,($E47*$D46*M46)+$AA$92)) -> 0 | ... W47: =IF($D46=0,0,IF(W46=0,0,($E47*$D46*W46)+$AA$92)) -> 0 | X47: =SUM(F47:W47) -> 0 | Y47: =TRUNC(X47-D46*E47,2) -> 0 | Z47: =+X47/D46 -> #DIV/0!
D48: PROPONENTE | E48: =1-E47 -> 0 | F48: =($D46*F46-F47) -> 0 | G48: =($D46*G46-G47) -> 0 | H48: =($D46*H46-H47) -> 0 | I48: =($D46*I46-I47) -> 0 | J48: =($D46*J46-J47) -> 0 | K48: =($D46*K46-K47) -> 0 | L48: =($D46*L46-L47) -> 0 | M48: =($D46*M46-M47) -> 0 | ... W48: =($D46*W46-W47) -> 0 | X48: =SUM(F48:W48) -> 0 | Y48: =+D46-X47-X48 -> 0
A49: =Orçamento_Não_Deson!B23 -> 6 | B49: =Orçamento_Não_Deson!C23 -> RESTAURAÇÃO DO PAVIMENTO - RECAPEAMENTO ASFÁLTICO | F49: =F50 -> 0 | G49: =G50 -> 0 | H49: =H50 -> 0 | I49: =I50 -> 0 | J49: =J50 -> 0 | K49: =K50 -> 0 | L49: =L50 -> 0 | M49: =M50 -> 0 | ... W49: =W50 -> 0 | Y49: =+D50-X51-X52 -> 0
C50: =CONCATENATE(Orçamento_Não_Deson!H23," ",Orçamento_Não_Deson!I23) -> 0 M2 | D50: =Orçamento_Não_Deson!J23 -> 0 | X50: =SUM(F50:W50) -> 0 | Y50: =1-X50 -> 1 | AA50: =+COUNT(F50:W50) -> 0
C51: =INT(+Orçamento_Não_Deson!H23/C52)+1 -> 1 | D51: CONCEDENTE | E51: =D$88 -> 1 | F51: =IF($D50=0,0,IF(F50=0,0,($E51*$D50*F50)+$AA$92)) -> 0 | G51: =IF($D50=0,0,IF(G50=0,0,($E51*$D50*G50)+$AA$92)) -> 0 | H51: =IF($D50=0,0,IF(H50=0,0,($E51*$D50*H50)+$AA$92)) -> 0 | I51: =IF($D50=0,0,IF(I50=0,0,($E51*$D50*I50)+$AA$92)) -> 0 | J51: =IF($D50=0,0,IF(J50=0,0,($E51*$D50*J50)+$AA$92)) -> 0 | K51: =IF($D50=0,0,IF(K50=0,0,($E51*$D50*K50)+$AA$92)) -> 0 | L51: =IF($D50=0,0,IF(L50=0,0,($E51*$D50*L50)+$AA$92)) -> 0 | M51: =IF($D50=0,0,IF(M50=0,0,($E51*$D50*M50)+$AA$92)) -> 0 | ... W51: =IF($D50=0,0,IF(W50=0,0,($E51*$D50*W50)+$AA$92)) -> 0 | X51: =SUM(F51:W51) -> 0 | Y51: =TRUNC(X51-D50*E51,2) -> 0 | Z51: =+X51/D50 -> #DIV/0!
C52: 30000 | D52: PROPONENTE | E52: =1-E51 -> 0 | F52: =($D50*F50-F51) -> 0 | G52: =($D50*G50-G51) -> 0 | H52: =($D50*H50-H51) -> 0 | I52: =($D50*I50-I51) -> 0 | J52: =($D50*J50-J51) -> 0 | K52: =($D50*K50-K51) -> 0 | L52: =($D50*L50-L51) -> 0 | M52: =($D50*M50-M51) -> 0 | ... W52: =($D50*W50-W51) -> 0 | X52: =SUM(F52:W52) -> 0 | Y52: =+D50-X51-X52 -> 0
A53: =Orçamento_Não_Deson!B24 -> 7 | B53: =Orçamento_Não_Deson!C24 -> IMPLANTAÇÃO ASFÁLTICA - TERRAPLENAGEM | F53: =F54 -> 0.1 | G53: =G54 -> 0.2 | H53: =H54 -> 0.2 | I53: =I54 -> 0.2 | J53: =J54 -> 0.2 | K53: =K54 -> 0.1 | L53: =L54 -> 0 | M53: =M54 -> 0 | ... W53: =W54 -> 0 | Y53: =+D54-X55-X56 -> 0
C54: =CONCATENATE(Orçamento_Não_Deson!H24," ",Orçamento_Não_Deson!I24) -> 5749,3 M3 | D54: =Orçamento_Não_Deson!J24 -> 186288.82 | F54: 0.1 | G54: 0.2 | H54: 0.2 | I54: 0.2 | J54: 0.2 | K54: 0.1 | X54: =SUM(F54:W54) -> 1 | Y54: =1-X54 -> 0 | AA54: =+COUNT(F54:W54) -> 6
C55: =Orçamento_Não_Deson!N24 -> 1 | D55: CONCEDENTE | E55: =D$88 -> 1 | F55: =IF($D54=0,0,IF(F54=0,0,($E55*$D54*F54)+$AA$92)) -> 18628.882 | G55: =IF($D54=0,0,IF(G54=0,0,($E55*$D54*G54)+$AA$92)) -> 37257.764 | H55: =IF($D54=0,0,IF(H54=0,0,($E55*$D54*H54)+$AA$92)) -> 37257.764 | I55: =IF($D54=0,0,IF(I54=0,0,($E55*$D54*I54)+$AA$92)) -> 37257.764 | J55: =IF($D54=0,0,IF(J54=0,0,($E55*$D54*J54)+$AA$92)) -> 37257.764 | K55: =IF($D54=0,0,IF(K54=0,0,($E55*$D54*K54)+$AA$92)) -> 18628.882 | L55: =IF($D54=0,0,IF(L54=0,0,($E55*$D54*L54)+$AA$92)) -> 0 | M55: =IF($D54=0,0,IF(M54=0,0,($E55*$D54*M54)+$AA$92)) -> 0 | ... W55: =IF($D54=0,0,IF(W54=0,0,($E55*$D54*W54)+$AA$92)) -> 0 | X55: =SUM(F55:W55) -> 186288.82 | Y55: =TRUNC(X55-D54*E55,2) -> 0 | Z55: =+X55/D54 -> 1
D56: PROPONENTE | E56: =1-E55 -> 0 | F56: =($D54*F54-F55) -> 0 | G56: =($D54*G54-G55) -> 0 | H56: =($D54*H54-H55) -> 0 | I56: =($D54*I54-I55) -> 0 | J56: =($D54*J54-J55) -> 0 | K56: =($D54*K54-K55) -> 0 | L56: =($D54*L54-L55) -> 0 | M56: =($D54*M54-M55) -> 0 | ... W56: =($D54*W54-W55) -> 0 | X56: =SUM(F56:W56) -> 0 | Y56: =+D54-X55-X56 -> 0
A57: =Orçamento_Não_Deson!B25 -> 8 | B57: =Orçamento_Não_Deson!C25 -> IMPLANTAÇÃO ASFÁLTICA - PAVIMENTAÇÃO | F57: =F58 -> 0.1 | G57: =G58 -> 0.2 | H57: =H58 -> 0.2 | I57: =I58 -> 0.2 | J57: =J58 -> 0.2 | K57: =K58 -> 0.1 | L57: =L58 -> 0 | M57: =M58 -> 0 | ... W57: =W58 -> 0 | Y57: =+D58-X59-X60 -> 0
C58: =CONCATENATE(Orçamento_Não_Deson!H25," ",Orçamento_Não_Deson!I25) -> 12682,57 M2 | D58: =Orçamento_Não_Deson!J25 -> 1827993.6 | F58: 0.1 | G58: 0.2 | H58: 0.2 | I58: 0.2 | J58: 0.2 | K58: 0.1 | X58: =SUM(F58:W58) -> 1 | Y58: =1-X58 -> 0 | AA58: =+COUNT(F58:W58) -> 6
C59: =Orçamento_Não_Deson!N25 -> 0 | D59: CONCEDENTE | E59: =D$88 -> 1 | F59: =IF($D58=0,0,IF(F58=0,0,($E59*$D58*F58)+$AA$92)) -> 182799.36 | G59: =IF($D58=0,0,IF(G58=0,0,($E59*$D58*G58)+$AA$92)) -> 365598.71 | H59: =IF($D58=0,0,IF(H58=0,0,($E59*$D58*H58)+$AA$92)) -> 365598.71 | I59: =IF($D58=0,0,IF(I58=0,0,($E59*$D58*I58)+$AA$92)) -> 365598.71 | J59: =IF($D58=0,0,IF(J58=0,0,($E59*$D58*J58)+$AA$92)) -> 365598.71 | K59: =IF($D58=0,0,IF(K58=0,0,($E59*$D58*K58)+$AA$92)) -> 182799.36 | L59: =IF($D58=0,0,IF(L58=0,0,($E59*$D58*L58)+$AA$92)) -> 0 | M59: =IF($D58=0,0,IF(M58=0,0,($E59*$D58*M58)+$AA$92)) -> 0 | ... W59: =IF($D58=0,0,IF(W58=0,0,($E59*$D58*W58)+$AA$92)) -> 0 | X59: =SUM(F59:W59) -> 1827993.6 | Y59: =+X59-D58*E59 -> 0 | Z59: =+X59/D58 -> 1
C60: 15000 | D60: PROPONENTE | E60: =1-E59 -> 0 | F60: =($D58*F58-F59) -> 0 | G60: =($D58*G58-G59) -> 0 | H60: =($D58*H58-H59) -> 0 | I60: =($D58*I58-I59) -> 0 | J60: =($D58*J58-J59) -> 0 | K60: =($D58*K58-K59) -> 0 | L60: =($D58*L58-L59) -> 0 | M60: =($D58*M58-M59) -> 0 | ... W60: =($D58*W58-W59) -> 0 | X60: =SUM(F60:W60) -> 0 | Y60: =+X60-E60*D58 -> 0
A61: =Orçamento_Não_Deson!B26 -> 9 | B61: =Orçamento_Não_Deson!C26 -> SERVIÇOS COMPLEMENTARES | F61: =F62 -> 0 | G61: =G62 -> 0.2 | H61: =H62 -> 0.2 | I61: =I62 -> 0.2 | J61: =J62 -> 0.2 | K61: =K62 -> 0.2 | L61: =L62 -> 0 | M61: =M62 -> 0 | ... W61: =W62 -> 0 | Y61: =+D62-X63-X64 -> -2.910383e-11
C62: =CONCATENATE(Orçamento_Não_Deson!H26," ",Orçamento_Não_Deson!I26) -> 3392,16 M | D62: =Orçamento_Não_Deson!J26 -> 259559.26 | G62: 0.2 | H62: 0.2 | I62: 0.2 | J62: 0.2 | K62: 0.2 | X62: =SUM(F62:W62) -> 1 | Y62: =1-X62 -> 0 | AA62: =+COUNT(F62:W62) -> 5
C63: =ROUND(SUM(Orçamento_Não_Deson!O720:O726)/240,1) -> 1.3 | D63: CONCEDENTE | E63: =D$88 -> 1 | F63: =IF($D62=0,0,IF(F62=0,0,($E63*$D62*F62)+$AA$92)) -> 0 | G63: =IF($D62=0,0,IF(G62=0,0,($E63*$D62*G62)+$AA$92)) -> 51911.852 | H63: =IF($D62=0,0,IF(H62=0,0,($E63*$D62*H62)+$AA$92)) -> 51911.852 | I63: =IF($D62=0,0,IF(I62=0,0,($E63*$D62*I62)+$AA$92)) -> 51911.852 | J63: =IF($D62=0,0,IF(J62=0,0,($E63*$D62*J62)+$AA$92)) -> 51911.852 | K63: =IF($D62=0,0,IF(K62=0,0,($E63*$D62*K62)+$AA$92)) -> 51911.852 | L63: =IF($D62=0,0,IF(L62=0,0,($E63*$D62*L62)+$AA$92)) -> 0 | M63: =IF($D62=0,0,IF(M62=0,0,($E63*$D62*M62)+$AA$92)) -> 0 | ... W63: =IF($D62=0,0,IF(W62=0,0,($E63*$D62*W62)+$AA$92)) -> 0 | X63: =SUM(F63:W63) -> 259559.26 | Y63: =TRUNC(X63-D62*E63,2) -> 0 | Z63: =+X63/D62 -> 1
D64: PROPONENTE | E64: =1-E63 -> 0 | F64: =($D62*F62-F63) -> 0 | G64: =($D62*G62-G63) -> 0 | H64: =($D62*H62-H63) -> 0 | I64: =($D62*I62-I63) -> 0 | J64: =($D62*J62-J63) -> 0 | K64: =($D62*K62-K63) -> 0 | L64: =($D62*L62-L63) -> 0 | M64: =($D62*M62-M63) -> 0 | ... W64: =($D62*W62-W63) -> 0 | X64: =SUM(F64:W64) -> 0 | Y64: =+D62-X63-X64 -> -2.910383e-11
A65: =Orçamento_Não_Deson!B27 -> 10 | B65: =Orçamento_Não_Deson!C27 -> PASSEIO COM ACESSIBILIDADE | F65: =F66 -> 0 | G65: =G66 -> 0.2 | H65: =H66 -> 0.2 | I65: =I66 -> 0.2 | J65: =J66 -> 0.2 | K65: =K66 -> 0.2 | L65: =L66 -> 0 | M65: =M66 -> 0 | ... W65: =W66 -> 0 | Y65: =+D66-X67-X68 -> -5.8207661e-11
C66: =CONCATENATE(Orçamento_Não_Deson!H27," ",Orçamento_Não_Deson!I27) -> 5339,87 M2 | D66: =Orçamento_Não_Deson!J27 -> 362370.94 | G66: 0.2 | H66: 0.2 | I66: 0.2 | J66: 0.2 | K66: 0.2 | X66: =SUM(F66:W66) -> 1 | Y66: =1-X66 -> 0 | AA66: =+COUNT(F66:W66) -> 5
C67: =Orçamento_Não_Deson!N27 -> 0 | D67: CONCEDENTE | E67: =D$88 -> 1 | F67: =IF($D66=0,0,IF(F66=0,0,($E67*$D66*F66)+$AA$92)) -> 0 | G67: =IF($D66=0,0,IF(G66=0,0,($E67*$D66*G66)+$AA$92)) -> 72474.188 | H67: =IF($D66=0,0,IF(H66=0,0,($E67*$D66*H66)+$AA$92)) -> 72474.188 | I67: =IF($D66=0,0,IF(I66=0,0,($E67*$D66*I66)+$AA$92)) -> 72474.188 | J67: =IF($D66=0,0,IF(J66=0,0,($E67*$D66*J66)+$AA$92)) -> 72474.188 | K67: =IF($D66=0,0,IF(K66=0,0,($E67*$D66*K66)+$AA$92)) -> 72474.188 | L67: =IF($D66=0,0,IF(L66=0,0,($E67*$D66*L66)+$AA$92)) -> 0 | M67: =IF($D66=0,0,IF(M66=0,0,($E67*$D66*M66)+$AA$92)) -> 0 | ... W67: =IF($D66=0,0,IF(W66=0,0,($E67*$D66*W66)+$AA$92)) -> 0 | X67: =SUM(F67:W67) -> 362370.94 | Y67: =TRUNC(X67-D66*E67,2) -> 0 | Z67: =+X67/D66 -> 1
D68: PROPONENTE | E68: =1-E67 -> 0 | F68: =($D66*F66-F67) -> 0 | G68: =($D66*G66-G67) -> 0 | H68: =($D66*H66-H67) -> 0 | I68: =($D66*I66-I67) -> 0 | J68: =($D66*J66-J67) -> 0 | K68: =($D66*K66-K67) -> 0 | L68: =($D66*L66-L67) -> 0 | M68: =($D66*M66-M67) -> 0 | ... W68: =($D66*W66-W67) -> 0 | X68: =SUM(F68:W68) -> 0 | Y68: =+D66-X67-X68 -> -5.8207661e-11
A69: =Orçamento_Não_Deson!B28 -> 10 | B69: =Orçamento_Não_Deson!C28 -> IMPLANTAÇÃO / ADEQUAÇÃO GEOMÉTRICA DE CICLOVIA | F69: =F70 -> 0 | G69: =G70 -> 0 | H69: =H70 -> 0 | I69: =I70 -> 0 | J69: =J70 -> 0 | K69: =K70 -> 0 | L69: =L70 -> 0 | M69: =M70 -> 0 | ... W69: =W70 -> 0 | Y69: =+D70-X71-X72 -> 0
C70: =CONCATENATE(Orçamento_Não_Deson!H28," ",Orçamento_Não_Deson!I28) -> 0 M | D70: =Orçamento_Não_Deson!J28 -> 0 | X70: =SUM(F70:W70) -> 0 | Y70: =1-X70 -> 1 | AA70: =+COUNT(F70:W70) -> 0
C71: =Orçamento_Não_Deson!N28 -> 0 | D71: CONCEDENTE | E71: =D$88 -> 1 | F71: =IF($D70=0,0,IF(F70=0,0,($E71*$D70*F70)+$AA$92)) -> 0 | G71: =IF($D70=0,0,IF(G70=0,0,($E71*$D70*G70)+$AA$92)) -> 0 | H71: =IF($D70=0,0,IF(H70=0,0,($E71*$D70*H70)+$AA$92)) -> 0 | I71: =IF($D70=0,0,IF(I70=0,0,($E71*$D70*I70)+$AA$92)) -> 0 | J71: =IF($D70=0,0,IF(J70=0,0,($E71*$D70*J70)+$AA$92)) -> 0 | K71: =IF($D70=0,0,IF(K70=0,0,($E71*$D70*K70)+$AA$92)) -> 0 | L71: =IF($D70=0,0,IF(L70=0,0,($E71*$D70*L70)+$AA$92)) -> 0 | M71: =IF($D70=0,0,IF(M70=0,0,($E71*$D70*M70)+$AA$92)) -> 0 | ... W71: =IF($D70=0,0,IF(W70=0,0,($E71*$D70*W70)+$AA$92)) -> 0 | X71: =SUM(F71:W71) -> 0 | Y71: =+X71-D70*E71 -> 0 | Z71: =+X71/D70 -> #DIV/0!
D72: PROPONENTE | E72: =1-E71 -> 0 | F72: =($D70*F70-F71) -> 0 | G72: =($D70*G70-G71) -> 0 | H72: =($D70*H70-H71) -> 0 | I72: =($D70*I70-I71) -> 0 | J72: =($D70*J70-J71) -> 0 | K72: =($D70*K70-K71) -> 0 | L72: =($D70*L70-L71) -> 0 | M72: =($D70*M70-M71) -> 0 | ... W72: =($D70*W70-W71) -> 0 | X72: =SUM(F72:W72) -> 0 | Y72: =+X72-E72*D70 -> 0
A73: =Orçamento_Não_Deson!B29 -> 11 | B73: =Orçamento_Não_Deson!C29 -> SINALIZAÇÃO VIÁRIA DEFINITIVA HORIZONTAL E VERTICAL E DISPOSITIVOS DE SEGURANÇA | F73: =F74 -> 0 | G73: =G74 -> 0 | H73: =H74 -> 0 | I73: =I74 -> 0 | J73: =J74 -> 0.5 | K73: =K74 -> 0.5 | L73: =L74 -> 0 | M73: =M74 -> 0 | ... W73: =W74 -> 0 | Y73: =+D74-X75-X76 -> 0
D74: =Orçamento_Não_Deson!J29 -> 52013.98 | J74: 0.5 | K74: 0.5 | X74: =SUM(F74:W74) -> 1 | Y74: =1-X74 -> 0 | AA74: =+COUNT(F74:W74) -> 2
D75: CONCEDENTE | E75: =D$88 -> 1 | F75: =IF($D74=0,0,IF(F74=0,0,($E75*$D74*F74)+$AA$92)) -> 0 | G75: =IF($D74=0,0,IF(G74=0,0,($E75*$D74*G74)+$AA$92)) -> 0 | H75: =IF($D74=0,0,IF(H74=0,0,($E75*$D74*H74)+$AA$92)) -> 0 | I75: =IF($D74=0,0,IF(I74=0,0,($E75*$D74*I74)+$AA$92)) -> 0 | J75: =IF($D74=0,0,IF(J74=0,0,($E75*$D74*J74)+$AA$92)) -> 26006.99 | K75: =IF($D74=0,0,IF(K74=0,0,($E75*$D74*K74)+$AA$92)) -> 26006.99 | L75: =IF($D74=0,0,IF(L74=0,0,($E75*$D74*L74)+$AA$92)) -> 0 | M75: =IF($D74=0,0,IF(M74=0,0,($E75*$D74*M74)+$AA$92)) -> 0 | ... W75: =IF($D74=0,0,IF(W74=0,0,($E75*$D74*W74)+$AA$92)) -> 0 | X75: =SUM(F75:W75) -> 52013.98 | Y75: =+X75-D74*E75 -> 0 | Z75: =+X75/D74 -> 1
D76: PROPONENTE | E76: =1-E75 -> 0 | F76: =($D74*F74-F75) -> 0 | G76: =($D74*G74-G75) -> 0 | H76: =($D74*H74-H75) -> 0 | I76: =($D74*I74-I75) -> 0 | J76: =($D74*J74-J75) -> 0 | K76: =($D74*K74-K75) -> 0 | L76: =($D74*L74-L75) -> 0 | M76: =($D74*M74-M75) -> 0 | ... W76: =($D74*W74-W75) -> 0 | X76: =SUM(F76:W76) -> 0 | Y76: =+X76-E76*D74 -> 0
A77: =Orçamento_Não_Deson!B30 -> 12 | B77: =Orçamento_Não_Deson!C30 -> ADMINISTRAÇÃO LOCAL | F77: =F78 -> 0.122 | G77: =G78 -> 0.2 | H77: =H78 -> 0.195 | I77: =I78 -> 0.182 | J77: =J78 -> 0.179 | K77: =K78 -> 0.122 | L77: =L78 -> 0 | M77: =M78 -> 0 | ... W77: =W78 -> 0 | Y77: =+D78-X79-X80 -> 0
C78: =CONCATENATE(Orçamento_Não_Deson!H30," ",Orçamento_Não_Deson!I30) -> 6 MÊS | D78: =Orçamento_Não_Deson!J30 -> 167267.7 | F78: 0.122 | G78: 0.2 | H78: 0.195 | I78: 0.182 | J78: 0.179 | K78: 0.122 | X78: =SUM(F78:W78) -> 1 | Y78: =1-X78 -> 0 | AA78: =+COUNT(F78:W78) -> 6
D79: CONCEDENTE | E79: =D$88 -> 1 | F79: =IF($D78=0,0,IF(F78=0,0,($E79*$D78*F78)+$AA$92)) -> 20406.659 | G79: =IF($D78=0,0,IF(G78=0,0,($E79*$D78*G78)+$AA$92)) -> 33453.54 | H79: =IF($D78=0,0,IF(H78=0,0,($E79*$D78*H78)+$AA$92)) -> 32617.202 | I79: =IF($D78=0,0,IF(I78=0,0,($E79*$D78*I78)+$AA$92)) -> 30442.721 | J79: =IF($D78=0,0,IF(J78=0,0,($E79*$D78*J78)+$AA$92)) -> 29940.918 | K79: =IF($D78=0,0,IF(K78=0,0,($E79*$D78*K78)+$AA$92)) -> 20406.659 | L79: =IF($D78=0,0,IF(L78=0,0,($E79*$D78*L78)+$AA$92)) -> 0 | M79: =IF($D78=0,0,IF(M78=0,0,($E79*$D78*M78)+$AA$92)) -> 0 | ... W79: =IF($D78=0,0,IF(W78=0,0,($E79*$D78*W78)+$AA$92)) -> 0 | X79: =SUM(F79:W79) -> 167267.7 | Y79: =TRUNC(X79-D78*E79,2) -> 0 | Z79: =+X79/D78 -> 1
D80: PROPONENTE | E80: =1-E79 -> 0 | F80: =($D78*F78-F79) -> 0 | G80: =($D78*G78-G79) -> 0 | H80: =($D78*H78-H79) -> 0 | I80: =($D78*I78-I79) -> 0 | J80: =($D78*J78-J79) -> 0 | K80: =($D78*K78-K79) -> 0 | L80: =($D78*L78-L79) -> 0 | M80: =($D78*M78-M79) -> 0 | ... W80: =($D78*W78-W79) -> 0 | X80: =SUM(F80:W80) -> 0 | Y80: =+D78-X79-X80 -> 0
A81: =Orçamento_Não_Deson!B31 -> 12 | B81: =Orçamento_Não_Deson!C31 -> SERVIÇOS DE ENGENHARIA | F81: =F82 -> 0 | G81: =G82 -> 0 | H81: =H82 -> 0 | I81: =I82 -> 0 | J81: =J82 -> 0 | K81: =K82 -> 0 | L81: =L82 -> 0 | M81: =M82 -> 0 | ... W81: =W82 -> 0 | Y81: =+D82-X83-X84 -> 0
C82: =CONCATENATE(Orçamento_Não_Deson!H31," ",Orçamento_Não_Deson!I31) -> 0 m² | D82: =Orçamento_Não_Deson!J31 -> 0 | X82: =SUM(F82:W82) -> 0 | Y82: =1-X82 -> 1 | AA82: =+COUNT(F82:W82) -> 0
D83: CONCEDENTE | E83: =D$88 -> 1 | F83: =IF($D82=0,0,IF(F82=0,0,($E83*$D82*F82)+$AA$92)) -> 0 | G83: =IF($D82=0,0,IF(G82=0,0,($E83*$D82*G82)+$AA$92)) -> 0 | H83: =IF($D82=0,0,IF(H82=0,0,($E83*$D82*H82)+$AA$92)) -> 0 | I83: =IF($D82=0,0,IF(I82=0,0,($E83*$D82*I82)+$AA$92)) -> 0 | J83: =IF($D82=0,0,IF(J82=0,0,($E83*$D82*J82)+$AA$92)) -> 0 | K83: =IF($D82=0,0,IF(K82=0,0,($E83*$D82*K82)+$AA$92)) -> 0 | L83: =IF($D82=0,0,IF(L82=0,0,($E83*$D82*L82)+$AA$92)) -> 0 | M83: =IF($D82=0,0,IF(M82=0,0,($E83*$D82*M82)+$AA$92)) -> 0 | ... W83: =IF($D82=0,0,IF(W82=0,0,($E83*$D82*W82)+$AA$92)) -> 0 | X83: =SUM(F83:W83) -> 0 | Y83: =TRUNC(X83-D82*E83,2) -> 0 | Z83: =+X83/D82 -> #DIV/0!
D84: PROPONENTE | E84: =1-E83 -> 0 | F84: =($D82*F82-F83) -> 0 | G84: =($D82*G82-G83) -> 0 | H84: =($D82*H82-H83) -> 0 | I84: =($D82*I82-I83) -> 0 | J84: =($D82*J82-J83) -> 0 | K84: =($D82*K82-K83) -> 0 | L84: =($D82*L82-L83) -> 0 | M84: =($D82*M82-M83) -> 0 | ... W84: =($D82*W82-W83) -> 0 | X84: =SUM(F84:W84) -> 0 | Y84: =+D82-X83-X84 -> 0
B85: Total | D85: =SUM(D10:D84) -> 3679055.6 | F85: =F87+F89 -> 446242.07 | G85: =G87+G89 -> 737325.61 | H85: =H87+H89 -> 716627.12 | I85: =I87+I89 -> 666675.02 | J85: =J87+J89 -> 661574.13 | K85: =K87+K89 -> 450611.63 | L85: =L87+L89 -> 0 | M85: =M87+M89 -> 0 | ... W85: =W87+W89 -> 0 | X85: =SUM(F85:W85) -> 3679055.6 | Y85: =+X85-D85 -> 0
D86: 1 | F86: =F85/$D85 -> 0.12129256 | G86: =G85/$D85 -> 0.20041165 | H86: =H85/$D85 -> 0.19478562 | I86: =I85/$D85 -> 0.1812082 | J86: =J85/$D85 -> 0.17982173 | K86: =K85/$D85 -> 0.12248025 | L86: =L85/$D85 -> 0 | M86: =M85/$D85 -> 0 | ... W86: =W85/$D85 -> 0 | X86: =SUM(F86:W86) -> 1
B87: Concedente | D87: =TRUNC(D85*D88,2) -> 3679055.6 | F87: =+F11+F15+F19+F23+F27+F31+F35+F39+F43+F47+F51+F55+F59+F63+F67+F71+F75+F79+F83 -> 446242.07 | G87: =+G11+G15+G19+G23+G27+G31+G35+G39+G43+G47+G51+G55+G59+G63+G67+G71+G75+G79+G83 -> 737325.61 | H87: =+H11+H15+H19+H23+H27+H31+H35+H39+H43+H47+H51+H55+H59+H63+H67+H71+H75+H79+H83 -> 716627.12 | I87: =+I11+I15+I19+I23+I27+I31+I35+I39+I43+I47+I51+I55+I59+I63+I67+I71+I75+I79+I83 -> 666675.02 | J87: =+J11+J15+J19+J23+J27+J31+J35+J39+J43+J47+J51+J55+J59+J63+J67+J71+J75+J79+J83 -> 661574.13 | K87: =+K11+K15+K19+K23+K27+K31+K35+K39+K43+K47+K51+K55+K59+K63+K67+K71+K75+K79+K83 -> 450611.63 | L87: =+L11+L15+L19+L23+L27+L31+L35+L39+L43+L47+L51+L55+L59+L63+L67+L71+L75+L79+L83 -> 0 | M87: =+M11+M15+M19+M23+M27+M31+M35+M39+M43+M47+M51+M55+M59+M63+M67+M71+M75+M79+M83 -> 0 | ... W87: =+W11+W15+W19+W23+W27+W31+W35+W39+W43+W47+W51+W55+W59+W63+W67+W71+W75+W79+W83 -> 0 | X87: =SUM(F87:W87) -> 3679055.6 | Y87: =+X87-D87 -> 0 | Z87: =+X87/X85 -> 1 | AA87: =SUM(AA10:AA83) -> 58
D88: 1 | F88: =F87/$D87 -> 0.12129256 | G88: =G87/$D87 -> 0.20041165 | H88: =H87/$D87 -> 0.19478562 | I88: =I87/$D87 -> 0.1812082 | J88: =J87/$D87 -> 0.17982173 | K88: =K87/$D87 -> 0.12248025 | L88: =L87/$D87 -> 0 | M88: =M87/$D87 -> 0 | ... W88: =W87/$D87 -> 0 | X88: =SUM(F88:W88) -> 1 | Z88: =+Y87/AA87 -> 0
B89: Proponente | D89: =D85-D87 -> 0 | F89: =+F12+F16+F20+F24+F28+F32+F36+F40+F44+F48+F52+F56+F60+F64+F68+F72+F76+F80+F84 -> 0 | G89: =+G12+G16+G20+G24+G28+G32+G36+G40+G44+G48+G52+G56+G60+G64+G68+G72+G76+G80+G84 -> 0 | H89: =+H12+H16+H20+H24+H28+H32+H36+H40+H44+H48+H52+H56+H60+H64+H68+H72+H76+H80+H84 -> 0 | I89: =+I12+I16+I20+I24+I28+I32+I36+I40+I44+I48+I52+I56+I60+I64+I68+I72+I76+I80+I84 -> 0 | J89: =+J12+J16+J20+J24+J28+J32+J36+J40+J44+J48+J52+J56+J60+J64+J68+J72+J76+J80+J84 -> 0 | K89: =+K12+K16+K20+K24+K28+K32+K36+K40+K44+K48+K52+K56+K60+K64+K68+K72+K76+K80+K84 -> 0 | L89: =+L12+L16+L20+L24+L28+L32+L36+L40+L44+L48+L52+L56+L60+L64+L68+L72+L76+L80+L84 -> 0 | M89: =+M12+M16+M20+M24+M28+M32+M36+M40+M44+M48+M52+M56+M60+M64+M68+M72+M76+M80+M84 -> 0 | ... W89: =+W12+W16+W20+W24+W28+W32+W36+W40+W44+W48+W52+W56+W60+W64+W68+W72+W76+W80+W84 -> 0 | X89: =SUM(F89:W89) -> 0 | Y89: =+X89-D89 -> 0
D90: =D86-D88 -> 0 | F90: =IF(F89=0,0,F89/$D89) -> 0 | G90: =IF(G89=0,0,G89/$D89) -> 0 | H90: =IF(H89=0,0,H89/$D89) -> 0 | I90: =IF(I89=0,0,I89/$D89) -> 0 | J90: =IF(J89=0,0,J89/$D89) -> 0 | K90: =IF(K89=0,0,K89/$D89) -> 0 | L90: =IF(L89=0,0,L89/$D89) -> 0 | M90: =IF(M89=0,0,M89/$D89) -> 0 | ... W90: =IF(W89=0,0,W89/$D89) -> 0 | X90: =SUM(F90:W90) -> 0
B91: Total Acumulado | E91: R$ | F91: =F85 -> 446242.07 | G91: =G85 -> 737325.61 | H91: =H85 -> 716627.12 | I91: =I85 -> 666675.02 | J91: =J85 -> 661574.13 | K91: =K85 -> 450611.63 | L91: =L85 -> 0 | M91: =M85 -> 0 | ... W91: =W85 -> 0 | Y91: =+X89+X87-X85 -> 0
E92: % | F92: =F91/$D85 -> 0.12129256 | G92: =G91/$D85 -> 0.20041165 | H92: =H91/$D85 -> 0.19478562 | I92: =I91/$D85 -> 0.1812082 | J92: =J91/$D85 -> 0.17982173 | K92: =K91/$D85 -> 0.12248025 | L92: =L91/$D85 -> 0 | M92: =M91/$D85 -> 0 | ... W92: =W91/$D85 -> 0
F95: SÓ PODEM SER DELETADAS AS CÉLULAS QUE CONTÉM OS PERCENTAIS DO DESENVOLVIMENTO DOS SERVIÇOS MENSALMENTE | J95: ATENÇÃO: A ÚLTIMA MEDIÇÃO DO CONCEDENTE TEM DE SER MAIOR QUE 10%
B96: =IF(B95=B84,"PLANILHA CORRETA","PLANILHA ERRADA") -> PLANILHA CORRETA | D96: =Orçamento_Não_Deson!J12 -> 3679055.6

Sheet CCU_Adm_Local_Não_Deson
A1: COMPOSIÇÃO DE CUSTO UNITÁRIO
A2: OBRA : | B2: Infraestrutura Urbana
A3: PRAÇA : | B3: Campo Grande/MS | C3: =Orçamento_Não_Deson!J2 -> NÃO DESONERADA
A4: DATA : | B4: =Orçamento_Não_Deson!$J$1 -> Agosto/2023 | D4: E.Sociais horista: | E4: =Orçamento_Não_Deson!J3 -> 1.1544
D5: E.Sociais mensalista: | E5: =Orçamento_Não_Deson!J4 -> 0.7126
A6: CÓDIGO | B6: SERVIÇO | E6: UNIDADE DO SERVIÇO | H6: un
A7: CPU Adm Local | B7: Administração local do canteiro de obras | E7: PRAZO DA OBRA | G7: =S_Preliminares!N4 -> 6 | H7: mês
A9: CÓDIGO | B9: EQUIPAMENTO | D9: FONTE | E9: UNID. | F9: CUSTO | G9: QUANT. | H9: CUSTO UNITÁRIO
A11: AD/0002 | B11: =VLOOKUP($A11,[1]BOLETIM_SEL!$A:$G,4,0) -> VEÍCULO LEVE - 53 KW (SEM MOTORISTA) (116,49h CPI + 66h CHP - 182,49h MDO)(REF. SICRO COD. E9512) | D11: =VLOOKUP($A11,[1]BOLETIM_SEL!$A:$G,2,0) -> COMPOSIÇÃO | E11: =VLOOKUP($A11,[1]BOLETIM_SEL!$A:$G,6,0) -> UN.MÊS | F11: =VLOOKUP($A11,[1]BOLETIM_SEL!$A:$G,7,0) -> 2914.22 | G11: =G22 -> 0 | H11: =F11*G11 -> 0
A12: AD/0003 | B12: =VLOOKUP($A12,[1]BOLETIM_SEL!$A:$G,4,0) -> CAMINHONETE - 101/104 CV (SEM MOTORISTA) (116,49h CPI + 66h CHP)(REF. SINAPI COD. 92145 E 92146) | D12: =VLOOKUP($A12,[1]BOLETIM_SEL!$A:$G,2,0) -> COMPOSIÇÃO | E12: =VLOOKUP($A12,[1]BOLETIM_SEL!$A:$G,6,0) -> UN.MÊS | F12: =VLOOKUP($A12,[1]BOLETIM_SEL!$A:$G,7,0) -> 4030.05 | H12: =F12*G12 -> 0
A13: AD/0005 | B13: =VLOOKUP($A13,[1]BOLETIM_SEL!$A:$G,4,0) -> VAN - 93 KW (COM MOTORISTA) (116,49h CPI + 66h CHP). CAPACIDADE DE 10 PESSOAS (REF. SICRO COD. E9125) | D13: =VLOOKUP($A13,[1]BOLETIM_SEL!$A:$G,2,0) -> COMPOSIÇÃO | E13: =VLOOKUP($A13,[1]BOLETIM_SEL!$A:$G,6,0) -> UN.MÊS | F13: =VLOOKUP($A13,[1]BOLETIM_SEL!$A:$G,7,0) -> 9997.76 | H13: =F13*G13 -> 0
A14: B8958 | B14: =VLOOKUP($A14,[1]BOLETIM_SEL!$A:$G,4,0) -> Topografia | D14: =VLOOKUP($A14,[1]BOLETIM_SEL!$A:$G,2,0) -> DNIT/Consultoria | E14: =VLOOKUP($A14,[1]BOLETIM_SEL!$A:$G,6,0) -> mês | F14: =VLOOKUP($A14,[1]BOLETIM_SEL!$A:$G,7,0) -> 3265.25 | G14: =G27 -> 3 | H14: =F14*G14 -> 9795.75
A15: B8957 | B15: =VLOOKUP($A15,[1]BOLETIM_SEL!$A:$G,4,0) -> Laboratório de solos | D15: =VLOOKUP($A15,[1]BOLETIM_SEL!$A:$G,2,0) -> DNIT/Consultoria | E15: =VLOOKUP($A15,[1]BOLETIM_SEL!$A:$G,6,0) -> mês | F15: =VLOOKUP($A15,[1]BOLETIM_SEL!$A:$G,7,0) -> 4491.67 | G15: =G28 -> 3 | H15: =F15*G15 -> 13475.01
D17: CUSTO HORÁRIO DO EQUIPAMENTO | H17: =SUM(H11:H16) -> 23270.76
A19: CÓDIGO | B19: MÃO DE OBRA | E19: UNID. | F19: SALÁRIO BASE | G19: QUANT. | H19: CUSTO HORÁRIO | J19: =Orçamento_Não_Deson!K889 -> 0.045464847
A21: 93567 | B21: =VLOOKUP($A21,[1]BOLETIM_SEL!$A:$G,4,0) -> Engenheiro civil de obra pleno com encargos complementares (mensalista) | E21: =VLOOKUP($A21,[1]BOLETIM_SEL!$A:$G,6,0) -> MES | F21: =VLOOKUP(A21,[1]BOLETIM_SEL!$A:$G,7,0) -> 22490.49 | G21: 0.5 | H21: =F21*G21 -> 11245.245
A22: 93565 | B22: =VLOOKUP($A22,[1]BOLETIM_SEL!$A:$G,4,0) -> Engenheiro civil de obra júnior com encargos complementares (mensalista) | E22: =VLOOKUP($A22,[1]BOLETIM_SEL!$A:$G,6,0) -> MES | F22: =VLOOKUP(A22,[1]BOLETIM_SEL!$A:$G,7,0) -> 19803.86 | H22: =F22*G22 -> 0
A23: 93563 | B23: =VLOOKUP($A23,[1]BOLETIM_SEL!$A:$G,4,0) -> Almoxarife com encargos complementares (mensalista) | E23: =VLOOKUP($A23,[1]BOLETIM_SEL!$A:$G,6,0) -> MES | F23: =VLOOKUP(A23,[1]BOLETIM_SEL!$A:$G,7,0) -> 3769.18 | G23: 2 | H23: =F23*G23 -> 7538.36
A24: 93564 | B24: =VLOOKUP($A24,[1]BOLETIM_SEL!$A:$G,4,0) -> Apontador ou apropriador com encargos complementares (mensalista) | E24: =VLOOKUP($A24,[1]BOLETIM_SEL!$A:$G,6,0) -> MES | F24: =VLOOKUP(A24,[1]BOLETIM_SEL!$A:$G,7,0) -> 3683.35 | G24: 2 | H24: =F24*G24 -> 7366.7
A25: 94295 | B25: =VLOOKUP($A25,[1]BOLETIM_SEL!$A:$G,4,0) -> Mestre de obras com encargos complementares (mensalista) | E25: =VLOOKUP($A25,[1]BOLETIM_SEL!$A:$G,6,0) -> MES | F25: =VLOOKUP(A25,[1]BOLETIM_SEL!$A:$G,7,0) -> 6321.89 | G25: 2 | H25: =F25*G25 -> 12643.78
A26: 100321 | B26: =VLOOKUP($A26,[1]BOLETIM_SEL!$A:$G,4,0) -> Técnico de segurança do trabalho com encargos complementares (mensalista) | E26: =VLOOKUP($A26,[1]BOLETIM_SEL!$A:$G,6,0) -> MES | F26: =VLOOKUP(A26,[1]BOLETIM_SEL!$A:$G,7,0) -> 5338.51 | G26: 2 | H26: =F26*G26 -> 10677.02
A27: 94296 | B27: =VLOOKUP($A27,[1]BOLETIM_SEL!$A:$G,4,0) -> Topografo com encargos complementares (mensalista) | E27: =VLOOKUP($A27,[1]BOLETIM_SEL!$A:$G,6,0) -> MES | F27: =VLOOKUP(A27,[1]BOLETIM_SEL!$A:$G,7,0) -> 4435.85 | G27: 3 | H27: =F27*G27 -> 13307.55 | O27: =N27*G7 -> 0
A28: 101456 | B28: =VLOOKUP($A28,[1]BOLETIM_SEL!$A:$G,4,0) -> Técnico de laboratório e campo de construção com encargos complementares (mensalista) | E28: =VLOOKUP($A28,[1]BOLETIM_SEL!$A:$G,6,0) -> MES | F28: =VLOOKUP(A28,[1]BOLETIM_SEL!$A:$G,7,0) -> 5498.05 | G28: 3 | H28: =F28*G28 -> 16494.15 | O28: =N28*G8 -> 0
A29: 101389 | B29: =VLOOKUP($A29,[1]BOLETIM_SEL!$A:$G,4,0) -> Auxiliar de topógrafo com encargos complementares (mensalista) | E29: =VLOOKUP($A29,[1]BOLETIM_SEL!$A:$G,6,0) -> MES | F29: =VLOOKUP(A29,[1]BOLETIM_SEL!$A:$G,7,0) -> 2199.93 | G29: 2 | H29: =F29*G29 -> 4399.86
A30: 101385 | B30: =VLOOKUP($A30,[1]BOLETIM_SEL!$A:$G,4,0) -> Auxiliar de laboratorista de solos e de concreto com encargos complementares (mensalista) | E30: =VLOOKUP($A30,[1]BOLETIM_SEL!$A:$G,6,0) -> MES | F30: =VLOOKUP(A30,[1]BOLETIM_SEL!$A:$G,7,0) -> 4627.3 | G30: 2 | H30: =F30*G30 -> 9254.6 | O30: =N30*G10 -> 0
A31: 101460 | B31: =VLOOKUP($A31,[1]BOLETIM_SEL!$A:$G,4,0) -> Vigia Diurno com encargos complementares (mensalista) | E31: =VLOOKUP($A31,[1]BOLETIM_SEL!$A:$G,6,0) -> MES | F31: =VLOOKUP(A31,[1]BOLETIM_SEL!$A:$G,7,0) -> 3484.45 | G31: 6 | H31: =F31*G31 -> 20906.7
D64: CUSTO HORÁRIO DA MÃO DE OBRA | H64: =SUM(H21:H63) -> 113833.96
D65: CUSTO UNITÁRIO TOTAL | H65: =H17+H64 -> 137104.73
D66: CUSTO UNITÁRIO DA EXECUÇÃO | H66: =H65/G7 -> 22850.788
A68: CUSTO DIRETO MENSAL : | G68: R$ | H68: =TRUNC(H66,2) -> 22850.78
A69: =CONCATENATE("CUSTO DIRETO TOTAL PARA ",G7," MESES DE OBRA:") -> CUSTO DIRETO TOTAL PARA 6 MESES DE OBRA: | G69: R$ | H69: =TRUNC(+H68*G7,2) -> 137104.68
A70: Nota: Valores internos calculados com maior precisão e truncados para 2 casas decimais no relatório. Instrução normativa do DNIT

Sheet Orçamento_Deson
B1: =+Orçamento_Não_Deson!B1 -> PREFEITURA MUNICIPAL DE CAMPO GRANDE - MS | I1: DATA BASE: | J1: =[2]BOLETIM_SEL!$B$1 -> Agosto/2023 | L1: VERIFICAÇÕES | N1: PRODUÇÃO (UMA FRENTE)
B2: =+Orçamento_Não_Deson!B2 -> SECRETARIA MUNICIPAL DE INFRAESTRUTURA E SERVIÇOS PÚBLICOS - SISEP | I2: E.S.S.M.O.: | J2: =[2]BOLETIM_SEL!$D$2 -> DESONERADA | L2: Total Geral | M2: =IF(J12=J930,"OK","ERRO") -> OK | N2: DIÁRIA | O2: OBRA (MÊS)
B3: =+Orçamento_Não_Deson!B3 -> 0 | I3: E.S.D. (HORA): | J3: =[2]BOLETIM_SEL!$G$3 -> 0.8528
B4: =Orçamento_Não_Deson!B4 -> 0 | C4: =Orçamento_Não_Deson!C4 -> 0 | I4: E.S.D. (MÊS): | J4: =[2]BOLETIM_SEL!$G$4 -> 0.4723
B5: =Orçamento_Não_Deson!B5 -> OBRA : | C5: INFRAESTRUTURA URBANA - PAVIMENTAÇÃO ASFÁLTICA E DRENAGEM DE ÁGUAS PLUVIAIS | I5: BDI SERVIÇOS: | J5: 0.2817
B6: =Orçamento_Não_Deson!B6 -> LOCAL : | C6: JARDIM NASHIVILLE - ETAPA "B" - FASE 2 | I6: BDI INSUMO (*): | J6: 0.1528
B7: =Orçamento_Não_Deson!B7 -> MUNICÍPIO : | C7: =Orçamento_Não_Deson!C7 -> CAMPO GRANDE / MS
B8: =Orçamento_Não_Deson!B8 -> COORDENADAS : | C8: =Orçamento_Não_Deson!C8 -> (20°32'01.13"S ; 54°36'32.29"O) ; (20°32'04.37"S ; 54°36'52.35"O) ; (20°32'09.83"S ; 54°36'53.82"O)
D10: =CONCATENATE("PLANILHA ORÇAMENTÁRIA ",J2) -> PLANILHA ORÇAMENTÁRIA DESONERADA
B12: ITEM | C12: RESUMO | H12: QUANT. | I12: UNID. | J12: =SUM(J13:J31) -> 3778233.4 | K12: =SUM(K13:K31) -> 1 | L12: Σ | M12: % | N12: PRAZOS
B13: =A34 -> 1 | C13: =D34 -> SERVIÇOS PRELIMINARES | H13: =H35 -> 16 | I13: =F35 -> M2 | J13: =J34 -> 176747.43 | K13: =K34 -> 0.046780442 | L13: =IF(SUBTOTAL(109,J35:J62)=J13,"OK","ERRO") -> OK | M13: =IF(K13=J13/J$930,"OK","ERRO") -> OK | N13: =S_Preliminares!N4 -> 6
B14: =A63 -> 2 | C14: =D63 -> REMOÇÕES, DEMOLIÇÕES E SUPRESSÕES | H14: =+H73 -> 858.19 | I14: =+F73 -> M | J14: =J63 -> 39545.1 | K14: =K63 -> 0.010466558 | L14: =IF(SUBTOTAL(109,J64:J98)=J14,"OK","ERRO") -> OK | M14: =IF(K14=J14/J$930,"OK","ERRO") -> OK | N14: =ROUND(SUM(O64:O73)/240,0) -> 1
B15: =A100 -> 3 | C15: =D100 -> MICRODRENAGEM - TERRAPLENAGEM | G15: atenção: se preço unitário ficar rosa é pq tem algo de errado no BDI | H15: =SUM(I104:I123)+I125 -> 819.46 | I15: =F104 -> M3 | J15: =J100 -> 143847.81 | K15: =K100 -> 0.03807277 | L15: =IF(SUBTOTAL(109,J101:J181)=J15,"OK","ERRO") -> OK | M15: =IF(K15=J15/J$930,"OK","ERRO") -> OK | N15: =ROUND(SUM(O104:O125)/240,0) -> 1
B16: =A183 -> 4 | C16: =D183 -> MICRODRENAGEM - GALERIAS | H16: =SUM(H196:H216)+SUM(H235:H241) -> 604.81 | I16: =F196 -> M | J16: =J183 -> 212644.3 | K16: =K183 -> 0.056281409 | L16: =IF(SUBTOTAL(109,J184:J242)=J16,"OK","ERRO") -> OK | M16: =IF(K16=J16/J$930,"OK","ERRO") -> OK | N16: =ROUND(SUM(O196:O242)/240,0) -> #VALUE!
B17: =A244 -> 5 | C17: =D244 -> MICRODRENAGEM - DISPOSITIVOS AUXILIARES | H17: =SUM(H245:H251)+SUM(H261:H281) -> 42 | I17: =F245 -> UN | J17: =J244 -> 259192.7 | K17: =K244 -> 0.068601559 | L17: =IF(SUBTOTAL(109,J245:J292)=J17,"OK","ERRO") -> OK | M17: =IF(K17=J17/J$930,"OK","ERRO") -> OK | N17: =ROUND(SUM(O245:O271)/240,0) -> #VALUE!
B18: =A294 -> 5 | C18: =D294 -> MICRODRENAGEM - SERVIÇOS DE ESTRUTURAS | H18: =SUM(H299:H300) -> 0 | I18: =F299 -> M3 | J18: =J294 -> 0 | K18: =K294 -> 0 | L18: =IF(SUBTOTAL(109,J295:J312)=J18,"OK","ERRO") -> OK | M18: =IF(K18=J18/J$930,"OK","ERRO") -> OK
B19: =A314 -> 5 | C19: =D314 -> MICRODRENAGEM - BACIA DE AMORTECIMENTO | H19: =SUM(H323:H324) -> 0 | I19: =F323 -> M3 | J19: =J314 -> 0 | K19: =K314 -> 0 | L19: =IF(SUBTOTAL(109,J316:J411)=J19,"OK","ERRO") -> OK | M19: =IF(K19=J19/J$930,"OK","ERRO") -> OK | N19: =ROUND(O323/240,0) -> 0
B20: =A413 -> 5 | C20: =D413 -> DRENAGEM DE LENÇOL FREÁTICO | H20: =Dre_Profunda!I3+Dre_Profunda!I15 -> 0 | I20: =F414 -> M | J20: =J413 -> 0 | K20: =K413 -> 0 | L20: =IF(SUBTOTAL(109,J414:J446)=J20,"OK","ERRO") -> OK | M20: =IF(K20=J20/J$930,"OK","ERRO") -> OK | N20: =ROUND(O416/240,0) -> 0
B21: =A448 -> 6 | C21: =D448 -> MICRODRENAGEM - RECOMPOSIÇÃO DO PAVIMENTO | H21: =H460 -> 5.6 | I21: =F460 -> M2 | J21: =J448 -> 640.4 | K21: =K448 -> 0.0001694972 | L21: =IF(SUBTOTAL(109,J449:J504)=J21,"OK","ERRO") -> OK | M21: =IF(K21=J21/J$930,"OK","ERRO") -> OK | N21: =ROUND(SUM(O414:O423)/240,0) -> 0
B22: =A506 -> 6 | C22: =D506 -> RESTAURAÇÃO DO PAVIMENTO - RECUPERAÇÃO PRÉVIA DO PAVIMENTO | H22: =H532+H533 -> 0 | I22: =F532 -> M2 | J22: =J506 -> 0 | K22: =K506 -> 0 | L22: =IF(SUBTOTAL(109,J507:J580)=J22,"OK","ERRO") -> OK | M22: =IF(K22=J22/J$930,"OK","ERRO") -> OK
B23: =A582 -> 6 | C23: =D582 -> RESTAURAÇÃO DO PAVIMENTO - RECAPEAMENTO ASFÁLTICO | H23: =H587 -> 0 | I23: =F587 -> M2 | J23: =J582 -> 0 | K23: =K582 -> 0 | L23: =IF(SUBTOTAL(109,J583:J622)=J23,"OK","ERRO") -> OK | M23: =IF(K23=J23/J$930,"OK","ERRO") -> OK
B24: =A624 -> 7 | C24: =D624 -> IMPLANTAÇÃO ASFÁLTICA - TERRAPLENAGEM | H24: =H626+H627+H630 -> 5749.3 | I24: =F626 -> M3 | J24: =J624 -> 191918.91 | K24: =K624 -> 0.050795938 | L24: =IF(SUBTOTAL(109,J625:J643)=J24,"OK","ERRO") -> OK | M24: =IF(K24=J24/J$930,"OK","ERRO") -> OK | N24: =ROUND(O626/240,0) -> 1
B25: =A645 -> 8 | C25: =D645 -> IMPLANTAÇÃO ASFÁLTICA - PAVIMENTAÇÃO | H25: =H655 -> 12682.57 | I25: =F655 -> M2 | J25: =J645 -> 1887485.7 | K25: =K645 -> 0.49956832 | L25: =IF(SUBTOTAL(109,J646:J717)=J25,"OK","ERRO") -> OK | M25: =IF(K25=J25/J$930,"OK","ERRO") -> OK | N25: =ROUND(O646/240,0) -> 0
B26: =A719 -> 9 | C26: =D719 -> SERVIÇOS COMPLEMENTARES | H26: =SUM(H720:H726) -> 3392.16 | I26: =F720 -> M | J26: =J719 -> 259930.97 | K26: =K719 -> 0.068796959 | L26: =IF(SUBTOTAL(109,J720:J750)=J26,"OK","ERRO") -> OK | M26: =IF(K26=J26/J$930,"OK","ERRO") -> OK | N26: =ROUND(SUM(O720:O726)/240,0) -> 1
B27: =A752 -> 10 | C27: =D752 -> PASSEIO COM ACESSIBILIDADE | H27: =H759 -> 5339.87 | I27: =F759 -> M2 | J27: =J752 -> 375957.84 | K27: =K752 -> 0.099506251 | L27: =IF(SUBTOTAL(109,J753:J794)=J27,"OK","ERRO") -> OK | M27: =IF(K27=J27/J$930,"OK","ERRO") -> OK | N27: =ROUND(SUM(O759:O763)/240,0) -> #DIV/0!
B28: =A796 -> 10 | C28: =D796 -> IMPLANTAÇÃO / ADEQUAÇÃO GEOMÉTRICA DE CICLOVIA | H28: =Ciclovia!J2 -> 0 | I28: M | J28: =J796 -> 0 | K28: =K796 -> 0 | L28: =IF(SUBTOTAL(109,J797:J856)=J28,"OK","ERRO") -> OK | M28: =IF(K28=J28/J$930,"OK","ERRO") -> OK | N28: =ROUND(SUM(O798:O820)/240,0) -> #VALUE!
B29: =A858 -> 11 | C29: =D858 -> SINALIZAÇÃO VIÁRIA DEFINITIVA HORIZONTAL E VERTICAL E DISPOSITIVOS DE SEGURANÇA | H29: =SUM(H859:H869) -> 148.22 | I29: =F859 -> M2 | J29: =J858 -> 54295.62 | K29: =K858 -> 0.014370637 | L29: =IF(SUBTOTAL(109,J859:J886)=J29,"OK","ERRO") -> OK | M29: =IF(K29=J29/J$930,"OK","ERRO") -> OK
B30: =A888 -> 12 | C30: =D888 -> ADMINISTRAÇÃO LOCAL | H30: =S_Preliminares!N4 -> 6 | I30: MÊS | J30: =J888 -> 176026.6 | K30: =K888 -> 0.046589657 | L30: =IF(SUBTOTAL(109,J889:J889)=J30,"OK","ERRO") -> OK | M30: =IF(K30=J30/J$930,"OK","ERRO") -> OK
B31: =A891 -> 12 | C31: =D891 -> SERVIÇOS DE ENGENHARIA | H31: =H911+H918 -> 0 | I31: =F911 -> m² | J31: =J891 -> 0 | K31: =K891 -> 0 | L31: =IF(SUBTOTAL(109,J892:J928)=J31,"OK","ERRO") -> OK | M31: =IF(K31=J31/J$930,"OK","ERRO") -> OK
A33: ITEM | B33: CÓDIGO | C33: FONTE | D33: DISCRIMINAÇÃO | E33: DMT | F33: UNID. | G33: unitário s/BDI | H33: QUANT. | I33: PREÇO UNITÁRIO (R$) | J33: PREÇO TOTAL (R$) | K33: (%) | M33: observações do boletim
A34: 1 | D34: SERVIÇOS PRELIMINARES | G34: S_Preliminares!A1 | I34: =CONCATENATE("SUB-TOTAL ",A34) -> SUB-TOTAL 1 | J34: =SUM(J35:J61) -> 176747.43 | K34: =J34/J$930 -> 0.046780442 | L34: =J34/J$34 -> 1
A35: =Orçamento_Não_Deson!A35 -> 1.01 | B35: =Orçamento_Não_Deson!B35 -> SP/0001 | C35: =VLOOKUP($B35,[2]BOLETIM_SEL!$A:$H,2,0) -> COMPOSIÇÃO | D35: =VLOOKUP($B35,[2]BOLETIM_SEL!$A:$H,4,0) -> Placa de identificação de obra pública, inclusive pintura e adesivos, estrutura e suporte de madeira. Incluso fornecimento de material e instalação. Ref SINAPI, CÓD 74209/001, DB 01/2020 | F35: =VLOOKUP($B35,[2]BOLETIM_SEL!$A:$H,6,0) -> M2 | G35: =VLOOKUP($B35,[2]BOLETIM_SEL!$A:$H,7,0) -> 352.57 | H35: =Orçamento_Não_Deson!H35 -> 16 | I35: =TRUNC(G35*(1+$J$5),2) -> 451.88 | J35: =TRUNC(H35*I35,2) -> 7230.08 | K35: =J35/J$930 -> 0.0019136139 | L35: =J35/J$34 -> 0.040906281
A36: =+Orçamento_Não_Deson!A36 -> 1.01 | B36: =+Orçamento_Não_Deson!B36 -> 93207 | C36: =VLOOKUP($B36,[2]BOLETIM_SEL!$A:$H,2,0) -> SINAPI | D36: =VLOOKUP($B36,[2]BOLETIM_SEL!$A:$H,4,0) -> Barracão de obra - Execução de escritório em canteiro de obra em chapa de madeira compensada, não incluso mobiliário e equipamentos. AF_02/2016 | F36: =VLOOKUP($B36,[2]BOLETIM_SEL!$A:$H,6,0) -> M2 | G36: =VLOOKUP($B36,[2]BOLETIM_SEL!$A:$H,7,0) -> 1165.64 | H36: =+Orçamento_Não_Deson!H36 -> 0 | I36: =TRUNC(G36*(1+$J$5),2) -> 1494 | J36: =TRUNC(H36*I36,2) -> 0 | K36: =J36/J$930 -> 0 | L36: =J36/J$34 -> 0
A37: =+Orçamento_Não_Deson!A37 -> 1.01 | B37: =+Orçamento_Não_Deson!B37 -> 93584 | C37: =VLOOKUP($B37,[2]BOLETIM_SEL!$A:$H,2,0) -> SINAPI | D37: =VLOOKUP($B37,[2]BOLETIM_SEL!$A:$H,4,0) -> Barracão de obra - Execução de depósito em canteiro de obra em chapa de madeira compensada, não incluso mobiliário. AF_04/2016 | F37: =VLOOKUP($B37,[2]BOLETIM_SEL!$A:$H,6,0) -> M2 | G37: =VLOOKUP($B37,[2]BOLETIM_SEL!$A:$H,7,0) -> 914.83 | H37: =+Orçamento_Não_Deson!H37 -> 0 | I37: =TRUNC(G37*(1+$J$5),2) -> 1172.53 | J37: =TRUNC(H37*I37,2) -> 0 | K37: =J37/J$930 -> 0 | L37: =J37/J$34 -> 0
A38: =+Orçamento_Não_Deson!A38 -> 1.01 | B38: =+Orçamento_Não_Deson!B38 -> 93212 | C38: =VLOOKUP($B38,[2]BOLETIM_SEL!$A:$H,2,0) -> SINAPI | D38: =VLOOKUP($B38,[2]BOLETIM_SEL!$A:$H,4,0) -> Barracão de obra - Execução de sanitário e vestiário em canteiro de obra em chapa de madeira compensada, não incluso mobiliário. AF_02/2016 | F38: =VLOOKUP($B38,[2]BOLETIM_SEL!$A:$H,6,0) -> M2 | G38: =VLOOKUP($B38,[2]BOLETIM_SEL!$A:$H,7,0) -> 1005.77 | H38: =+Orçamento_Não_Deson!H38 -> 0 | I38: =TRUNC(G38*(1+$J$5),2) -> 1289.09 | J38: =TRUNC(H38*I38,2) -> 0 | K38: =J38/J$930 -> 0 | L38: =J38/J$34 -> 0
A39: =Orçamento_Não_Deson!A39 -> 1.02 | B39: =Orçamento_Não_Deson!B39 -> 10775 | C39: =VLOOKUP($B39,[2]BOLETIM_SEL!$A:$H,2,0) -> SINAPI | D39: =VLOOKUP($B39,[2]BOLETIM_SEL!$A:$H,4,0) -> Locação de container 2,30 x 6,00 m, alt. 2,50 m, com 1 sanitário, para escritório, completo, sem divisórias internas | F39: =VLOOKUP($B39,[2]BOLETIM_SEL!$A:$H,6,0) -> MES | G39: =VLOOKUP($B39,[2]BOLETIM_SEL!$A:$H,7,0) -> 895 | H39: =Orçamento_Não_Deson!H39 -> 6 | I39: =TRUNC(G39*(1+$J$5),2) -> 1147.12 | J39: =TRUNC(H39*I39,2) -> 6882.72 | K39: =J39/J$930 -> 0.0018216768 | L39: =J39/J$34 -> 0.038940991
A40: =Orçamento_Não_Deson!A40 -> 1.03 | B40: =Orçamento_Não_Deson!B40 -> 10776 | C40: =VLOOKUP($B40,[2]BOLETIM_SEL!$A:$H,2,0) -> SINAPI | D40: =VLOOKUP($B40,[2]BOLETIM_SEL!$A:$H,4,0) -> Locação de container 2,30 x 6,00 m, alt. 2,50 m, para escritório, sem divisórias internas e sem sanitário | F40: =VLOOKUP($B40,[2]BOLETIM_SEL!$A:$H,6,0) -> MES | G40: =VLOOKUP($B40,[2]BOLETIM_SEL!$A:$H,7,0) -> 699.21 | H40: =Orçamento_Não_Deson!H40 -> 6 | I40: =TRUNC(G40*(1+$J$5),2) -> 896.17 | J40: =TRUNC(H40*I40,2) -> 5377.02 | K40: =J40/J$930 -> 0.0014231572 | L40: =J40/J$34 -> 0.030422055
A41: =Orçamento_Não_Deson!A41 -> 1.04 | B41: =Orçamento_Não_Deson!B41 -> 10777 | C41: =VLOOKUP($B41,[2]BOLETIM_SEL!$A:$H,2,0) -> SINAPI | D41: =VLOOKUP($B41,[2]BOLETIM_SEL!$A:$H,4,0) -> Locação de container 2,30 x 4,30 m, alt. 2,50 m, para sanitário, com 3 bacias, 4 chuveiros, 1 lavatório e 1 mictório | F41: =VLOOKUP($B41,[2]BOLETIM_SEL!$A:$H,6,0) -> MES | G41: =VLOOKUP($B41,[2]BOLETIM_SEL!$A:$H,7,0) -> 1016.19 | H41: =Orçamento_Não_Deson!H41 -> 6 | I41: =TRUNC(G41*(1+$J$5),2) -> 1302.45 | J41: =TRUNC(H41*I41,2) -> 7814.7 | K41: =J41/J$930 -> 0.0020683476 | L41: =J41/J$34 -> 0.044213938
A42: =Orçamento_Não_Deson!A42 -> 1.05 | B42: =Orçamento_Não_Deson!B42 -> 93585 | C42: =VLOOKUP($B42,[2]BOLETIM_SEL!$A:$H,2,0) -> SINAPI | D42: =VLOOKUP($B42,[2]BOLETIM_SEL!$A:$H,4,0) -> Execução de guarita em canteiro de obra em chapa de madeira compensada, não incluso mobiliário. AF_04/2016 | F42: =VLOOKUP($B42,[2]BOLETIM_SEL!$A:$H,6,0) -> M2 | G42: =VLOOKUP($B42,[2]BOLETIM_SEL!$A:$H,7,0) -> 1282.79 | H42: =Orçamento_Não_Deson!H42 -> 4 | I42: =TRUNC(G42*(1+$J$5),2) -> 1644.15 | J42: =TRUNC(H42*I42,2) -> 6576.6 | K42: =J42/J$930 -> 0.0017406548 | L42: =J42/J$34 -> 0.037209028
A43: =Orçamento_Não_Deson!A43 -> 1.06 | B43: =Orçamento_Não_Deson!B43 -> SP/0005 | C43: =VLOOKUP($B43,[2]BOLETIM_SEL!$A:$H,2,0) -> COMPOSIÇÃO | D43: =VLOOKUP($B43,[2]BOLETIM_SEL!$A:$H,4,0) -> Aluguel de banheiro quimico, incluindo transporte de ida e volta, manutencao e higienizacao 3 vezes por semana. Modelo Luxo, dimensões 2,31 x 1,15 x 1,15m | F43: =VLOOKUP($B43,[2]BOLETIM_SEL!$A:$H,6,0) -> UN.MÊS | G43: =VLOOKUP($B43,[2]BOLETIM_SEL!$A:$H,7,0) -> 1200 | H43: =Orçamento_Não_Deson!H43 -> 6 | I43: =TRUNC(G43*(1+$J$5),2) -> 1538.04 | J43: =TRUNC(H43*I43,2) -> 9228.24 | K43: =J43/J$930 -> 0.0024424748 | L43: =J43/J$34 -> 0.052211452
A44: =Orçamento_Não_Deson!A44 -> 1.06 | B44: =Orçamento_Não_Deson!B44 -> 98459 | C44: =VLOOKUP($B44,[2]BOLETIM_SEL!$A:$H,2,0) -> SINAPI | D44: =VLOOKUP($B44,[2]BOLETIM_SEL!$A:$H,4,0) -> Tapume com telha metálica, sem pintura, trapezoidal espessura 0,5 mm, colunas, bases e parafusos | F44: =VLOOKUP($B44,[2]BOLETIM_SEL!$A:$H,6,0) -> M2 | G44: =VLOOKUP($B44,[2]BOLETIM_SEL!$A:$H,7,0) -> 119.83 | H44: =Orçamento_Não_Deson!H44 -> 0 | I44: =TRUNC(G44*(1+$J$5),2) -> 153.58 | J44: =TRUNC(H44*I44,2) -> 0 | K44: =J44/J$930 -> 0 | L44: =J44/J$34 -> 0
A45: =Orçamento_Não_Deson!A45 -> 1.07 | B45: =Orçamento_Não_Deson!B45 -> 98525 | C45: =VLOOKUP($B45,[2]BOLETIM_SEL!$A:$H,2,0) -> SINAPI | D45: =VLOOKUP($B45,[2]BOLETIM_SEL!$A:$H,4,0) -> Limpeza mecanizada de camada vegetal, vegetação e pequenas árvores (diâmetro nominal de tronco menor que 0,20 m), com trator de esteiras. AF_05/2018 | F45: =VLOOKUP($B45,[2]BOLETIM_SEL!$A:$H,6,0) -> M2 | G45: =VLOOKUP($B45,[2]BOLETIM_SEL!$A:$H,7,0) -> 0.35 | H45: =Orçamento_Não_Deson!H45 -> 10000 | I45: =TRUNC(G45*(1+$J$5),2) -> 0.44 | J45: =TRUNC(H45*I45,2) -> 4400 | K45: =J45/J$930 -> 0.0011645654 | L45: =J45/J$34 -> 0.02489428
A46: =Orçamento_Não_Deson!A46 -> 1.08 | B46: =Orçamento_Não_Deson!B46 -> SC/0068 | C46: =VLOOKUP($B46,[2]BOLETIM_SEL!$A:$H,2,0) -> COMPOSIÇÃO | D46: =VLOOKUP($B46,[2]BOLETIM_SEL!$A:$H,4,0) -> Revestimento de pátio com pedra britada com espessura de 5 cm com regularização do terreno com motoniveladora. Exclusive transporte. (REF SINAPI COD 100575) | F46: =VLOOKUP($B46,[2]BOLETIM_SEL!$A:$H,6,0) -> M2 | G46: =VLOOKUP($B46,[2]BOLETIM_SEL!$A:$H,7,0) -> 5.44 | H46: =Orçamento_Não_Deson!H46 -> 2500 | I46: =TRUNC(G46*(1+$J$5),2) -> 6.97 | J46: =TRUNC(H46*I46,2) -> 17425 | K46: =J46/J$930 -> 0.0046119438 | L46: =J46/J$34 -> 0.098587006
A47: =Orçamento_Não_Deson!A47 -> 1.09 | B47: =Orçamento_Não_Deson!B47 -> SC/0110 | C47: =VLOOKUP($B47,[2]BOLETIM_SEL!$A:$H,2,0) -> COMPOSIÇÃO | D47: =VLOOKUP($B47,[2]BOLETIM_SEL!$A:$H,4,0) -> Cerca com mourões de madeira roliça Ø 11cm, espaçamento de 2,00m, altura livre de 1,50m, cravado 0,50m, com 5 fios de arame liso ovalado 15x17, conforme projeto | F47: =VLOOKUP($B47,[2]BOLETIM_SEL!$A:$H,6,0) -> M | G47: =VLOOKUP($B47,[2]BOLETIM_SEL!$A:$H,7,0) -> 33.33 | H47: =Orçamento_Não_Deson!H47 -> 400 | I47: =TRUNC(G47*(1+$J$5),2) -> 42.71 | J47: =TRUNC(H47*I47,2) -> 17084 | K47: =J47/J$930 -> 0.00452169 | L47: =J47/J$34 -> 0.0966577
A48: =Orçamento_Não_Deson!A48 -> 1.1 | B48: =Orçamento_Não_Deson!B48 -> SC/0120 | C48: =VLOOKUP($B48,[2]BOLETIM_SEL!$A:$H,2,0) -> COMPOSIÇÃO | D48: =VLOOKUP($B48,[2]BOLETIM_SEL!$A:$H,4,0) -> Portão para veículos em tela arame galvanizado n.12 malha 2" e moldura em tubos de aco com duas folhas de abrir, incluso ferragens (REF. SINAPI COD. 74238/2 - Descontinuado) | F48: =VLOOKUP($B48,[2]BOLETIM_SEL!$A:$H,6,0) -> M2 | G48: =VLOOKUP($B48,[2]BOLETIM_SEL!$A:$H,7,0) -> 944.99 | H48: =Orçamento_Não_Deson!H48 -> 7.2 | I48: =TRUNC(G48*(1+$J$5),2) -> 1211.19 | J48: =TRUNC(H48*I48,2) -> 8720.56 | K48: =J48/J$930 -> 0.0023081052 | L48: =J48/J$34 -> 0.049339105
A49: =Orçamento_Não_Deson!A49 -> 1.11 | B49: =Orçamento_Não_Deson!B49 -> SP/0020 | C49: =VLOOKUP($B49,[2]BOLETIM_SEL!$A:$H,2,0) -> COMPOSIÇÃO | D49: =VLOOKUP($B49,[2]BOLETIM_SEL!$A:$H,4,0) -> Segurança de trânsito - sinalização de advertência de obra com placa (fundo laranja) sobre cavalete, conforme ABNT - NBR-7678 Segurança na execução de obras e serviços de construção Ministério do Trabalho e da Previdência Social - NB-26 - Sinalização De Segurança CONTRAN - Manual De Noções De Normas De Trânsito | F49: =VLOOKUP($B49,[2]BOLETIM_SEL!$A:$H,6,0) -> M2 | G49: =VLOOKUP($B49,[2]BOLETIM_SEL!$A:$H,7,0) -> 135.7 | H49: =Orçamento_Não_Deson!H49 -> 13 | I49: =TRUNC(G49*(1+$J$5),2) -> 173.92 | J49: =TRUNC(H49*I49,2) -> 2260.96 | K49: =J49/J$930 -> 0.00059841724 | L49: =J49/J$34 -> 0.012792039
A50: =Orçamento_Não_Deson!A50 -> 1.12 | B50: =Orçamento_Não_Deson!B50 -> SP/0025 | C50: =VLOOKUP($B50,[2]BOLETIM_SEL!$A:$H,2,0) -> COMPOSIÇÃO | D50: =VLOOKUP($B50,[2]BOLETIM_SEL!$A:$H,4,0) -> Segurança de trânsito - sinalização de advertência de obra com elemento luminoso (balde vermelho) | F50: =VLOOKUP($B50,[2]BOLETIM_SEL!$A:$H,6,0) -> M | G50: =VLOOKUP($B50,[2]BOLETIM_SEL!$A:$H,7,0) -> 3.18 | H50: =Orçamento_Não_Deson!H50 -> 302.41 | I50: =TRUNC(G50*(1+$J$5),2) -> 4.07 | J50: =TRUNC(H50*I50,2) -> 1230.8 | K50: =J50/J$930 -> 0.00032576071 | L50: =J50/J$34 -> 0.006963609
A51: =+Orçamento_Não_Deson!A51 -> 1.12 | B51: =+Orçamento_Não_Deson!B51 -> 98458 | C51: =VLOOKUP($B51,[2]BOLETIM_SEL!$A:$H,2,0) -> SINAPI | D51: =VLOOKUP($B51,[2]BOLETIM_SEL!$A:$H,4,0) -> Segurança de trânsito - tapume baixo removível de proteção para valas com chapas compensadas (6 mm). Exclusive pintura de sinalização de advertência | F51: =VLOOKUP($B51,[2]BOLETIM_SEL!$A:$H,6,0) -> M2 | G51: =VLOOKUP($B51,[2]BOLETIM_SEL!$A:$H,7,0) -> 153.18 | H51: =+Orçamento_Não_Deson!H51 -> 0 | I51: =TRUNC(G51*(1+$J$5),2) -> 196.33 | J51: =TRUNC(H51*I51,2) -> 0 | K51: =J51/J$930 -> 0 | L51: =J51/J$34 -> 0
A52: =Orçamento_Não_Deson!A52 -> 1.13 | B52: =Orçamento_Não_Deson!B52 -> SP/0030 | C52: =VLOOKUP($B52,[2]BOLETIM_SEL!$A:$H,2,0) -> COMPOSIÇÃO | D52: =VLOOKUP($B52,[2]BOLETIM_SEL!$A:$H,4,0) -> Segurança de trânsito - isolamento de obra com tela cerquite plática laranja conforme ABNT - NBR-7678 Segurança na execução de obras e serviços de construção Ministério do Trabalho e da Previdência Social - NB-26 - Sinalização De Segurança CONTRAN - Manual De Noções De Normas De Trânsito | F52: =VLOOKUP($B52,[2]BOLETIM_SEL!$A:$H,6,0) -> M | G52: =VLOOKUP($B52,[2]BOLETIM_SEL!$A:$H,7,0) -> 9.85 | H52: =Orçamento_Não_Deson!H52 -> 650.77 | I52: =TRUNC(G52*(1+$J$5),2) -> 12.62 | J52: =TRUNC(H52*I52,2) -> 8212.71 | K52: =J52/J$930 -> 0.0021736905 | L52: =J52/J$34 -> 0.046465796
A53: =Orçamento_Não_Deson!A53 -> 1.14 | B53: =Orçamento_Não_Deson!B53 -> 13244 | C53: =VLOOKUP($B53,[2]BOLETIM_SEL!$A:$H,2,0) -> SINAPI | D53: =VLOOKUP($B53,[2]BOLETIM_SEL!$A:$H,4,0) -> Segurança de trânsito - cone de sinalização em pvc rígido com faixa refletiva, h = 70 / 76 cm | F53: =VLOOKUP($B53,[2]BOLETIM_SEL!$A:$H,6,0) -> UN | G53: =VLOOKUP($B53,[2]BOLETIM_SEL!$A:$H,7,0) -> 51.9 | H53: =Orçamento_Não_Deson!H53 -> 27 | I53: =TRUNC(G53*(1+$J$5),2) -> 66.52 | J53: =TRUNC(H53*I53,2) -> 1796.04 | K53: =J53/J$930 -> 0.00047536502 | L53: =J53/J$34 -> 0.010161619
A54: =Orçamento_Não_Deson!A54 -> 1.15 | B54: =Orçamento_Não_Deson!B54 -> SP/0050 | C54: =VLOOKUP($B54,[2]BOLETIM_SEL!$A:$H,2,0) -> COMPOSIÇÃO | D54: =VLOOKUP($B54,[2]BOLETIM_SEL!$A:$H,4,0) -> Sondagem de investigação de interferências subterrâneas, incluindo escavações mecânica e manual e reaterro | F54: =VLOOKUP($B54,[2]BOLETIM_SEL!$A:$H,6,0) -> UN | G54: =VLOOKUP($B54,[2]BOLETIM_SEL!$A:$H,7,0) -> 261.78 | H54: =Orçamento_Não_Deson!H54 -> 6 | I54: =TRUNC(G54*(1+$J$5),2) -> 335.52 | J54: =TRUNC(H54*I54,2) -> 2013.12 | K54: =J54/J$930 -> 0.00053282044 | L54: =J54/J$34 -> 0.011389812
A55: =Orçamento_Não_Deson!A55 -> 1.16 | B55: =Orçamento_Não_Deson!B55 -> SP/0060 | C55: =VLOOKUP($B55,[2]BOLETIM_SEL!$A:$H,2,0) -> COMPOSIÇÃO | D55: =VLOOKUP($B55,[2]BOLETIM_SEL!$A:$H,4,0) -> Reparo em ramal de ligação predial de água | F55: =VLOOKUP($B55,[2]BOLETIM_SEL!$A:$H,6,0) -> UN | G55: =VLOOKUP($B55,[2]BOLETIM_SEL!$A:$H,7,0) -> 228.44 | H55: =Orçamento_Não_Deson!H55 -> 12 | I55: =TRUNC(G55*(1+$J$5),2) -> 292.79 | J55: =TRUNC(H55*I55,2) -> 3513.48 | K55: =J55/J$930 -> 0.00092992667 | L55: =J55/J$34 -> 0.019878535
A56: =Orçamento_Não_Deson!A56 -> 1.17 | B56: =Orçamento_Não_Deson!B56 -> 100575 | C56: =VLOOKUP($B56,[2]BOLETIM_SEL!$A:$H,2,0) -> SINAPI | D56: =VLOOKUP($B56,[2]BOLETIM_SEL!$A:$H,4,0) -> Regularização de superfícies com motoniveladora. AF_11/2019 | F56: =VLOOKUP($B56,[2]BOLETIM_SEL!$A:$H,6,0) -> M2 | G56: =VLOOKUP($B56,[2]BOLETIM_SEL!$A:$H,7,0) -> 0.12 | H56: =Orçamento_Não_Deson!H56 -> 2322.67 | I56: =TRUNC(G56*(1+$J$5),2) -> 0.15 | J56: =TRUNC(H56*I56,2) -> 348.4 | K56: =J56/J$930 -> 9.2212408e-05 | L56: =J56/J$34 -> 0.0019711743
A57: =Orçamento_Não_Deson!A57 -> 1.18 | B57: =Orçamento_Não_Deson!B57 -> 100979 | C57: =VLOOKUP($B57,[2]BOLETIM_SEL!$A:$H,2,0) -> SINAPI | D57: =VLOOKUP($B57,[2]BOLETIM_SEL!$A:$H,4,0) -> Carga, manobra e descarga de solos e materiais granulares em caminhão basculante 14 m3 - carga com escavadeira hidráulica (capacidade da caçamba: 1,20 m3 / potência: 155 HP) e descarga livre (unidade: m3). AF_07/2020 | F57: =VLOOKUP($B57,[2]BOLETIM_SEL!$A:$H,6,0) -> M3 | G57: =VLOOKUP($B57,[2]BOLETIM_SEL!$A:$H,7,0) -> 6.35 | H57: =Orçamento_Não_Deson!H57 -> 2000 | I57: =TRUNC(G57*(1+$J$5),2) -> 8.13 | J57: =TRUNC(H57*I57,2) -> 16260 | K57: =J57/J$930 -> 0.0043035986 | L57: =J57/J$34 -> 0.09199568 | M57: =Orçamento_Não_Deson!M57 -> ESCAVADEIRA
A58: =Orçamento_Não_Deson!A58 -> 0 | B58: =Orçamento_Não_Deson!B58 -> 0 | D58: TRANSPORTE DE BOTA-FORA - PRODUTO DA LIMPEZA | J58: =IF(J59=0,"-","") | M58: =Orçamento_Não_Deson!M58 -> Depósito de expurgo SEM reciclagem: 1
A59: =Orçamento_Não_Deson!A59 -> 1.19 | B59: =Orçamento_Não_Deson!B59 -> 95876 | C59: =VLOOKUP($B59,[2]BOLETIM_SEL!$A:$H,2,0) -> SINAPI | D59: =VLOOKUP($B59,[2]BOLETIM_SEL!$A:$H,4,0) -> Transporte com caminhão basculante de 14 m3, em via urbana pavimentada, DMT até 30,00 km (unidade: m3xkm). AF_07/2020 | E59: =Orçamento_Não_Deson!E59 -> 8 | F59: =VLOOKUP($B59,[2]BOLETIM_SEL!$A:$H,6,0) -> M3XKM | G59: =VLOOKUP($B59,[2]BOLETIM_SEL!$A:$H,7,0) -> 2.04 | H59: =ROUND(H57*E59,2) -> 16000 | I59: =TRUNC(G59*(1+$J$5),2) -> 2.61 | J59: =TRUNC(H59*I59,2) -> 41760 | K59: =J59/J$930 -> 0.011052785 | L59: =J59/J$34 -> 0.23626935 | M59: =Orçamento_Não_Deson!M59 -> 2000
A60: =Orçamento_Não_Deson!A60 -> 0 | B60: =Orçamento_Não_Deson!B60 -> 0 | D60: TRANSPORTE DE PEDRA TIPO BRITA / PULMÃO / DE MÃO / RACHÃO | J60: =IF(J61=0,"-","") | M60: =Orçamento_Não_Deson!M60 -> Depósito de expurgo SEM reciclagem: 1
A61: =Orçamento_Não_Deson!A61 -> 1.2 | B61: =Orçamento_Não_Deson!B61 -> 95876 | C61: =VLOOKUP($B61,[2]BOLETIM_SEL!$A:$H,2,0) -> SINAPI | D61: =VLOOKUP($B61,[2]BOLETIM_SEL!$A:$H,4,0) -> Transporte com caminhão basculante de 14 m3, em via urbana pavimentada, DMT até 30,00 km (unidade: m3xkm). AF_07/2020 | E61: =Orçamento_Não_Deson!E61 -> 24 | F61: =VLOOKUP($B61,[2]BOLETIM_SEL!$A:$H,6,0) -> M3XKM | G61: =VLOOKUP($B61,[2]BOLETIM_SEL!$A:$H,7,0) -> 2.04 | H61: =ROUND(S_Preliminares!N17*1.1*E61,2) -> 3300 | I61: =TRUNC(G61*(1+$J$5),2) -> 2.61 | J61: =TRUNC(H61*I61,2) -> 8613 | K61: =J61/J$930 -> 0.0022796368 | L61: =J61/J$34 -> 0.048730553 | M61: =Orçamento_Não_Deson!M61 -> 137.5
J62: =IF(J34=0,0,"")
A63: =IF(J63>0,INT(A59)+1,IF(J63=0,INT(A59),0)) -> 2 | D63: REMOÇÕES, DEMOLIÇÕES E SUPRESSÕES | G63: Demolicao!A1 | I63: =CONCATENATE("SUB-TOTAL ",A63) -> SUB-TOTAL 2 | J63: =SUM(J64:J98) -> 39545.1 | K63: =J63/J$930 -> 0.010466558 | L63: =J63/$J$63 -> 1 | N63: produção | O63: prazo (h)
A64: =+Orçamento_Não_Deson!A64 -> 2 | B64: =+Orçamento_Não_Deson!B64 -> SR/0010 | C64: =VLOOKUP($B64,[2]BOLETIM_SEL!$A:$H,2,0) -> COMPOSIÇÃO | D64: =VLOOKUP($B64,[2]BOLETIM_SEL!$A:$H,4,0) -> Demolição de concreto simples, de forma manual, sem reaproveitamento (REF. SICRO COD. 1600436) | E64: =+Orçamento_Não_Deson!E64 -> 0 | F64: =VLOOKUP($B64,[2]BOLETIM_SEL!$A:$H,6,0) -> M3 | G64: =VLOOKUP($B64,[2]BOLETIM_SEL!$A:$H,7,0) -> 249.36 | H64: =+Orçamento_Não_Deson!H64 -> 0 | I64: =TRUNC(G64*(1+$J$5),2) -> 319.6 | J64: =TRUNC(H64*I64,2) -> 0 | K64: =J64/J$930 -> 0 | L64: =J64/$J$63 -> 0 | N64: =VLOOKUP($B64,[2]BOLETIM_SEL!$A:$H,3,0) -> 0.08 | O64: =+H64/N64 -> 0
A65: =Orçamento_Não_Deson!A65 -> 2.01 | B65: =Orçamento_Não_Deson!B65 -> SR/0020 | C65: =VLOOKUP($B65,[2]BOLETIM_SEL!$A:$H,2,0) -> COMPOSIÇÃO | D65: =VLOOKUP($B65,[2]BOLETIM_SEL!$A:$H,4,0) -> Demolição de concreto simples, de forma mecanizada, sem reaproveitamento (REF. SICRO COD. 1600989, db 01-2023) | E65: =Orçamento_Não_Deson!E65 -> 0 | F65: =VLOOKUP($B65,[2]BOLETIM_SEL!$A:$H,6,0) -> M3 | G65: =VLOOKUP($B65,[2]BOLETIM_SEL!$A:$H,7,0) -> 242.25 | H65: =Orçamento_Não_Deson!H65 -> 76.15 | I65: =TRUNC(G65*(1+$J$5),2) -> 310.49 | J65: =TRUNC(H65*I65,2) -> 23643.81 | K65: =J65/J$930 -> 0.0062579008 | L65: =J65/$J$63 -> 0.59789481 | N65: =VLOOKUP($B65,[2]BOLETIM_SEL!$A:$H,3,0) -> 0.6 | O65: =H65/N65 -> 126.91667
A66: =+Orçamento_Não_Deson!A66 -> 2.01 | B66: =+Orçamento_Não_Deson!B66 -> SR/0030 | C66: =VLOOKUP($B66,[2]BOLETIM_SEL!$A:$H,2,0) -> COMPOSIÇÃO | D66: =VLOOKUP($B66,[2]BOLETIM_SEL!$A:$H,4,0) -> Demolição de concreto armado, de forma manual, sem reaproveitamento (REF. SICRO COD. 1600438) | E66: =+Orçamento_Não_Deson!E66 -> 0 | F66: =VLOOKUP($B66,[2]BOLETIM_SEL!$A:$H,6,0) -> M3 | G66: =VLOOKUP($B66,[2]BOLETIM_SEL!$A:$H,7,0) -> 398.98 | H66: =+Orçamento_Não_Deson!H66 -> 0 | I66: =TRUNC(G66*(1+$J$5),2) -> 511.37 | J66: =TRUNC(H66*I66,2) -> 0 | K66: =J66/J$930 -> 0 | L66: =J66/$J$63 -> 0 | N66: =VLOOKUP($B66,[2]BOLETIM_SEL!$A:$H,3,0) -> 0.05 | O66: =+H66/N66 -> 0
A67: =+Orçamento_Não_Deson!A67 -> 2.01 | B67: =+Orçamento_Não_Deson!B67 -> SR/0040 | C67: =VLOOKUP($B67,[2]BOLETIM_SEL!$A:$H,2,0) -> COMPOSIÇÃO | D67: =VLOOKUP($B67,[2]BOLETIM_SEL!$A:$H,4,0) -> Demolição de concreto armado, de forma mecanizada, sem reaproveitamento (REF. SICRO COD. 1619003) | E67: =+Orçamento_Não_Deson!E67 -> 0 | F67: =VLOOKUP($B67,[2]BOLETIM_SEL!$A:$H,6,0) -> M3 | G67: =VLOOKUP($B67,[2]BOLETIM_SEL!$A:$H,7,0) -> 159.56 | H67: =+Orçamento_Não_Deson!H67 -> 0 | I67: =TRUNC(G67*(1+$J$5),2) -> 204.5 | J67: =TRUNC(H67*I67,2) -> 0 | K67: =J67/J$930 -> 0 | L67: =J67/$J$63 -> 0 | N67: =VLOOKUP($B67,[2]BOLETIM_SEL!$A:$H,3,0) -> 4.77 | O67: =+H67/N67 -> 0
A68: =+Orçamento_Não_Deson!A68 -> 2.01 | B68: =+Orçamento_Não_Deson!B68 -> 97624 | C68: =VLOOKUP($B68,[2]BOLETIM_SEL!$A:$H,2,0) -> SINAPI | D68: =VLOOKUP($B68,[2]BOLETIM_SEL!$A:$H,4,0) -> Demolição de alvenaria de tijolo maciço, de forma manual, sem reaproveitamento. AF_12/2017 | E68: =+Orçamento_Não_Deson!E68 -> 0 | F68: =VLOOKUP($B68,[2]BOLETIM_SEL!$A:$H,6,0) -> M3 | G68: =VLOOKUP($B68,[2]BOLETIM_SEL!$A:$H,7,0) -> 86.87 | H68: =+Orçamento_Não_Deson!H68 -> 0 | I68: =TRUNC(G68*(1+$J$5),2) -> 111.34 | J68: =TRUNC(H68*I68,2) -> 0 | K68: =J68/J$930 -> 0 | L68: =J68/$J$63 -> 0 | N68: =VLOOKUP($B68,[2]BOLETIM_SEL!$A:$H,3,0) -> 2.36 | O68: =+H68/N68 -> 0
A69: =+Orçamento_Não_Deson!A69 -> 2.01 | B69: =+Orçamento_Não_Deson!B69 -> SR/0070 | C69: =VLOOKUP($B69,[2]BOLETIM_SEL!$A:$H,2,0) -> COMPOSIÇÃO | D69: =VLOOKUP($B69,[2]BOLETIM_SEL!$A:$H,4,0) -> Demolição de alvenaria de pedra, de forma manual, com reaproveitamento | E69: =+Orçamento_Não_Deson!E69 -> 0 | F69: =VLOOKUP($B69,[2]BOLETIM_SEL!$A:$H,6,0) -> M3 | G69: =VLOOKUP($B69,[2]BOLETIM_SEL!$A:$H,7,0) -> 79.79 | H69: =+Orçamento_Não_Deson!H69 -> 0 | I69: =TRUNC(G69*(1+$J$5),2) -> 102.26 | J69: =TRUNC(H69*I69,2) -> 0 | K69: =J69/J$930 -> 0 | L69: =J69/$J$63 -> 0 | N69: =VLOOKUP($B69,[2]BOLETIM_SEL!$A:$H,3,0) -> 2.5 | O69: =+H69/N69 -> 0
A70: =+Orçamento_Não_Deson!A70 -> 2.01 | B70: =+Orçamento_Não_Deson!B70 -> SR/0050 | C70: =VLOOKUP($B70,[2]BOLETIM_SEL!$A:$H,2,0) -> COMPOSIÇÃO | D70: =VLOOKUP($B70,[2]BOLETIM_SEL!$A:$H,4,0) -> Demolição de piso em ladrilho, de forma mecanizada, sem reaproveitamento (REF. SINAPI COD. 97634) | E70: =+Orçamento_Não_Deson!E70 -> 0 | F70: =VLOOKUP($B70,[2]BOLETIM_SEL!$A:$H,6,0) -> M2 | G70: =VLOOKUP($B70,[2]BOLETIM_SEL!$A:$H,7,0) -> 10.96 | H70: =+Orçamento_Não_Deson!H70 -> 0 | I70: =TRUNC(G70*(1+$J$5),2) -> 14.04 | J70: =TRUNC(H70*I70,2) -> 0 | K70: =J70/J$930 -> 0 | L70: =J70/$J$63 -> 0 | N70: =VLOOKUP($B70,[2]BOLETIM_SEL!$A:$H,3,0) -> 7.15 | O70: =+H70/N70 -> 0
A71: =Orçamento_Não_Deson!A71 -> 2.02 | B71: =Orçamento_Não_Deson!B71 -> 97636 | C71: =VLOOKUP($B71,[2]BOLETIM_SEL!$A:$H,2,0) -> SINAPI | D71: =VLOOKUP($B71,[2]BOLETIM_SEL!$A:$H,4,0) -> Demolição parcial de pavimento asfáltico, de forma mecanizada, sem reaproveitamento. AF_12/2017 | E71: =Orçamento_Não_Deson!E71 -> 0 | F71: =VLOOKUP($B71,[2]BOLETIM_SEL!$A:$H,6,0) -> M2 | G71: =VLOOKUP($B71,[2]BOLETIM_SEL!$A:$H,7,0) -> 18.26 | H71: =Orçamento_Não_Deson!H71 -> 84.85 | I71: =TRUNC(G71*(1+$J$5),2) -> 23.4 | J71: =TRUNC(H71*I71,2) -> 1985.49 | K71: =J71/J$930 -> 0.0005255075 | L71: =J71/$J$63 -> 0.050208243 | N71: =VLOOKUP($B71,[2]BOLETIM_SEL!$A:$H,3,0) -> 8.18 | O71: =H71/N71 -> 10.372861
A72: =+Orçamento_Não_Deson!A72 -> 2.02 | B72: =+Orçamento_Não_Deson!B72 -> SR/0060 | C72: =VLOOKUP($B72,[2]BOLETIM_SEL!$A:$H,2,0) -> COMPOSIÇÃO | D72: =VLOOKUP($B72,[2]BOLETIM_SEL!$A:$H,4,0) -> Remoção de piso em bloco de concreto, de forma mecanizada, sem reaproveitamento | E72: =+Orçamento_Não_Deson!E72 -> 0 | F72: =VLOOKUP($B72,[2]BOLETIM_SEL!$A:$H,6,0) -> M2 | G72: =VLOOKUP($B72,[2]BOLETIM_SEL!$A:$H,7,0) -> 12.12 | H72: =+Orçamento_Não_Deson!H72 -> 0 | I72: =TRUNC(G72*(1+$J$5),2) -> 15.53 | J72: =TRUNC(H72*I72,2) -> 0 | K72: =J72/J$930 -> 0 | L72: =J72/$J$63 -> 0 | N72: =VLOOKUP($B72,[2]BOLETIM_SEL!$A:$H,3,0) -> 21.78 | O72: =+H72/N72 -> 0
A73: =Orçamento_Não_Deson!A73 -> 2.03 | B73: =Orçamento_Não_Deson!B73 -> SR/0100 | C73: =VLOOKUP($B73,[2]BOLETIM_SEL!$A:$H,2,0) -> COMPOSIÇÃO | D73: =VLOOKUP($B73,[2]BOLETIM_SEL!$A:$H,4,0) -> Recorte mecânico de pavimento asfáltico ou piso de concreto, com serra de disco diamantado para piso/asfalto. REF SICRO 4011537, DB 04-2023 | E73: =Orçamento_Não_Deson!E73 -> 0 | F73: =VLOOKUP($B73,[2]BOLETIM_SEL!$A:$H,6,0) -> M | G73: =VLOOKUP($B73,[2]BOLETIM_SEL!$A:$H,7,0) -> 3.55 | H73: =Orçamento_Não_Deson!H73 -> 858.19 | I73: =TRUNC(G73*(1+$J$5),2) -> 4.55 | J73: =TRUNC(H73*I73,2) -> 3904.76 | K73: =J73/J$930 -> 0.0010334883 | L73: =J73/$J$63 -> 0.098741943 | N73: =VLOOKUP($B73,[2]BOLETIM_SEL!$A:$H,3,0) -> 12 | O73: =H73/N73 -> 71.515833
A74: =Orçamento_Não_Deson!A74 -> 2.03 | B74: =Orçamento_Não_Deson!B74 -> SR/0080 | C74: =VLOOKUP($B74,[2]BOLETIM_SEL!$A:$H,2,0) -> COMPOSIÇÃO | D74: =VLOOKUP($B74,[2]BOLETIM_SEL!$A:$H,4,0) -> Demolição de boca de lobo, incluindo carga e bota-fora do entulho e reaterro da cava | E74: =Orçamento_Não_Deson!E74 -> 0 | F74: =VLOOKUP($B74,[2]BOLETIM_SEL!$A:$H,6,0) -> UN | G74: =VLOOKUP($B74,[2]BOLETIM_SEL!$A:$H,7,0) -> 434.53 | H74: =Orçamento_Não_Deson!H74 -> 0 | I74: =TRUNC(G74*(1+$J$5),2) -> 556.93 | J74: =TRUNC(H74*I74,2) -> 0 | K74: =J74/J$930 -> 0 | L74: =J74/$J$63 -> 0
A75: =+Orçamento_Não_Deson!A75 -> 2.03 | B75: =+Orçamento_Não_Deson!B75 -> SR/0090 | C75: =VLOOKUP($B75,[2]BOLETIM_SEL!$A:$H,2,0) -> COMPOSIÇÃO | D75: =VLOOKUP($B75,[2]BOLETIM_SEL!$A:$H,4,0) -> Demolição de poço de visita, inclusive carga e bota-fora do entulho | E75: =+Orçamento_Não_Deson!E75 -> 0 | F75: =VLOOKUP($B75,[2]BOLETIM_SEL!$A:$H,6,0) -> UN | G75: =VLOOKUP($B75,[2]BOLETIM_SEL!$A:$H,7,0) -> 888.44 | H75: =+Orçamento_Não_Deson!H75 -> 0 | I75: =TRUNC(G75*(1+$J$5),2) -> 1138.71 | J75: =TRUNC(H75*I75,2) -> 0 | K75: =J75/J$930 -> 0 | L75: =J75/$J$63 -> 0
A76: =+Orçamento_Não_Deson!A76 -> 2.03 | B76: =+Orçamento_Não_Deson!B76 -> SR/0120 | C76: =VLOOKUP($B76,[2]BOLETIM_SEL!$A:$H,2,0) -> COMPOSIÇÃO | D76: =VLOOKUP($B76,[2]BOLETIM_SEL!$A:$H,4,0) -> Remoção de alambrado com tela de arame galvanizado (inclusive mureta em concreto). (REF SINAPI CÓD 98522, DB 11-2022) | E76: =+Orçamento_Não_Deson!E76 -> 0 | F76: =VLOOKUP($B76,[2]BOLETIM_SEL!$A:$H,6,0) -> M | G76: =VLOOKUP($B76,[2]BOLETIM_SEL!$A:$H,7,0) -> 44.72 | H76: =+Orçamento_Não_Deson!H76 -> 0 | I76: =TRUNC(G76*(1+$J$5),2) -> 57.31 | J76: =TRUNC(H76*I76,2) -> 0 | K76: =J76/J$930 -> 0 | L76: =J76/$J$63 -> 0
A77: =Orçamento_Não_Deson!A77 -> 2.04 | B77: =Orçamento_Não_Deson!B77 -> 98526 | C77: =VLOOKUP($B77,[2]BOLETIM_SEL!$A:$H,2,0) -> SINAPI | D77: =VLOOKUP($B77,[2]BOLETIM_SEL!$A:$H,4,0) -> Remoção de raízes remanescentes de tronco de árvore com diâmetro maior ou igual a 0,20 m e menor que 0,40 m. AF_05/2018 | E77: =Orçamento_Não_Deson!E77 -> 0 | F77: =VLOOKUP($B77,[2]BOLETIM_SEL!$A:$H,6,0) -> UN | G77: =VLOOKUP($B77,[2]BOLETIM_SEL!$A:$H,7,0) -> 76.16 | H77: =Orçamento_Não_Deson!H77 -> 9 | I77: =TRUNC(G77*(1+$J$5),2) -> 97.61 | J77: =TRUNC(H77*I77,2) -> 878.49 | K77: =J77/J$930 -> 0.00023251343 | L77: =J77/$J$63 -> 0.022214889
A78: =Orçamento_Não_Deson!A78 -> 2.05 | B78: =Orçamento_Não_Deson!B78 -> 98527 | C78: =VLOOKUP($B78,[2]BOLETIM_SEL!$A:$H,2,0) -> SINAPI | D78: =VLOOKUP($B78,[2]BOLETIM_SEL!$A:$H,4,0) -> Remoção de raízes remanescentes de tronco de árvore com diâmetro maior ou igual a 0,40 m e menor que 0,60 m. AF_05/2018 | E78: =Orçamento_Não_Deson!E78 -> 0 | F78: =VLOOKUP($B78,[2]BOLETIM_SEL!$A:$H,6,0) -> UN | G78: =VLOOKUP($B78,[2]BOLETIM_SEL!$A:$H,7,0) -> 163.97 | H78: =Orçamento_Não_Deson!H78 -> 1 | I78: =TRUNC(G78*(1+$J$5),2) -> 210.16 | J78: =TRUNC(H78*I78,2) -> 210.16 | K78: =J78/J$930 -> 5.562388e-05 | L78: =J78/$J$63 -> 0.0053144385
A79: =Orçamento_Não_Deson!A79 -> 2.05 | B79: =Orçamento_Não_Deson!B79 -> 98528 | C79: =VLOOKUP($B79,[2]BOLETIM_SEL!$A:$H,2,0) -> SINAPI | D79: =VLOOKUP($B79,[2]BOLETIM_SEL!$A:$H,4,0) -> Remoção de raízes remanescentes de tronco de árvore com diâmetro maior ou igual a 0,60 m. AF_05/2018 | E79: =Orçamento_Não_Deson!E79 -> 0 | F79: =VLOOKUP($B79,[2]BOLETIM_SEL!$A:$H,6,0) -> UN | G79: =VLOOKUP($B79,[2]BOLETIM_SEL!$A:$H,7,0) -> 239.78 | H79: =Orçamento_Não_Deson!H79 -> 0 | I79: =TRUNC(G79*(1+$J$5),2) -> 307.32 | J79: =TRUNC(H79*I79,2) -> 0 | K79: =J79/J$930 -> 0 | L79: =J79/$J$63 -> 0
A80: =Orçamento_Não_Deson!A80 -> 2.06 | B80: =Orçamento_Não_Deson!B80 -> 98529 | C80: =VLOOKUP($B80,[2]BOLETIM_SEL!$A:$H,2,0) -> SINAPI | D80: =VLOOKUP($B80,[2]BOLETIM_SEL!$A:$H,4,0) -> Corte raso e recorte de árvore com diâmetro nominal de tronco maior ou igual a 0,20 m e menor que 0,40 m. AF_05/2018 | E80: =Orçamento_Não_Deson!E80 -> 0 | F80: =VLOOKUP($B80,[2]BOLETIM_SEL!$A:$H,6,0) -> UN | G80: =VLOOKUP($B80,[2]BOLETIM_SEL!$A:$H,7,0) -> 57.01 | H80: =Orçamento_Não_Deson!H80 -> 9 | I80: =TRUNC(G80*(1+$J$5),2) -> 73.06 | J80: =TRUNC(H80*I80,2) -> 657.54 | K80: =J80/J$930 -> 0.00017403372 | L80: =J80/$J$63 -> 0.016627597
A81: =Orçamento_Não_Deson!A81 -> 2.07 | B81: =Orçamento_Não_Deson!B81 -> 98530 | C81: =VLOOKUP($B81,[2]BOLETIM_SEL!$A:$H,2,0) -> SINAPI | D81: =VLOOKUP($B81,[2]BOLETIM_SEL!$A:$H,4,0) -> Corte raso e recorte de árvore com diâmetro nominal de tronco maior ou igual a 0,40 m e menor que 0,60 m. AF_05/2018 | E81: =Orçamento_Não_Deson!E81 -> 0 | F81: =VLOOKUP($B81,[2]BOLETIM_SEL!$A:$H,6,0) -> UN | G81: =VLOOKUP($B81,[2]BOLETIM_SEL!$A:$H,7,0) -> 101.56 | H81: =Orçamento_Não_Deson!H81 -> 1 | I81: =TRUNC(G81*(1+$J$5),2) -> 130.16 | J81: =TRUNC(H81*I81,2) -> 130.16 | K81: =J81/J$930 -> 3.4449963e-05 | L81: =J81/$J$63 -> 0.0032914318
A82: =Orçamento_Não_Deson!A82 -> 2.07 | B82: =Orçamento_Não_Deson!B82 -> 98531 | C82: =VLOOKUP($B82,[2]BOLETIM_SEL!$A:$H,2,0) -> SINAPI | D82: =VLOOKUP($B82,[2]BOLETIM_SEL!$A:$H,4,0) -> Corte raso e recorte de árvore com diâmetro nominal de tronco maior ou igual a 0,60 m. AF_05/2018 | E82: =Orçamento_Não_Deson!E82 -> 0 | F82: =VLOOKUP($B82,[2]BOLETIM_SEL!$A:$H,6,0) -> UN | G82: =VLOOKUP($B82,[2]BOLETIM_SEL!$A:$H,7,0) -> 251.83 | H82: =Orçamento_Não_Deson!H82 -> 0 | I82: =TRUNC(G82*(1+$J$5),2) -> 322.77 | J82: =TRUNC(H82*I82,2) -> 0 | K82: =J82/J$930 -> 0 | L82: =J82/$J$63 -> 0
A83: =+Orçamento_Não_Deson!A83 -> 2.07 | B83: =+Orçamento_Não_Deson!B83 -> 98532 | C83: =VLOOKUP($B83,[2]BOLETIM_SEL!$A:$H,2,0) -> SINAPI | D83: =VLOOKUP($B83,[2]BOLETIM_SEL!$A:$H,4,0) -> Poda em altura de árvore com diâmetro nominal de tronco menor que 0,20 m. AF_05/2018 | E83: =+Orçamento_Não_Deson!E83 -> 0 | F83: =VLOOKUP($B83,[2]BOLETIM_SEL!$A:$H,6,0) -> UN | G83: =VLOOKUP($B83,[2]BOLETIM_SEL!$A:$H,7,0) -> 109.33 | H83: =+Orçamento_Não_Deson!H83 -> 0 | I83: =TRUNC(G83*(1+$J$5),2) -> 140.12 | J83: =TRUNC(H83*I83,2) -> 0 | K83: =J83/J$930 -> 0 | L83: =J83/$J$63 -> 0
A84: =Orçamento_Não_Deson!A84 -> 2.08 | B84: =Orçamento_Não_Deson!B84 -> 98533 | C84: =VLOOKUP($B84,[2]BOLETIM_SEL!$A:$H,2,0) -> SINAPI | D84: =VLOOKUP($B84,[2]BOLETIM_SEL!$A:$H,4,0) -> Poda em altura de árvore com diâmetro nominal de tronco maior ou igual a 0,20 m e menor que 0,40 m. AF_05/2018 | E84: =Orçamento_Não_Deson!E84 -> 0 | F84: =VLOOKUP($B84,[2]BOLETIM_SEL!$A:$H,6,0) -> UN | G84: =VLOOKUP($B84,[2]BOLETIM_SEL!$A:$H,7,0) -> 296.91 | H84: =Orçamento_Não_Deson!H84 -> 9 | I84: =TRUNC(G84*(1+$J$5),2) -> 380.54 | J84: =TRUNC(H84*I84,2) -> 3424.86 | K84: =J84/J$930 -> 0.00090647126 | L84: =J84/$J$63 -> 0.086606432
A85: =Orçamento_Não_Deson!A85 -> 2.09 | B85: =Orçamento_Não_Deson!B85 -> 98534 | C85: =VLOOKUP($B85,[2]BOLETIM_SEL!$A:$H,2,0) -> SINAPI | D85: =VLOOKUP($B85,[2]BOLETIM_SEL!$A:$H,4,0) -> Poda em altura de árvore com diâmetro nominal de tronco maior ou igual a 0,40 m e menor que 0,60 m. AF_05/2018 | E85: =Orçamento_Não_Deson!E85 -> 0 | F85: =VLOOKUP($B85,[2]BOLETIM_SEL!$A:$H,6,0) -> UN | G85: =VLOOKUP($B85,[2]BOLETIM_SEL!$A:$H,7,0) -> 763.67 | H85: =Orçamento_Não_Deson!H85 -> 1 | I85: =TRUNC(G85*(1+$J$5),2) -> 978.79 | J85: =TRUNC(H85*I85,2) -> 978.79 | K85: =J85/J$930 -> 0.00025906023 | L85: =J85/$J$63 -> 0.024751233
A86: =Orçamento_Não_Deson!A86 -> 2.09 | B86: =Orçamento_Não_Deson!B86 -> 98535 | C86: =VLOOKUP($B86,[2]BOLETIM_SEL!$A:$H,2,0) -> SINAPI | D86: =VLOOKUP($B86,[2]BOLETIM_SEL!$A:$H,4,0) -> Poda em altura de árvore com diâmetro nominal de tronco maior ou igual a 0,60 m. AF_05/2018 | E86: =Orçamento_Não_Deson!E86 -> 0 | F86: =VLOOKUP($B86,[2]BOLETIM_SEL!$A:$H,6,0) -> UN | G86: =VLOOKUP($B86,[2]BOLETIM_SEL!$A:$H,7,0) -> 1203.58 | H86: =Orçamento_Não_Deson!H86 -> 0 | I86: =TRUNC(G86*(1+$J$5),2) -> 1542.62 | J86: =TRUNC(H86*I86,2) -> 0 | K86: =J86/J$930 -> 0 | L86: =J86/$J$63 -> 0
A87: =+Orçamento_Não_Deson!A87 -> 2.09 | B87: =+Orçamento_Não_Deson!B87 -> ST/0020 | C87: =VLOOKUP($B87,[2]BOLETIM_SEL!$A:$H,2,0) -> COMPOSIÇÃO | D87: =VLOOKUP($B87,[2]BOLETIM_SEL!$A:$H,4,0) -> Carga manual, manobra e descarga de entulho em caminhão basculante 6m3 (REF. SICRO COD. 72897) | E87: =+Orçamento_Não_Deson!E87 -> 0 | F87: =VLOOKUP($B87,[2]BOLETIM_SEL!$A:$H,6,0) -> M3 | G87: =VLOOKUP($B87,[2]BOLETIM_SEL!$A:$H,7,0) -> 26.48 | H87: =+Orçamento_Não_Deson!H87 -> 0 | I87: =TRUNC(G87*(1+$J$5),2) -> 33.93 | J87: =TRUNC(H87*I87,2) -> 0 | K87: =J87/J$930 -> 0 | L87: =J87/$J$63 -> 0
A88: =Orçamento_Não_Deson!A88 -> 2.1 | B88: =Orçamento_Não_Deson!B88 -> 100983 | C88: =VLOOKUP($B88,[2]BOLETIM_SEL!$A:$H,2,0) -> SINAPI | D88: =VLOOKUP($B88,[2]BOLETIM_SEL!$A:$H,4,0) -> Carga, manobra e descarga de entulho em caminhão basculante 14 m3 - carga com escavadeira hidráulica (capacidade da caçamba: 0,80 m3 / potência: 111 HP) e descarga livre (unidade: m3). AF_07/2020 | E88: =Orçamento_Não_Deson!E88 -> 0 | F88: =VLOOKUP($B88,[2]BOLETIM_SEL!$A:$H,6,0) -> M3 | G88: =VLOOKUP($B88,[2]BOLETIM_SEL!$A:$H,7,0) -> 8.61 | H88: =Orçamento_Não_Deson!H88 -> 98.51 | I88: =TRUNC(G88*(1+$J$5),2) -> 11.03 | J88: =TRUNC(H88*I88,2) -> 1086.56 | K88: =J88/J$930 -> 0.00028758414 | L88: =J88/$J$63 -> 0.027476476
A89: =+Orçamento_Não_Deson!A89 -> 2.1 | B89: =+Orçamento_Não_Deson!B89 -> 100983 | C89: =VLOOKUP($B89,[2]BOLETIM_SEL!$A:$H,2,0) -> SINAPI | D89: =VLOOKUP($B89,[2]BOLETIM_SEL!$A:$H,4,0) -> Carga, manobra e descarga de entulho em caminhão basculante 14 m3 - carga com escavadeira hidráulica (capacidade da caçamba: 0,80 m3 / potência: 111 HP) e descarga livre (unidade: m3). AF_07/2020 | E89: =+Orçamento_Não_Deson!E89 -> 0 | F89: =VLOOKUP($B89,[2]BOLETIM_SEL!$A:$H,6,0) -> M3 | G89: =VLOOKUP($B89,[2]BOLETIM_SEL!$A:$H,7,0) -> 8.61 | H89: =+Orçamento_Não_Deson!H89 -> 0 | I89: =TRUNC(G89*(1+$J$5),2) -> 11.03 | J89: =TRUNC(H89*I89,2) -> 0 | K89: =J89/J$930 -> 0 | L89: =J89/$J$63 -> 0
A90: =Orçamento_Não_Deson!A90 -> 2.11 | B90: =Orçamento_Não_Deson!B90 -> ST/0070 | C90: =VLOOKUP($B90,[2]BOLETIM_SEL!$A:$H,2,0) -> COMPOSIÇÃO | D90: =VLOOKUP($B90,[2]BOLETIM_SEL!$A:$H,4,0) -> Carga, manobra e descarga de materiais diversos em caminhão carroceria - carga e descaga manuais (REF. SICRO COD. 5915474) | E90: =Orçamento_Não_Deson!E90 -> 0 | F90: =VLOOKUP($B90,[2]BOLETIM_SEL!$A:$H,6,0) -> T | G90: =VLOOKUP($B90,[2]BOLETIM_SEL!$A:$H,7,0) -> 29.25 | H90: =Orçamento_Não_Deson!H90 -> 10 | I90: =TRUNC(G90*(1+$J$5),2) -> 37.48 | J90: =TRUNC(H90*I90,2) -> 374.8 | K90: =J90/J$930 -> 9.9199801e-05 | L90: =J90/$J$63 -> 0.0094777861
D91: TRANSPORTE DE SOLO SELECIONADO PARA COMPENSAÇÃO | J91: =IF(J92=0,"-","") -> - | M91: =+Orçamento_Não_Deson!M91 -> Depósito provisório
A92: =+Orçamento_Não_Deson!A92 -> 2.11 | B92: =+Orçamento_Não_Deson!B92 -> 100938 | C92: =VLOOKUP($B92,[2]BOLETIM_SEL!$A:$H,2,0) -> SINAPI | D92: =VLOOKUP($B92,[2]BOLETIM_SEL!$A:$H,4,0) -> Transporte com caminhão basculante de 10 m3, em via interna (dentro do canteiro - unidade: m3xkm). AF_07/2020 | E92: =+Orçamento_Não_Deson!E92 -> 1 | F92: =VLOOKUP($B92,[2]BOLETIM_SEL!$A:$H,6,0) -> M3XKM | G92: =VLOOKUP($B92,[2]BOLETIM_SEL!$A:$H,7,0) -> 7.02 | H92: =+Orçamento_Não_Deson!H92 -> 0 | I92: =TRUNC(G92*(1+$J$5),2) -> 8.99 | J92: =TRUNC(H92*I92,2) -> 0 | K92: =J92/J$930 -> 0 | L92: =J92/$J$63 -> 0
D93: TRANSPORTE DE BOTA-FORA - PRODUTO DA DEMOLIÇÃO | J93: =IF(J94=0,"-","") | M93: =Orçamento_Não_Deson!M93 -> Depósito de expurgo SEM reciclagem: 1
A94: =Orçamento_Não_Deson!A94 -> 2.12 | B94: =Orçamento_Não_Deson!B94 -> 95876 | C94: =VLOOKUP($B94,[2]BOLETIM_SEL!$A:$H,2,0) -> SINAPI | D94: =VLOOKUP($B94,[2]BOLETIM_SEL!$A:$H,4,0) -> Transporte com caminhão basculante de 14 m3, em via urbana pavimentada, DMT até 30,00 km (unidade: m3xkm). AF_07/2020 | E94: =Orçamento_Não_Deson!E94 -> 8 | F94: =VLOOKUP($B94,[2]BOLETIM_SEL!$A:$H,6,0) -> M3XKM | G94: =VLOOKUP($B94,[2]BOLETIM_SEL!$A:$H,7,0) -> 2.04 | H94: =Orçamento_Não_Deson!H94 -> 788.08 | I94: =TRUNC(G94*(1+$J$5),2) -> 2.61 | J94: =TRUNC(H94*I94,2) -> 2056.88 | K94: =J94/J$930 -> 0.00054440258 | L94: =J94/$J$63 -> 0.052013524 | M94: =Orçamento_Não_Deson!M94 -> 98.51
D95: TRANSPORTE DE BOTA-FORA PARA RECICLAGEM | J95: =IF(J96=0,"-","") -> - | M95: =+Orçamento_Não_Deson!M95 -> Definir depósito reciclável: 2, 3 ou 4
A96: =+Orçamento_Não_Deson!A96 -> 2.12 | B96: =+Orçamento_Não_Deson!B96 -> 95875 | C96: =VLOOKUP($B96,[2]BOLETIM_SEL!$A:$H,2,0) -> SINAPI | D96: =VLOOKUP($B96,[2]BOLETIM_SEL!$A:$H,4,0) -> Transporte com caminhão basculante de 10 m3, em via urbana pavimentada, DMT até 30,00 km (unidade: m3xkm). AF_07/2020 | E96: =+Orçamento_Não_Deson!E96 -> 0 | F96: =VLOOKUP($B96,[2]BOLETIM_SEL!$A:$H,6,0) -> M3XKM | G96: =VLOOKUP($B96,[2]BOLETIM_SEL!$A:$H,7,0) -> 2.33 | H96: =+Orçamento_Não_Deson!H96 -> 0 | I96: =TRUNC(G96*(1+$J$5),2) -> 2.98 | J96: =TRUNC(H96*I96,2) -> 0 | K96: =J96/J$930 -> 0 | L96: =J96/$J$63 -> 0 | M96: =+Orçamento_Não_Deson!M96 -> 0
D97: TRANSPORTE DE BOTA-FORA - PRODUTO DA SUPRESSÃO | J97: =IF(J98=0,"-","") | M97: =Orçamento_Não_Deson!M97 -> Definir depósito expurgo:1
A98: =Orçamento_Não_Deson!A98 -> 2.13 | B98: =Orçamento_Não_Deson!B98 -> 100947 | C98: =VLOOKUP($B98,[2]BOLETIM_SEL!$A:$H,2,0) -> SINAPI | D98: =VLOOKUP($B98,[2]BOLETIM_SEL!$A:$H,4,0) -> Transporte com caminhão carroceria 9t, em via urbana pavimentada, DMT até 30,00 km (unidade: txkm). AF_07/2020 | E98: =Orçamento_Não_Deson!E98 -> 8 | F98: =VLOOKUP($B98,[2]BOLETIM_SEL!$A:$H,6,0) -> TXKM | G98: =VLOOKUP($B98,[2]BOLETIM_SEL!$A:$H,7,0) -> 2.08 | H98: =Orçamento_Não_Deson!H98 -> 80 | I98: =TRUNC(G98*(1+$J$5),2) -> 2.66 | J98: =TRUNC(H98*I98,2) -> 212.8 | K98: =J98/J$930 -> 5.6322619e-05 | L98: =J98/$J$63 -> 0.0053811977
J99: =IF(J63=0,0,"")
A100: =IF(J100>0,INT(A98)+1,IF(J100=0,INT(A98),0)) -> 3 | D100: MICRODRENAGEM - TERRAPLENAGEM | G100: Dre_Terraplenagem!A1 | I100: =CONCATENATE("SUB-TOTAL ",A100) -> SUB-TOTAL 3 | J100: =SUM(J101:J181) -> 143847.81 | K100: =J100/J$930 -> 0.03807277 | L100: =J100/J$100 -> 1
A101: =Orçamento_Não_Deson!A101 -> 3 | B101: =Orçamento_Não_Deson!B101 -> DR/0050 | C101: =VLOOKUP($B101,[2]BOLETIM_SEL!$A:$H,2,0) -> COMPOSIÇÃO | D101: =VLOOKUP($B101,[2]BOLETIM_SEL!$A:$H,4,0) -> Esgotamento de água com bomba submersa (REF. SICRO COD. 2003864) | E101: =Orçamento_Não_Deson!E101 -> 0 | F101: =VLOOKUP($B101,[2]BOLETIM_SEL!$A:$H,6,0) -> H | G101: =VLOOKUP($B101,[2]BOLETIM_SEL!$A:$H,7,0) -> 22.01 | H101: =Orçamento_Não_Deson!H101 -> 0 | I101: =TRUNC(G101*(1+$J$5),2) -> 28.21 | J101: =TRUNC(H101*I101,2) -> 0 | K101: =J101/J$930 -> 0 | L101: =J101/J$100 -> 0
A102: =+Orçamento_Não_Deson!A102 -> 3 | B102: =+Orçamento_Não_Deson!B102 -> DR/0040 | C102: =VLOOKUP($B102,[2]BOLETIM_SEL!$A:$H,2,0) -> COMPOSIÇÃO | D102: =VLOOKUP($B102,[2]BOLETIM_SEL!$A:$H,4,0) -> Arrancamento e remoção de canalização, Ø ≤ 60 cm. Exclusive bota-fora | E102: =+Orçamento_Não_Deson!E102 -> 0 | F102: =VLOOKUP($B102,[2]BOLETIM_SEL!$A:$H,6,0) -> M | G102: =VLOOKUP($B102,[2]BOLETIM_SEL!$A:$H,7,0) -> 71.1 | H102: =+Orçamento_Não_Deson!H102 -> 0 | I102: =TRUNC(G102*(1+$J$5),2) -> 91.12 | J102: =TRUNC(H102*I102,2) -> 0 | K102: =J102/J$930 -> 0 | L102: =J102/J$100 -> 0
A103: =+Orçamento_Não_Deson!A103 -> 3 | B103: =+Orçamento_Não_Deson!B103 -> DR/0045 | C103: =VLOOKUP($B103,[2]BOLETIM_SEL!$A:$H,2,0) -> COMPOSIÇÃO | D103: =VLOOKUP($B103,[2]BOLETIM_SEL!$A:$H,4,0) -> Arrancamento e remoção de canalização, Ø > 60 cm. Exclusive bota-fora | E103: =+Orçamento_Não_Deson!E103 -> 0 | F103: =VLOOKUP($B103,[2]BOLETIM_SEL!$A:$H,6,0) -> M | G103: =VLOOKUP($B103,[2]BOLETIM_SEL!$A:$H,7,0) -> 122.06 | H103: =+Orçamento_Não_Deson!H103 -> 0 | I103: =TRUNC(G103*(1+$J$5),2) -> 156.44 | J103: =TRUNC(H103*I103,2) -> 0 | K103: =J103/J$930 -> 0 | L103: =J103/J$100 -> 0 | N103: produção | O103: prazo (h)
...

Sheet Cronograma_Deson
A1: =Orçamento_Deson!B1 -> PREFEITURA MUNICIPAL DE CAMPO GRANDE - MS | G1: =Orçamento_Deson!B5 -> OBRA : | H1: =Orçamento_Deson!C5 -> INFRAESTRUTURA URBANA - PAVIMENTAÇÃO ASFÁLTICA E DRENAGEM DE ÁGUAS PLUVIAIS
A2: =Orçamento_Deson!B2 -> SECRETARIA MUNICIPAL DE INFRAESTRUTURA E SERVIÇOS PÚBLICOS - SISEP | G2: =Orçamento_Deson!B6 -> LOCAL : | H2: =Orçamento_Deson!C6 -> JARDIM NASHIVILLE - ETAPA "B" - FASE 2
A5: CRONOGRAMA FÍSICO FINANCEIRO | G5: DATA BASE: | H5: =Orçamento_Deson!J1 -> Agosto/2023
G6: E.S.S.M.O.: | H6: =Orçamento_Deson!J2 -> DESONERADA
A7: ITEM | B7: DISCRIMINAÇÃO DOS SERVIÇOS | C7: PRODUÇÃO | D7: MESES | F7: 1 | G7: 2 | H7: 3 | I7: 4 | J7: 5 | K7: 6 | L7: 7 | M7: 8 | N7: 9 | O7: 10 | P7: 11 | Q7: 12 | R7: 13 | S7: 14 | T7: 15 | U7: 16 | V7: 17 | W7: 18 | X7: Totais | Z7: serviço preliminar 1º mês (mínimo)
C8: MENSAL | D8: DIAS | F8: 30 | G8: 60 | H8: 90 | I8: 120 | J8: 150 | K8: 180 | L8: 210 | M8: 240 | N8: 270 | O8: 300 | P8: 330 | Q8: 360 | R8: 390 | S8: 420 | T8: 450 | U8: 480 | V8: 510 | W8: 540 | Z8: =+Orçamento_Deson!J35+Orçamento_Deson!J41+Orçamento_Deson!J43+Orçamento_Deson!J44 -> 24273.02 | AA8: =→ | AB8: =+Z8/D10 -> 0.13733167
A9: =Orçamento_Deson!B13 -> 1 | B9: =Orçamento_Deson!C13 -> SERVIÇOS PRELIMINARES | F9: =F10 -> 0.3 | G9: =G10 -> 0.2 | H9: =H10 -> 0.2 | I9: =I10 -> 0.1 | J9: =J10 -> 0.1 | K9: =K10 -> 0.1 | L9: =L10 -> 0 | M9: =M10 -> 0 | ... W9: =W10 -> 0 | Y9: =+D10-X11-X12 -> 2.910383e-11
C10: =CONCATENATE(Orçamento_Deson!H13," ",Orçamento_Deson!I13) -> 16 M2 | D10: =Orçamento_Deson!J13 -> 176747.43 | F10: =Cronograma_Não_Deson!F10 -> 0.3 | G10: =Cronograma_Não_Deson!G10 -> 0.2 | H10: =Cronograma_Não_Deson!H10 -> 0.2 | I10: =Cronograma_Não_Deson!I10 -> 0.1 | J10: =Cronograma_Não_Deson!J10 -> 0.1 | K10: =Cronograma_Não_Deson!K10 -> 0.1 | L10: =Cronograma_Não_Deson!L10 -> 0 | M10: =Cronograma_Não_Deson!M10 -> 0 | ... P10: =Cronograma_Não_Deson!P10 -> 0 | Q10: =+Cronograma_Não_Deson!Q10 -> 0 | R10: =+Cronograma_Não_Deson!R10 -> 0 | S10: =+Cronograma_Não_Deson!S10 -> 0 | T10: =+Cronograma_Não_Deson!T10 -> 0 | U10: =+Cronograma_Não_Deson!U10 -> 0 | V10: =+Cronograma_Não_Deson!V10 -> 0 | W10: =+Cronograma_Não_Deson!W10 -> 0 | X10: =SUM(F10:W10) -> 1 | Y10: =1-X10 -> 0 | AA10: =+COUNT(F10:W10) -> 18
D11: CONCEDENTE | E11: =D$88 -> 1 | F11: =IF($D10=0,0,IF(F10=0,0,($E11*$D10*F10)+$AA$92)) -> 53024.229 | G11: =IF($D10=0,0,IF(G10=0,0,($E11*$D10*G10)+$AA$92)) -> 35349.486 | H11: =IF($D10=0,0,IF(H10=0,0,($E11*$D10*H10)+$AA$92)) -> 35349.486 | I11: =IF($D10=0,0,IF(I10=0,0,($E11*$D10*I10)+$AA$92)) -> 17674.743 | J11: =IF($D10=0,0,IF(J10=0,0,($E11*$D10*J10)+$AA$92)) -> 17674.743 | K11: =IF($D10=0,0,IF(K10=0,0,($E11*$D10*K10)+$AA$92)) -> 17674.743 | L11: =IF($D10=0,0,IF(L10=0,0,($E11*$D10*L10)+$AA$92)) -> 0 | M11: =IF($D10=0,0,IF(M10=0,0,($E11*$D10*M10)+$AA$92)) -> 0 | ... W11: =IF($D10=0,0,IF(W10=0,0,($E11*$D10*W10)+$AA$92)) -> 0 | X11: =SUM(F11:W11) -> 176747.43 | Y11: =TRUNC(X11-D10*E11,2) -> 0 | Z11: =+X11/D10 -> 1
D12: PROPONENTE | E12: =1-E11 -> 0 | F12: =($D10*F10-F11) -> 0 | G12: =($D10*G10-G11) -> 0 | H12: =($D10*H10-H11) -> 0 | I12: =($D10*I10-I11) -> 0 | J12: =($D10*J10-J11) -> 0 | K12: =($D10*K10-K11) -> 0 | L12: =($D10*L10-L11) -> 0 | M12: =($D10*M10-M11) -> 0 | ... W12: =($D10*W10-W11) -> 0 | X12: =SUM(F12:W12) -> 0 | Y12: =+D10-X11-X12 -> 2.910383e-11
A13: =Orçamento_Deson!B14 -> 2 | B13: =Orçamento_Deson!C14 -> REMOÇÕES, DEMOLIÇÕES E SUPRESSÕES | F13: =F14 -> 0.5 | G13: =G14 -> 0.5 | H13: =H14 -> 0 | I13: =I14 -> 0 | J13: =J14 -> 0 | K13: =K14 -> 0 | L13: =L14 -> 0 | M13: =M14 -> 0 | ... W13: =W14 -> 0 | Y13: =+D14-X15-X16 -> 0
C14: =CONCATENATE(Orçamento_Deson!H14," ",Orçamento_Deson!I14) -> 858,19 M | D14: =Orçamento_Deson!J14 -> 39545.1 | F14: =Cronograma_Não_Deson!F14 -> 0.5 | G14: =Cronograma_Não_Deson!G14 -> 0.5 | H14: =Cronograma_Não_Deson!H14 -> 0 | I14: =Cronograma_Não_Deson!I14 -> 0 | J14: =Cronograma_Não_Deson!J14 -> 0 | K14: =Cronograma_Não_Deson!K14 -> 0 | L14: =Cronograma_Não_Deson!L14 -> 0 | M14: =Cronograma_Não_Deson!M14 -> 0 | ... P14: =Cronograma_Não_Deson!P14 -> 0 | Q14: =+Cronograma_Não_Deson!Q14 -> 0 | R14: =+Cronograma_Não_Deson!R14 -> 0 | S14: =+Cronograma_Não_Deson!S14 -> 0 | T14: =+Cronograma_Não_Deson!T14 -> 0 | U14: =+Cronograma_Não_Deson!U14 -> 0 | V14: =+Cronograma_Não_Deson!V14 -> 0 | W14: =+Cronograma_Não_Deson!W14 -> 0 | X14: =SUM(F14:W14) -> 1 | Y14: =1-X14 -> 0 | AA14: =+COUNT(F14:W14) -> 18
C15: =INT(SUM(Orçamento_Deson!O64:O73)/240)+1 -> 1 | D15: CONCEDENTE | E15: =D$88 -> 1 | F15: =IF($D14=0,0,IF(F14=0,0,($E15*$D14*F14)+$AA$92)) -> 19772.55 | G15: =IF($D14=0,0,IF(G14=0,0,($E15*$D14*G14)+$AA$92)) -> 19772.55 | H15: =IF($D14=0,0,IF(H14=0,0,($E15*$D14*H14)+$AA$92)) -> 0 | I15: =IF($D14=0,0,IF(I14=0,0,($E15*$D14*I14)+$AA$92)) -> 0 | J15: =IF($D14=0,0,IF(J14=0,0,($E15*$D14*J14)+$AA$92)) -> 0 | K15: =IF($D14=0,0,IF(K14=0,0,($E15*$D14*K14)+$AA$92)) -> 0 | L15: =IF($D14=0,0,IF(L14=0,0,($E15*$D14*L14)+$AA$92)) -> 0 | M15: =IF($D14=0,0,IF(M14=0,0,($E15*$D14*M14)+$AA$92)) -> 0 | ... W15: =IF($D14=0,0,IF(W14=0,0,($E15*$D14*W14)+$AA$92)) -> 0 | X15: =SUM(F15:W15) -> 39545.1 | Y15: =TRUNC(X15-D14*E15,2) -> 0 | Z15: =+X15/D14 -> 1
D16: PROPONENTE | E16: =1-E15 -> 0 | F16: =($D14*F14-F15) -> 0 | G16: =($D14*G14-G15) -> 0 | H16: =($D14*H14-H15) -> 0 | I16: =($D14*I14-I15) -> 0 | J16: =($D14*J14-J15) -> 0 | K16: =($D14*K14-K15) -> 0 | L16: =($D14*L14-L15) -> 0 | M16: =($D14*M14-M15) -> 0 | ... W16: =($D14*W14-W15) -> 0 | X16: =SUM(F16:W16) -> 0 | Y16: =+D14-X15-X16 -> 0
A17: =Orçamento_Deson!B15 -> 3 | B17: =Orçamento_Deson!C15 -> MICRODRENAGEM - TERRAPLENAGEM | F17: =F18 -> 0.25 | G17: =G18 -> 0.2 | H17: =H18 -> 0.2 | I17: =I18 -> 0.15 | J17: =J18 -> 0.1 | K17: =K18 -> 0.1 | L17: =L18 -> 0 | M17: =M18 -> 0 | ... W17: =W18 -> 0 | Y17: =+D18-X19-X20 -> 0
C18: =CONCATENATE(Orçamento_Deson!H15," ",Orçamento_Deson!I15) -> 819,46 M3 | D18: =Orçamento_Deson!J15 -> 143847.81 | F18: =Cronograma_Não_Deson!F18 -> 0.25 | G18: =Cronograma_Não_Deson!G18 -> 0.2 | H18: =Cronograma_Não_Deson!H18 -> 0.2 | I18: =Cronograma_Não_Deson!I18 -> 0.15 | J18: =Cronograma_Não_Deson!J18 -> 0.1 | K18: =Cronograma_Não_Deson!K18 -> 0.1 | L18: =Cronograma_Não_Deson!L18 -> 0 | M18: =Cronograma_Não_Deson!M18 -> 0 | ... P18: =Cronograma_Não_Deson!P18 -> 0 | Q18: =+Cronograma_Não_Deson!Q18 -> 0 | R18: =+Cronograma_Não_Deson!R18 -> 0 | S18: =+Cronograma_Não_Deson!S18 -> 0 | T18: =+Cronograma_Não_Deson!T18 -> 0 | U18: =+Cronograma_Não_Deson!U18 -> 0 | V18: =+Cronograma_Não_Deson!V18 -> 0 | W18: =+Cronograma_Não_Deson!W18 -> 0 | X18: =SUM(F18:W18) -> 1 | Y18: =1-X18 -> 0 | AA18: =+COUNT(F18:W18) -> 18
C19: =ROUND(SUM(Orçamento_Deson!O104:O125)/240,1) -> 0.6 | D19: CONCEDENTE | E19: =D$88 -> 1 | F19: =IF($D18=0,0,IF(F18=0,0,($E19*$D18*F18)+$AA$92)) -> 35961.952 | G19: =IF($D18=0,0,IF(G18=0,0,($E19*$D18*G18)+$AA$92)) -> 28769.562 | H19: =IF($D18=0,0,IF(H18=0,0,($E19*$D18*H18)+$AA$92)) -> 28769.562 | I19: =IF($D18=0,0,IF(I18=0,0,($E19*$D18*I18)+$AA$92)) -> 21577.172 | J19: =IF($D18=0,0,IF(J18=0,0,($E19*$D18*J18)+$AA$92)) -> 14384.781 | K19: =IF($D18=0,0,IF(K18=0,0,($E19*$D18*K18)+$AA$92)) -> 14384.781 | L19: =IF($D18=0,0,IF(L18=0,0,($E19*$D18*L18)+$AA$92)) -> 0 | M19: =IF($D18=0,0,IF(M18=0,0,($E19*$D18*M18)+$AA$92)) -> 0 | ... W19: =IF($D18=0,0,IF(W18=0,0,($E19*$D18*W18)+$AA$92)) -> 0 | X19: =SUM(F19:W19) -> 143847.81 | Y19: =TRUNC(X19-D18*E19,2) -> 0 | Z19: =+X19/D18 -> 1
D20: PROPONENTE | E20: =1-E19 -> 0 | F20: =($D18*F18-F19) -> 0 | G20: =($D18*G18-G19) -> 0 | H20: =($D18*H18-H19) -> 0 | I20: =($D18*I18-I19) -> 0 | J20: =($D18*J18-J19) -> 0 | K20: =($D18*K18-K19) -> 0 | L20: =($D18*L18-L19) -> 0 | M20: =($D18*M18-M19) -> 0 | ... W20: =($D18*W18-W19) -> 0 | X20: =SUM(F20:W20) -> 0 | Y20: =+D18-X19-X20 -> 0
A21: =Orçamento_Deson!B16 -> 4 | B21: =Orçamento_Deson!C16 -> MICRODRENAGEM - GALERIAS | F21: =F22 -> 0.25 | G21: =G22 -> 0.2 | H21: =H22 -> 0.2 | I21: =I22 -> 0.15 | J21: =J22 -> 0.1 | K21: =K22 -> 0.1 | L21: =L22 -> 0 | M21: =M22 -> 0 | ... W21: =W22 -> 0 | Y21: =+D22-X23-X24 -> 2.910383e-11
C22: =CONCATENATE(Orçamento_Deson!H16," ",Orçamento_Deson!I16) -> 604,81 M | D22: =Orçamento_Deson!J16 -> 212644.3 | F22: =Cronograma_Não_Deson!F22 -> 0.25 | G22: =Cronograma_Não_Deson!G22 -> 0.2 | H22: =Cronograma_Não_Deson!H22 -> 0.2 | I22: =Cronograma_Não_Deson!I22 -> 0.15 | J22: =Cronograma_Não_Deson!J22 -> 0.1 | K22: =Cronograma_Não_Deson!K22 -> 0.1 | L22: =Cronograma_Não_Deson!L22 -> 0 | M22: =Cronograma_Não_Deson!M22 -> 0 | ... P22: =Cronograma_Não_Deson!P22 -> 0 | Q22: =+Cronograma_Não_Deson!Q22 -> 0 | R22: =+Cronograma_Não_Deson!R22 -> 0 | S22: =+Cronograma_Não_Deson!S22 -> 0 | T22: =+Cronograma_Não_Deson!T22 -> 0 | U22: =+Cronograma_Não_Deson!U22 -> 0 | V22: =+Cronograma_Não_Deson!V22 -> 0 | W22: =+Cronograma_Não_Deson!W22 -> 0 | X22: =SUM(F22:W22) -> 1 | Y22: =1-X22 -> 0 | AA22: =+COUNT(F22:W22) -> 18
C23: =ROUND((SUM(Orçamento_Deson!O196:O207)+SUM(Orçamento_Deson!O217:O241))/240,1) -> #VALUE! | D23: CONCEDENTE | E23: =D$88 -> 1 | F23: =IF($D22=0,0,IF(F22=0,0,($E23*$D22*F22)+$AA$92)) -> 53161.075 | G23: =IF($D22=0,0,IF(G22=0,0,($E23*$D22*G22)+$AA$92)) -> 42528.86 | H23: =IF($D22=0,0,IF(H22=0,0,($E23*$D22*H22)+$AA$92)) -> 42528.86 | I23: =IF($D22=0,0,IF(I22=0,0,($E23*$D22*I22)+$AA$92)) -> 31896.645 | J23: =IF($D22=0,0,IF(J22=0,0,($E23*$D22*J22)+$AA$92)) -> 21264.43 | K23: =IF($D22=0,0,IF(K22=0,0,($E23*$D22*K22)+$AA$92)) -> 21264.43 | L23: =IF($D22=0,0,IF(L22=0,0,($E23*$D22*L22)+$AA$92)) -> 0 | M23: =IF($D22=0,0,IF(M22=0,0,($E23*$D22*M22)+$AA$92)) -> 0 | ... W23: =IF($D22=0,0,IF(W22=0,0,($E23*$D22*W22)+$AA$92)) -> 0 | X23: =SUM(F23:W23) -> 212644.3 | Y23: =TRUNC(X23-D22*E23,2) -> 0 | Z23: =+X23/D22 -> 1
D24: PROPONENTE | E24: =1-E23 -> 0 | F24: =($D22*F22-F23) -> 0 | G24: =($D22*G22-G23) -> 0 | H24: =($D22*H22-H23) -> 0 | I24: =($D22*I22-I23) -> 0 | J24: =($D22*J22-J23) -> 0 | K24: =($D22*K22-K23) -> 0 | L24: =($D22*L22-L23) -> 0 | M24: =($D22*M22-M23) -> 0 | ... W24: =($D22*W22-W23) -> 0 | X24: =SUM(F24:W24) -> 0 | Y24: =+D22-X23-X24 -> 2.910383e-11
A25: =Orçamento_Deson!B17 -> 5 | B25: =Orçamento_Deson!C17 -> MICRODRENAGEM - DISPOSITIVOS AUXILIARES | F25: =F26 -> 0.25 | G25: =G26 -> 0.2 | H25: =H26 -> 0.2 | I25: =I26 -> 0.15 | J25: =J26 -> 0.1 | K25: =K26 -> 0.1 | L25: =L26 -> 0 | M25: =M26 -> 0 | ... W25: =W26 -> 0 | Y25: =+D26-X27-X28 -> 0
C26: =CONCATENATE(Orçamento_Deson!H17," ",Orçamento_Deson!I17) -> 42 UN | D26: =Orçamento_Deson!J17 -> 259192.7 | F26: =Cronograma_Não_Deson!F26 -> 0.25 | G26: =Cronograma_Não_Deson!G26 -> 0.2 | H26: =Cronograma_Não_Deson!H26 -> 0.2 | I26: =Cronograma_Não_Deson!I26 -> 0.15 | J26: =Cronograma_Não_Deson!J26 -> 0.1 | K26: =Cronograma_Não_Deson!K26 -> 0.1 | L26: =Cronograma_Não_Deson!L26 -> 0 | M26: =Cronograma_Não_Deson!M26 -> 0 | ... P26: =Cronograma_Não_Deson!P26 -> 0 | Q26: =+Cronograma_Não_Deson!Q26 -> 0 | R26: =+Cronograma_Não_Deson!R26 -> 0 | S26: =+Cronograma_Não_Deson!S26 -> 0 | T26: =+Cronograma_Não_Deson!T26 -> 0 | U26: =+Cronograma_Não_Deson!U26 -> 0 | V26: =+Cronograma_Não_Deson!V26 -> 0 | W26: =+Cronograma_Não_Deson!W26 -> 0 | X26: =SUM(F26:W26) -> 1 | Y26: =1-X26 -> 0 | AA26: =+COUNT(F26:W26) -> 18
C27: =Orçamento_Deson!N17 -> #VALUE! | D27: CONCEDENTE | E27: =D$88 -> 1 | F27: =IF($D26=0,0,IF(F26=0,0,($E27*$D26*F26)+$AA$92)) -> 64798.175 | G27: =IF($D26=0,0,IF(G26=0,0,($E27*$D26*G26)+$AA$92)) -> 51838.54 | H27: =IF($D26=0,0,IF(H26=0,0,($E27*$D26*H26)+$AA$92)) -> 51838.54 | I27: =IF($D26=0,0,IF(I26=0,0,($E27*$D26*I26)+$AA$92)) -> 38878.905 | J27: =IF($D26=0,0,IF(J26=0,0,($E27*$D26*J26)+$AA$92)) -> 25919.27 | K27: =IF($D26=0,0,IF(K26=0,0,($E27*$D26*K26)+$AA$92)) -> 25919.27 | L27: =IF($D26=0,0,IF(L26=0,0,($E27*$D26*L26)+$AA$92)) -> 0 | M27: =IF($D26=0,0,IF(M26=0,0,($E27*$D26*M26)+$AA$92)) -> 0 | ... W27: =IF($D26=0,0,IF(W26=0,0,($E27*$D26*W26)+$AA$92)) -> 0 | X27: =SUM(F27:W27) -> 259192.7 | Y27: =TRUNC(X27-D26*E27,2) -> 0 | Z27: =+X27/D26 -> 1
D28: PROPONENTE | E28: =1-E27 -> 0 | F28: =($D26*F26-F27) -> 0 | G28: =($D26*G26-G27) -> 0 | H28: =($D26*H26-H27) -> 0 | I28: =($D26*I26-I27) -> 0 | J28: =($D26*J26-J27) -> 0 | K28: =($D26*K26-K27) -> 0 | L28: =($D26*L26-L27) -> 0 | M28: =($D26*M26-M27) -> 0 | ... W28: =($D26*W26-W27) -> 0 | X28: =SUM(F28:W28) -> 0 | Y28: =+D26-X27-X28 -> 0
A29: =Orçamento_Deson!B18 -> 5 | B29: =Orçamento_Deson!C18 -> MICRODRENAGEM - SERVIÇOS DE ESTRUTURAS | F29: =F30 -> 0 | G29: =G30 -> 0 | H29: =H30 -> 0 | I29: =I30 -> 0 | J29: =J30 -> 0 | K29: =K30 -> 0 | L29: =L30 -> 0 | M29: =M30 -> 0 | ... W29: =W30 -> 0 | Y29: =+D30-X31-X32 -> 0
C30: =CONCATENATE(Orçamento_Deson!H18," ",Orçamento_Deson!I18) -> 0 M3 | D30: =Orçamento_Deson!J18 -> 0 | F30: =Cronograma_Não_Deson!F30 -> 0 | G30: =Cronograma_Não_Deson!G30 -> 0 | H30: =Cronograma_Não_Deson!H30 -> 0 | I30: =Cronograma_Não_Deson!I30 -> 0 | J30: =Cronograma_Não_Deson!J30 -> 0 | K30: =Cronograma_Não_Deson!K30 -> 0 | L30: =Cronograma_Não_Deson!L30 -> 0 | M30: =Cronograma_Não_Deson!M30 -> 0 | ... P30: =Cronograma_Não_Deson!P30 -> 0 | Q30: =+Cronograma_Não_Deson!Q30 -> 0 | R30: =+Cronograma_Não_Deson!R30 -> 0 | S30: =+Cronograma_Não_Deson!S30 -> 0 | T30: =+Cronograma_Não_Deson!T30 -> 0 | U30: =+Cronograma_Não_Deson!U30 -> 0 | V30: =+Cronograma_Não_Deson!V30 -> 0 | W30: =+Cronograma_Não_Deson!W30 -> 0 | X30: =SUM(F30:W30) -> 0 | Y30: =1-X30 -> 1 | AA30: =+COUNT(F30:W30) -> 18
D31: CONCEDENTE | E31: =D$88 -> 1 | F31: =IF($D30=0,0,IF(F30=0,0,($E31*$D30*F30)+$AA$92)) -> 0 | G31: =IF($D30=0,0,IF(G30=0,0,($E31*$D30*G30)+$AA$92)) -> 0 | H31: =IF($D30=0,0,IF(H30=0,0,($E31*$D30*H30)+$AA$92)) -> 0 | I31: =IF($D30=0,0,IF(I30=0,0,($E31*$D30*I30)+$AA$92)) -> 0 | J31: =IF($D30=0,0,IF(J30=0,0,($E31*$D30*J30)+$AA$92)) -> 0 | K31: =IF($D30=0,0,IF(K30=0,0,($E31*$D30*K30)+$AA$92)) -> 0 | L31: =IF($D30=0,0,IF(L30=0,0,($E31*$D30*L30)+$AA$92)) -> 0 | M31: =IF($D30=0,0,IF(M30=0,0,($E31*$D30*M30)+$AA$92)) -> 0 | ... W31: =IF($D30=0,0,IF(W30=0,0,($E31*$D30*W30)+$AA$92)) -> 0 | X31: =SUM(F31:W31) -> 0 | Y31: =TRUNC(X31-D30*E31,2) -> 0 | Z31: =+X31/D30 -> #DIV/0!
D32: PROPONENTE | E32: =1-E31 -> 0 | F32: =($D30*F30-F31) -> 0 | G32: =($D30*G30-G31) -> 0 | H32: =($D30*H30-H31) -> 0 | I32: =($D30*I30-I31) -> 0 | J32: =($D30*J30-J31) -> 0 | K32: =($D30*K30-K31) -> 0 | L32: =($D30*L30-L31) -> 0 | M32: =($D30*M30-M31) -> 0 | ... W32: =($D30*W30-W31) -> 0 | X32: =SUM(F32:W32) -> 0 | Y32: =+D30-X31-X32 -> 0
A33: =Orçamento_Deson!B19 -> 5 | B33: =Orçamento_Deson!C19 -> MICRODRENAGEM - BACIA DE AMORTECIMENTO | F33: =F34 -> 0 | G33: =G34 -> 0 | H33: =H34 -> 0 | I33: =I34 -> 0 | J33: =J34 -> 0 | K33: =K34 -> 0 | L33: =L34 -> 0 | M33: =M34 -> 0 | ... W33: =W34 -> 0 | Y33: =+D34-X35-X36 -> 0
C34: =CONCATENATE(Orçamento_Deson!H19," ",Orçamento_Deson!I19) -> 0 M3 | D34: =Orçamento_Deson!J19 -> 0 | F34: =Cronograma_Não_Deson!F34 -> 0 | G34: =Cronograma_Não_Deson!G34 -> 0 | H34: =Cronograma_Não_Deson!H34 -> 0 | I34: =Cronograma_Não_Deson!I34 -> 0 | J34: =Cronograma_Não_Deson!J34 -> 0 | K34: =Cronograma_Não_Deson!K34 -> 0 | L34: =Cronograma_Não_Deson!L34 -> 0 | M34: =Cronograma_Não_Deson!M34 -> 0 | ... P34: =Cronograma_Não_Deson!P34 -> 0 | Q34: =+Cronograma_Não_Deson!Q34 -> 0 | R34: =+Cronograma_Não_Deson!R34 -> 0 | S34: =+Cronograma_Não_Deson!S34 -> 0 | T34: =+Cronograma_Não_Deson!T34 -> 0 | U34: =+Cronograma_Não_Deson!U34 -> 0 | V34: =+Cronograma_Não_Deson!V34 -> 0 | W34: =+Cronograma_Não_Deson!W34 -> 0 | X34: =SUM(F34:W34) -> 0 | Y34: =1-X34 -> 1 | AA34: =+COUNT(F34:W34) -> 18
C35: =Orçamento_Deson!N19 -> 0 | D35: CONCEDENTE | E35: =D$88 -> 1 | F35: =IF($D34=0,0,IF(F34=0,0,($E35*$D34*F34)+$AA$92)) -> 0 | G35: =IF($D34=0,0,IF(G34=0,0,($E35*$D34*G34)+$AA$92)) -> 0 | H35: =IF($D34=0,0,IF(H34=0,0,($E35*$D34*H34)+$AA$92)) -> 0 | I35: =IF($D34=0,0,IF(I34=0,0,($E35*$D34*I34)+$AA$92)) -> 0 | J35: =IF($D34=0,0,IF(J34=0,0,($E35*$D34*J34)+$AA$92)) -> 0 | K35: =IF($D34=0,0,IF(K34=0,0,($E35*$D34*K34)+$AA$92)) -> 0 | L35: =IF($D34=0,0,IF(L34=0,0,($E35*$D34*L34)+$AA$92)) -> 0 | M35: =IF($D34=0,0,IF(M34=0,0,($E35*$D34*M34)+$AA$92)) -> 0 | ... W35: =IF($D34=0,0,IF(W34=0,0,($E35*$D34*W34)+$AA$92)) -> 0 | X35: =SUM(F35:W35) -> 0 | Y35: =TRUNC(X35-D34*E35,2) -> 0 | Z35: =+X35/D34 -> #DIV/0!
D36: PROPONENTE | E36: =1-E35 -> 0 | F36: =($D34*F34-F35) -> 0 | G36: =($D34*G34-G35) -> 0 | H36: =($D34*H34-H35) -> 0 | I36: =($D34*I34-I35) -> 0 | J36: =($D34*J34-J35) -> 0 | K36: =($D34*K34-K35) -> 0 | L36: =($D34*L34-L35) -> 0 | M36: =($D34*M34-M35) -> 0 | ... W36: =($D34*W34-W35) -> 0 | X36: =SUM(F36:W36) -> 0 | Y36: =+D34-X35-X36 -> 0
A37: =Orçamento_Deson!B20 -> 5 | B37: =Orçamento_Deson!C20 -> DRENAGEM DE LENÇOL FREÁTICO | F37: =F38 -> 0 | G37: =G38 -> 0 | H37: =H38 -> 0 | I37: =I38 -> 0 | J37: =J38 -> 0 | K37: =K38 -> 0 | L37: =L38 -> 0 | M37: =M38 -> 0 | ... W37: =W38 -> 0 | Y37: =+D38-X39-X40 -> 0
C38: =CONCATENATE(Orçamento_Deson!H20," ",Orçamento_Deson!I20) -> 0 M | D38: =Orçamento_Deson!J20 -> 0 | F38: =Cronograma_Não_Deson!F38 -> 0 | G38: =Cronograma_Não_Deson!G38 -> 0 | H38: =Cronograma_Não_Deson!H38 -> 0 | I38: =Cronograma_Não_Deson!I38 -> 0 | J38: =Cronograma_Não_Deson!J38 -> 0 | K38: =Cronograma_Não_Deson!K38 -> 0 | L38: =Cronograma_Não_Deson!L38 -> 0 | M38: =Cronograma_Não_Deson!M38 -> 0 | ... P38: =Cronograma_Não_Deson!P38 -> 0 | Q38: =+Cronograma_Não_Deson!Q38 -> 0 | R38: =+Cronograma_Não_Deson!R38 -> 0 | S38: =+Cronograma_Não_Deson!S38 -> 0 | T38: =+Cronograma_Não_Deson!T38 -> 0 | U38: =+Cronograma_Não_Deson!U38 -> 0 | V38: =+Cronograma_Não_Deson!V38 -> 0 | W38: =+Cronograma_Não_Deson!W38 -> 0 | X38: =SUM(F38:W38) -> 0 | Y38: =1-X38 -> 1 | AA38: =+COUNT(F38:W38) -> 18
C39: =ROUND(SUM(Orçamento_Deson!O414:O423)/240,1) -> 0 | D39: CONCEDENTE | E39: =D$88 -> 1 | F39: =IF($D38=0,0,IF(F38=0,0,($E39*$D38*F38)+$AA$92)) -> 0 | G39: =IF($D38=0,0,IF(G38=0,0,($E39*$D38*G38)+$AA$92)) -> 0 | H39: =IF($D38=0,0,IF(H38=0,0,($E39*$D38*H38)+$AA$92)) -> 0 | I39: =IF($D38=0,0,IF(I38=0,0,($E39*$D38*I38)+$AA$92)) -> 0 | J39: =IF($D38=0,0,IF(J38=0,0,($E39*$D38*J38)+$AA$92)) -> 0 | K39: =IF($D38=0,0,IF(K38=0,0,($E39*$D38*K38)+$AA$92)) -> 0 | L39: =IF($D38=0,0,IF(L38=0,0,($E39*$D38*L38)+$AA$92)) -> 0 | M39: =IF($D38=0,0,IF(M38=0,0,($E39*$D38*M38)+$AA$92)) -> 0 | ... W39: =IF($D38=0,0,IF(W38=0,0,($E39*$D38*W38)+$AA$92)) -> 0 | X39: =SUM(F39:W39) -> 0 | Y39: =TRUNC(X39-D38*E39,2) -> 0 | Z39: =+X39/D38 -> #DIV/0!
D40: PROPONENTE | E40: =1-E39 -> 0 | F40: =($D38*F38-F39) -> 0 | G40: =($D38*G38-G39) -> 0 | H40: =($D38*H38-H39) -> 0 | I40: =($D38*I38-I39) -> 0 | J40: =($D38*J38-J39) -> 0 | K40: =($D38*K38-K39) -> 0 | L40: =($D38*L38-L39) -> 0 | M40: =($D38*M38-M39) -> 0 | ... W40: =($D38*W38-W39) -> 0 | X40: =SUM(F40:W40) -> 0 | Y40: =+D38-X39-X40 -> 0
A41: =Orçamento_Deson!B21 -> 6 | B41: =Orçamento_Deson!C21 -> MICRODRENAGEM - RECOMPOSIÇÃO DO PAVIMENTO | F41: =F42 -> 0.5 | G41: =G42 -> 0.5 | H41: =H42 -> 0 | I41: =I42 -> 0 | J41: =J42 -> 0 | K41: =K42 -> 0 | L41: =L42 -> 0 | M41: =M42 -> 0 | ... W41: =W42 -> 0 | Y41: =+D42-X43-X44 -> 0
C42: =CONCATENATE(Orçamento_Deson!H21," ",Orçamento_Deson!I21) -> 5,6 M2 | D42: =Orçamento_Deson!J21 -> 640.4 | F42: =Cronograma_Não_Deson!F42 -> 0.5 | G42: =Cronograma_Não_Deson!G42 -> 0.5 | H42: =Cronograma_Não_Deson!H42 -> 0 | I42: =Cronograma_Não_Deson!I42 -> 0 | J42: =Cronograma_Não_Deson!J42 -> 0 | K42: =Cronograma_Não_Deson!K42 -> 0 | L42: =Cronograma_Não_Deson!L42 -> 0 | M42: =Cronograma_Não_Deson!M42 -> 0 | ... P42: =Cronograma_Não_Deson!P42 -> 0 | Q42: =+Cronograma_Não_Deson!Q42 -> 0 | R42: =+Cronograma_Não_Deson!R42 -> 0 | S42: =+Cronograma_Não_Deson!S42 -> 0 | T42: =+Cronograma_Não_Deson!T42 -> 0 | U42: =+Cronograma_Não_Deson!U42 -> 0 | V42: =+Cronograma_Não_Deson!V42 -> 0 | W42: =+Cronograma_Não_Deson!W42 -> 0 | X42: =SUM(F42:W42) -> 1 | Y42: =1-X42 -> 0 | AA42: =+COUNT(F42:W42) -> 18
D43: CONCEDENTE | E43: =D$88 -> 1 | F43: =IF($D42=0,0,IF(F42=0,0,($E43*$D42*F42)+$AA$92)) -> 320.2 | G43: =IF($D42=0,0,IF(G42=0,0,($E43*$D42*G42)+$AA$92)) -> 320.2 | H43: =IF($D42=0,0,IF(H42=0,0,($E43*$D42*H42)+$AA$92)) -> 0 | I43: =IF($D42=0,0,IF(I42=0,0,($E43*$D42*I42)+$AA$92)) -> 0 | J43: =IF($D42=0,0,IF(J42=0,0,($E43*$D42*J42)+$AA$92)) -> 0 | K43: =IF($D42=0,0,IF(K42=0,0,($E43*$D42*K42)+$AA$92)) -> 0 | L43: =IF($D42=0,0,IF(L42=0,0,($E43*$D42*L42)+$AA$92)) -> 0 | M43: =IF($D42=0,0,IF(M42=0,0,($E43*$D42*M42)+$AA$92)) -> 0 | ... W43: =IF($D42=0,0,IF(W42=0,0,($E43*$D42*W42)+$AA$92)) -> 0 | X43: =SUM(F43:W43) -> 640.4 | Y43: =TRUNC(X43-D42*E43,2) -> 0 | Z43: =+X43/D42 -> 1
D44: PROPONENTE | E44: =1-E43 -> 0 | F44: =($D42*F42-F43) -> 0 | G44: =($D42*G42-G43) -> 0 | H44: =($D42*H42-H43) -> 0 | I44: =($D42*I42-I43) -> 0 | J44: =($D42*J42-J43) -> 0 | K44: =($D42*K42-K43) -> 0 | L44: =($D42*L42-L43) -> 0 | M44: =($D42*M42-M43) -> 0 | ... W44: =($D42*W42-W43) -> 0 | X44: =SUM(F44:W44) -> 0 | Y44: =+D42-X43-X44 -> 0
A45: =Orçamento_Deson!B22 -> 6 | B45: =Orçamento_Deson!C22 -> RESTAURAÇÃO DO PAVIMENTO - RECUPERAÇÃO PRÉVIA DO PAVIMENTO | F45: =F46 -> 0 | G45: =G46 -> 0 | H45: =H46 -> 0 | I45: =I46 -> 0 | J45: =J46 -> 0 | K45: =K46 -> 0 | L45: =L46 -> 0 | M45: =M46 -> 0 | ... W45: =W46 -> 0 | Y45: =+D46-X47-X48 -> 0
C46: =CONCATENATE(Orçamento_Deson!H22," ",Orçamento_Deson!I22) -> 0 M2 | D46: =Orçamento_Deson!J22 -> 0 | F46: =Cronograma_Não_Deson!F46 -> 0 | G46: =Cronograma_Não_Deson!G46 -> 0 | H46: =Cronograma_Não_Deson!H46 -> 0 | I46: =Cronograma_Não_Deson!I46 -> 0 | J46: =Cronograma_Não_Deson!J46 -> 0 | K46: =Cronograma_Não_Deson!K46 -> 0 | L46: =Cronograma_Não_Deson!L46 -> 0 | M46: =Cronograma_Não_Deson!M46 -> 0 | ... P46: =Cronograma_Não_Deson!P46 -> 0 | Q46: =+Cronograma_Não_Deson!Q46 -> 0 | R46: =+Cronograma_Não_Deson!R46 -> 0 | S46: =+Cronograma_Não_Deson!S46 -> 0 | T46: =+Cronograma_Não_Deson!T46 -> 0 | U46: =+Cronograma_Não_Deson!U46 -> 0 | V46: =+Cronograma_Não_Deson!V46 -> 0 | W46: =+Cronograma_Não_Deson!W46 -> 0 | X46: =SUM(F46:W46) -> 0 | Y46: =1-X46 -> 1 | AA46: =+COUNT(F46:W46) -> 18
D47: CONCEDENTE | E47: =D$88 -> 1 | F47: =IF($D46=0,0,IF(F46=0,0,($E47*$D46*F46)+$AA$92)) -> 0 | G47: =IF($D46=0,0,IF(G46=0,0,($E47*$D46*G46)+$AA$92)) -> 0 | H47: =IF($D46=0,0,IF(H46=0,0,($E47*$D46*H46)+$AA$92)) -> 0 | I47: =IF($D46=0,0,IF(I46=0,0,($E47*$D46*I46)+$AA$92)) -> 0 | J47: =IF($D46=0,0,IF(J46=0,0,($E47*$D46*J46)+$AA$92)) -> 0 | K47: =IF($D46=0,0,IF(K46=0,0,($E47*$D46*K46)+$AA$92)) -> 0 | L47: =IF($D46=0,0,IF(L46=0,0,($E47*$D46*L46)+$AA$92)) -> 0 | M47: =IF($D46=0,0,IF(M46=0,0,($E47*$D46*M46)+$AA$92)) -> 0 | ... W47: =IF($D46=0,0,IF(W46=0,0,($E47*$D46*W46)+$AA$92)) -> 0 | X47: =SUM(F47:W47) -> 0 | Y47: =TRUNC(X47-D46*E47,2) -> 0 | Z47: =+X47/D46 -> #DIV/0!
D48: PROPONENTE | E48: =1-E47 -> 0 | F48: =($D46*F46-F47) -> 0 | G48: =($D46*G46-G47) -> 0 | H48: =($D46*H46-H47) -> 0 | I48: =($D46*I46-I47) -> 0 | J48: =($D46*J46-J47) -> 0 | K48: =($D46*K46-K47) -> 0 | L48: =($D46*L46-L47) -> 0 | M48: =($D46*M46-M47) -> 0 | ... W48: =($D46*W46-W47) -> 0 | X48: =SUM(F48:W48) -> 0 | Y48: =+D46-X47-X48 -> 0
A49: =Orçamento_Deson!B23 -> 6 | B49: =Orçamento_Deson!C23 -> RESTAURAÇÃO DO PAVIMENTO - RECAPEAMENTO ASFÁLTICO | F49: =F50 -> 0 | G49: =G50 -> 0 | H49: =H50 -> 0 | I49: =I50 -> 0 | J49: =J50 -> 0 | K49: =K50 -> 0 | L49: =L50 -> 0 | M49: =M50 -> 0 | ... W49: =W50 -> 0 | Y49: =+D50-X51-X52 -> 0
C50: =CONCATENATE(Orçamento_Deson!H23," ",Orçamento_Deson!I23) -> 0 M2 | D50: =Orçamento_Deson!J23 -> 0 | F50: =Cronograma_Não_Deson!F50 -> 0 | G50: =Cronograma_Não_Deson!G50 -> 0 | H50: =Cronograma_Não_Deson!H50 -> 0 | I50: =Cronograma_Não_Deson!I50 -> 0 | J50: =Cronograma_Não_Deson!J50 -> 0 | K50: =Cronograma_Não_Deson!K50 -> 0 | L50: =Cronograma_Não_Deson!L50 -> 0 | M50: =Cronograma_Não_Deson!M50 -> 0 | ... P50: =Cronograma_Não_Deson!P50 -> 0 | Q50: =+Cronograma_Não_Deson!Q50 -> 0 | R50: =+Cronograma_Não_Deson!R50 -> 0 | S50: =+Cronograma_Não_Deson!S50 -> 0 | T50: =+Cronograma_Não_Deson!T50 -> 0 | U50: =+Cronograma_Não_Deson!U50 -> 0 | V50: =+Cronograma_Não_Deson!V50 -> 0 | W50: =+Cronograma_Não_Deson!W50 -> 0 | X50: =SUM(F50:W50) -> 0 | Y50: =1-X50 -> 1 | AA50: =+COUNT(F50:W50) -> 18
C51: =INT(+Orçamento_Deson!H23/C52)+1 -> 1 | D51: CONCEDENTE | E51: =D$88 -> 1 | F51: =IF($D50=0,0,IF(F50=0,0,($E51*$D50*F50)+$AA$92)) -> 0 | G51: =IF($D50=0,0,IF(G50=0,0,($E51*$D50*G50)+$AA$92)) -> 0 | H51: =IF($D50=0,0,IF(H50=0,0,($E51*$D50*H50)+$AA$92)) -> 0 | I51: =IF($D50=0,0,IF(I50=0,0,($E51*$D50*I50)+$AA$92)) -> 0 | J51: =IF($D50=0,0,IF(J50=0,0,($E51*$D50*J50)+$AA$92)) -> 0 | K51: =IF($D50=0,0,IF(K50=0,0,($E51*$D50*K50)+$AA$92)) -> 0 | L51: =IF($D50=0,0,IF(L50=0,0,($E51*$D50*L50)+$AA$92)) -> 0 | M51: =IF($D50=0,0,IF(M50=0,0,($E51*$D50*M50)+$AA$92)) -> 0 | ... W51: =IF($D50=0,0,IF(W50=0,0,($E51*$D50*W50)+$AA$92)) -> 0 | X51: =SUM(F51:W51) -> 0 | Y51: =TRUNC(X51-D50*E51,2) -> 0 | Z51: =+X51/D50 -> #DIV/0!
C52: 30000 | D52: PROPONENTE | E52: =1-E51 -> 0 | F52: =($D50*F50-F51) -> 0 | G52: =($D50*G50-G51) -> 0 | H52: =($D50*H50-H51) -> 0 | I52: =($D50*I50-I51) -> 0 | J52: =($D50*J50-J51) -> 0 | K52: =($D50*K50-K51) -> 0 | L52: =($D50*L50-L51) -> 0 | M52: =($D50*M50-M51) -> 0 | ... W52: =($D50*W50-W51) -> 0 | X52: =SUM(F52:W52) -> 0 | Y52: =+D50-X51-X52 -> 0
A53: =Orçamento_Deson!B24 -> 7 | B53: =Orçamento_Deson!C24 -> IMPLANTAÇÃO ASFÁLTICA - TERRAPLENAGEM | F53: =F54 -> 0.1 | G53: =G54 -> 0.2 | H53: =H54 -> 0.2 | I53: =I54 -> 0.2 | J53: =J54 -> 0.2 | K53: =K54 -> 0.1 | L53: =L54 -> 0 | M53: =M54 -> 0 | ... W53: =W54 -> 0 | Y53: =+D54-X55-X56 -> 0
C54: =CONCATENATE(Orçamento_Deson!H24," ",Orçamento_Deson!I24) -> 5749,3 M3 | D54: =Orçamento_Deson!J24 -> 191918.91 | F54: =Cronograma_Não_Deson!F54 -> 0.1 | G54: =Cronograma_Não_Deson!G54 -> 0.2 | H54: =Cronograma_Não_Deson!H54 -> 0.2 | I54: =Cronograma_Não_Deson!I54 -> 0.2 | J54: =Cronograma_Não_Deson!J54 -> 0.2 | K54: =Cronograma_Não_Deson!K54 -> 0.1 | L54: =Cronograma_Não_Deson!L54 -> 0 | M54: =Cronograma_Não_Deson!M54 -> 0 | ... P54: =Cronograma_Não_Deson!P54 -> 0 | Q54: =+Cronograma_Não_Deson!Q54 -> 0 | R54: =+Cronograma_Não_Deson!R54 -> 0 | S54: =+Cronograma_Não_Deson!S54 -> 0 | T54: =+Cronograma_Não_Deson!T54 -> 0 | U54: =+Cronograma_Não_Deson!U54 -> 0 | V54: =+Cronograma_Não_Deson!V54 -> 0 | W54: =+Cronograma_Não_Deson!W54 -> 0 | X54: =SUM(F54:W54) -> 1 | Y54: =1-X54 -> 0 | AA54: =+COUNT(F54:W54) -> 18
C55: =Orçamento_Deson!N24 -> 1 | D55: CONCEDENTE | E55: =D$88 -> 1 | F55: =IF($D54=0,0,IF(F54=0,0,($E55*$D54*F54)+$AA$92)) -> 19191.891 | G55: =IF($D54=0,0,IF(G54=0,0,($E55*$D54*G54)+$AA$92)) -> 38383.782 | H55: =IF($D54=0,0,IF(H54=0,0,($E55*$D54*H54)+$AA$92)) -> 38383.782 | I55: =IF($D54=0,0,IF(I54=0,0,($E55*$D54*I54)+$AA$92)) -> 38383.782 | J55: =IF($D54=0,0,IF(J54=0,0,($E55*$D54*J54)+$AA$92)) -> 38383.782 | K55: =IF($D54=0,0,IF(K54=0,0,($E55*$D54*K54)+$AA$92)) -> 19191.891 | L55: =IF($D54=0,0,IF(L54=0,0,($E55*$D54*L54)+$AA$92)) -> 0 | M55: =IF($D54=0,0,IF(M54=0,0,($E55*$D54*M54)+$AA$92)) -> 0 | ... W55: =IF($D54=0,0,IF(W54=0,0,($E55*$D54*W54)+$AA$92)) -> 0 | X55: =SUM(F55:W55) -> 191918.91 | Y55: =TRUNC(X55-D54*E55,2) -> 0 | Z55: =+X55/D54 -> 1
D56: PROPONENTE | E56: =1-E55 -> 0 | F56: =($D54*F54-F55) -> 0 | G56: =($D54*G54-G55) -> 0 | H56: =($D54*H54-H55) -> 0 | I56: =($D54*I54-I55) -> 0 | J56: =($D54*J54-J55) -> 0 | K56: =($D54*K54-K55) -> 0 | L56: =($D54*L54-L55) -> 0 | M56: =($D54*M54-M55) -> 0 | ... W56: =($D54*W54-W55) -> 0 | X56: =SUM(F56:W56) -> 0 | Y56: =+D54-X55-X56 -> 0
A57: =Orçamento_Deson!B25 -> 8 | B57: =Orçamento_Deson!C25 -> IMPLANTAÇÃO ASFÁLTICA - PAVIMENTAÇÃO | F57: =F58 -> 0.1 | G57: =G58 -> 0.2 | H57: =H58 -> 0.2 | I57: =I58 -> 0.2 | J57: =J58 -> 0.2 | K57: =K58 -> 0.1 | L57: =L58 -> 0 | M57: =M58 -> 0 | ... W57: =W58 -> 0 | Y57: =+D58-X59-X60 -> 0
C58: =CONCATENATE(Orçamento_Deson!H25," ",Orçamento_Deson!I25) -> 12682,57 M2 | D58: =Orçamento_Deson!J25 -> 1887485.7 | F58: =Cronograma_Não_Deson!F58 -> 0.1 | G58: =Cronograma_Não_Deson!G58 -> 0.2 | H58: =Cronograma_Não_Deson!H58 -> 0.2 | I58: =Cronograma_Não_Deson!I58 -> 0.2 | J58: =Cronograma_Não_Deson!J58 -> 0.2 | K58: =Cronograma_Não_Deson!K58 -> 0.1 | L58: =Cronograma_Não_Deson!L58 -> 0 | M58: =Cronograma_Não_Deson!M58 -> 0 | ... P58: =Cronograma_Não_Deson!P58 -> 0 | Q58: =+Cronograma_Não_Deson!Q58 -> 0 | R58: =+Cronograma_Não_Deson!R58 -> 0 | S58: =+Cronograma_Não_Deson!S58 -> 0 | T58: =+Cronograma_Não_Deson!T58 -> 0 | U58: =+Cronograma_Não_Deson!U58 -> 0 | V58: =+Cronograma_Não_Deson!V58 -> 0 | W58: =+Cronograma_Não_Deson!W58 -> 0 | X58: =SUM(F58:W58) -> 1 | Y58: =1-X58 -> 0 | AA58: =+COUNT(F58:W58) -> 18
C59: =Orçamento_Deson!N25 -> 0 | D59: CONCEDENTE | E59: =D$88 -> 1 | F59: =IF($D58=0,0,IF(F58=0,0,($E59*$D58*F58)+$AA$92)) -> 188748.57 | G59: =IF($D58=0,0,IF(G58=0,0,($E59*$D58*G58)+$AA$92)) -> 377497.14 | H59: =IF($D58=0,0,IF(H58=0,0,($E59*$D58*H58)+$AA$92)) -> 377497.14 | I59: =IF($D58=0,0,IF(I58=0,0,($E59*$D58*I58)+$AA$92)) -> 377497.14 | J59: =IF($D58=0,0,IF(J58=0,0,($E59*$D58*J58)+$AA$92)) -> 377497.14 | K59: =IF($D58=0,0,IF(K58=0,0,($E59*$D58*K58)+$AA$92)) -> 188748.57 | L59: =IF($D58=0,0,IF(L58=0,0,($E59*$D58*L58)+$AA$92)) -> 0 | M59: =IF($D58=0,0,IF(M58=0,0,($E59*$D58*M58)+$AA$92)) -> 0 | ... W59: =IF($D58=0,0,IF(W58=0,0,($E59*$D58*W58)+$AA$92)) -> 0 | X59: =SUM(F59:W59) -> 1887485.7 | Y59: =+X59-D58*E59 -> 0 | Z59: =+X59/D58 -> 1
C60: 15000 | D60: PROPONENTE | E60: =1-E59 -> 0 | F60: =($D58*F58-F59) -> 0 | G60: =($D58*G58-G59) -> 0 | H60: =($D58*H58-H59) -> 0 | I60: =($D58*I58-I59) -> 0 | J60: =($D58*J58-J59) -> 0 | K60: =($D58*K58-K59) -> 0 | L60: =($D58*L58-L59) -> 0 | M60: =($D58*M58-M59) -> 0 | ... W60: =($D58*W58-W59) -> 0 | X60: =SUM(F60:W60) -> 0 | Y60: =+X60-E60*D58 -> 0
A61: =Orçamento_Deson!B26 -> 9 | B61: =Orçamento_Deson!C26 -> SERVIÇOS COMPLEMENTARES | F61: =F62 -> 0 | G61: =G62 -> 0.2 | H61: =H62 -> 0.2 | I61: =I62 -> 0.2 | J61: =J62 -> 0.2 | K61: =K62 -> 0.2 | L61: =L62 -> 0 | M61: =M62 -> 0 | ... W61: =W62 -> 0 | Y61: =+D62-X63-X64 -> 0
C62: =CONCATENATE(Orçamento_Deson!H26," ",Orçamento_Deson!I26) -> 3392,16 M | D62: =Orçamento_Deson!J26 -> 259930.97 | F62: =Cronograma_Não_Deson!F62 -> 0 | G62: =Cronograma_Não_Deson!G62 -> 0.2 | H62: =Cronograma_Não_Deson!H62 -> 0.2 | I62: =Cronograma_Não_Deson!I62 -> 0.2 | J62: =Cronograma_Não_Deson!J62 -> 0.2 | K62: =Cronograma_Não_Deson!K62 -> 0.2 | L62: =Cronograma_Não_Deson!L62 -> 0 | M62: =Cronograma_Não_Deson!M62 -> 0 | ... P62: =Cronograma_Não_Deson!P62 -> 0 | Q62: =+Cronograma_Não_Deson!Q62 -> 0 | R62: =+Cronograma_Não_Deson!R62 -> 0 | S62: =+Cronograma_Não_Deson!S62 -> 0 | T62: =+Cronograma_Não_Deson!T62 -> 0 | U62: =+Cronograma_Não_Deson!U62 -> 0 | V62: =+Cronograma_Não_Deson!V62 -> 0 | W62: =+Cronograma_Não_Deson!W62 -> 0 | X62: =SUM(F62:W62) -> 1 | Y62: =1-X62 -> 0 | AA62: =+COUNT(F62:W62) -> 18
